Workbook
Name County: 'Income Limits'!$B$3:$B$3676
Name County_State: 'Rent Roll Worksheet'!$M$7
Name Date: 'Start Here'!$B$5
Name Effective_Date: 'USDA Income Limits'!$C$3:$C$30
Name Effective_Date_Year: 'USDA Income Limits'!$B$3:$B$30
Name Income: 'County USDA Limits'!$F$1
Name Income_Limits_2021: 'USDA Income Limits'!$F$3:$I$365
Name Income_Limits_2022: 'USDA Income Limits'!$J$3:$M$365
Name Income_Limits_2023: 'USDA Income Limits'!$N$3:$Q$365
Name Income_Limits_2024: 'USDA Income Limits'!$R$3:$U$366
Name Income_Limits_2025: 'USDA Income Limits'!$V$3:$Y$366
Name Income_Limits_2026: 'USDA Income Limits'!$Z$3:$AC$366
Name OccupiedList: 'Rent Roll Worksheet'!$U$8:$U$8
Name USDA_2021_4P: 'County USDA Limits'!$C$5:$C$9
Name USDA_2021_5P: 'County USDA Limits'!$D$5:$D$9
Name USDA_2022_4P: 'County USDA Limits'!$C$10:$C$14
Name USDA_2022_5P: 'County USDA Limits'!$D$10:$D$14
Name USDA_2023_4P: 'County USDA Limits'!$C$15:$C$19
Name USDA_2023_5P: 'County USDA Limits'!$D$15:$D$19
Name USDA_2024_4P: 'County USDA Limits'!$C$20:$C$24
Name USDA_2024_5P: 'County USDA Limits'!$D$20:$D$24
Name USDA_2025_4P: 'County USDA Limits'!$C$25:$C$29
Name USDA_2025_5P: 'County USDA Limits'!$D$25:$D$29
Name USDA_2026_4P: 'County USDA Limits'!$C$30:$C$34
Name USDA_2026_5P: 'County USDA Limits'!$D$30:$D$34
Name USDA_Buckets: 'County USDA Limits'!$B$5:$B$9
Name USDA_Counties: 'USDA Income Limits'!$E$3:$E$366
Name USDA_Limits_2023: 'USDA Income Limits'!$N$3:$Q$366
Name Year: 'Income Limits'!$C$2:$AG$2

Sheet Start Here
A1: FHLBank Topeka -- Affordable Housing Program
A2: Rent Roll Worksheet/Rental Project Worksheet
A3: Effective Date: 10/01/2026
A4: =IF(OR(B6="",B7="",B8="",C16=0),"All information on this page must be completed before moving on.","") -> All information on this page must be completed before moving on.
A5: Date: | E5: All information on this tab must be completed for the remaining tabs to unlock. Only one tab will be required to be filled out based on occupancy - Rent Roll Worksheet or Rental Project Worksheet. The required tab will be indicated below the Targeting once this tab is completed. For Occupied Projects, the Date entered should be the "As Of" date of the report you are using to fill out the Rent Roll tab. Unoccuiped projects should use today's date. "Is the Project Occupied?" should be answered Yes if the project meets any of the following criteria: -The project is remaining occupied throughout construction -This document is being submitted with the Project Completion Report Please complete the Project Targeting section with the targeting from the AHP Application/Agreement or the most recent modification.
A6: Project Name:
A7: Project County:
A8: Is the Project Occupied?
B10: Project Targeting
B11: 50% AMI or Below
B12: Of those 50% and Below, how many are targeted at 30% AMI or Below (Extremely Low Income)
B13: 50 - 60% AMI
B14: 60 - 80% AMI
B15: Market Rate (Unrestricted Rent & Income)
B16: Total Number of Units | C16: =SUM(C13:C15)+C11 -> 0
A17: =IF(A4<>"","",IF(B8="No", "Please continue to the Rental Project Worksheet","Please continue to the Rent Roll Worksheet"))

Sheet Rent Roll Worksheet
A1: -Leave 'Type of Unit' (col. C) blank, or select a dropdown option if unit is currently 'Vacant', 'Manager Unit', or 'Market Rate'. -The '# of Bedrooms' (col. E) is limited to 1, 2, 3, 4, or SRO for 'Single Resident Occupancy' AKA efficiency unit. If counting beds as units, select 'SRO' -'Tenant Portion Monthly Rent' (col. M) is ONLY the tenant's portion - do not include utilities/subsidized rent amounts. - For additional help, hover over any column heading - there are further instructions - All blue cell entries must match move-in/recertification documentation. Ex: Lease, TIC, Income Docs, and/or Intake Form -DO NOT cut and paste data
Q3: Total Rent/Month | T3: =SUM(O15:O58)+SUM(O66:O121)+SUM(O129:O184)+SUM(O192:O245) -> 0
Q4: Total Rent/Year | T4: =T3*12 -> 0
Q5: Total Affordable Unit Rent/Year | T5: =T4-T6 -> 0
Q6: Total Market Rate Rent/Year | T6: =SUMIF(M15:M245,"Market Rate", O15:O245)*12 -> 0
M7: ='Start Here'!B7 -> 0 | Q7: Total Rent/Year if Fully Occupied | T7: =IFERROR((T5/SUM(R16:R19))*SUM(R15:R19)+T6, 0) -> 0 | V7: Vacant | W7: Vacant
V8: Market Rate
A9: No. | B9: Head of Household Name | C9: Type of Unit | D9: Unit # | E9: # of Bedrooms | F9: Income Cert Date Move In or Recertification | G9: Income Cert Year | H9: 50% AMI | I9: Household Size | J9: Annual Income as of Certification Date | K9: HUD 100% AMI for HH Size | L9: HUD AMI Category (If prior to 2021) | M9: % AMI at Move In | N9: Tenant Portion Monthly Rent | O9: Total Monthly Rent | Q9: TIW Targeting | T9: Agreement or Modification Targeting
Q11: % of AMI Income Level | R11: # of Units | S11: % of Units | T11: # of Units
A13: Ex. | B13: John Smith | D13: A-5 | E13: 1 | F13: 41379 | G13: =TEXT(F13,"yyyy") -> 2013 | H13: 21250 | I13: 3 | J13: 16650 | K13: =IF(I13=1,H13*0.7,IF(I13=2,H13*0.8,IF(I13=3,H13*0.9,IF(I13=4,H13,IF(I13=5,H13*1.08,IF(I13=6,H13*1.16,IF(I13=7,H13*1.24,H13*1.32)))))))*2 -> 38250 | M13: =J13/K13 -> 0.43529412 | N13: 425 | O13: 600
A14: Ex. | B14: =IF(C14="Vacant",C14,IF(C14="Manager",C14,IF(C14="Market Rate",C14,"Enter Tenant Name"))) -> Vacant | C14: Vacant | D14: A-6 | E14: 1 | G14: =IF(C14<>"",C14,IF(F14="","",TEXT(F14,"yyyy"))) -> Vacant | H14: =INDEX('Income Limits'!$C$3:$AD$363,MATCH('Rent Roll Worksheet'!$M$7,County,0),MATCH(G14,Year,1)) -> #N/A | K14: =IF(C14="Vacant","",IF(C14="Manager","",IF(C14="Market Rate","",IF(I14=1,H14*0.7,IF(I14=2,H14*0.8,IF(I14=3,H14*0.9,IF(I14=4,H14,IF(I14=5,H14*1.08,IF(I14=6,H14*1.16,IF(I14=7,H14*1.24,H14*1.32)))))))*2))) | M14: =IF(C14="Vacant","Vacant",IF(C14="Manager","Manager",IF(C14="Market Rate","Market Rate",J14/K14))) -> Vacant | N14: 0 | O14: 0
A15: 1 | B15: =IF(C15="Vacant",C15,IF(C15="Manager",C15,IF(C15="Market Rate",C15,"Enter Tenant Name"))) -> Enter Tenant Name | G15: {=IF(C15<>"",C15,IF(F15="","",IF(YEAR(F15)<2021,TEXT(F15,"yyyy"),INDEX(Effective_Date_Year, MATCH(MAX(IF(Effective_Date<=F15, Effective_Date)), Effective_Date, 0), 1))))} | H15: =INDEX('Income Limits'!$C$3:$AH$372,MATCH('Rent Roll Worksheet'!$M$7,County,0),MATCH(G15,Year,1)) -> #N/A | K15: =IF(C15="Vacant","",IF(C15="Manager","",IF(C15="Market Rate","",IF(I15=1,H15*0.7,IF(I15=2,H15*0.8,IF(I15=3,H15*0.9,IF(I15=4,H15,IF(I15=5,H15*1.08,IF(I15=6,H15*1.16,IF(I15=7,H15*1.24,H15*1.32)))))))*2))) -> #N/A | L15: =IF(YEAR(F15)<2021, IF(J15/K15<=0.3, $Q$16, IF(J15/K15<=0.5, $Q$17, IF(J15/K15<=0.6, $Q$18, IF(J15/K15<=0.8, $Q$19, $Q$20)))), "") -> #N/A | M15: {=IF(C15="Vacant","Vacant",IF(C15="Manager","Manager",IF(C15="Market Rate","Market Rate",IF(L15<> "", L15, IF(I15<=4, INDEX(USDA_Buckets, MATCH(MIN(IF(INDIRECT("USDA_" & G15 & "_4P")>=J15, INDIRECT("USDA_" & G15 & "_4P"))), INDIRECT("USDA_" & G15 & "_4P"), 0), 1), INDEX(USDA_Buckets, MATCH(MIN(IF(INDIRECT("USDA_" & G15 & "_5P")>=J15, INDIRECT("USDA_" & G15 & "_5P"))), INDIRECT("USDA_" & G15 & "_5P"), 0), 1))))))} -> #N/A | Q15: Vacant | R15: =COUNTIF(C$15:C$245,"=Vacant") -> 0 | S15: =R15/$R$21 -> #DIV/0!
A16: 2 | B16: =IF(C16="Vacant",C16,IF(C16="Manager",C16,IF(C16="Market Rate",C16,"Enter Tenant Name"))) -> Enter Tenant Name | G16: {=IF(C16<>"",C16,IF(F16="","",IF(YEAR(F16)<2021,TEXT(F16,"yyyy"),INDEX(Effective_Date_Year, MATCH(MAX(IF(Effective_Date<=F16, Effective_Date)), Effective_Date, 0), 1))))} | H16: =INDEX('Income Limits'!$C$3:$AH$372,MATCH('Rent Roll Worksheet'!$M$7,County,0),MATCH(G16,Year,1)) -> #N/A | K16: =IF(C16="Vacant","",IF(C16="Manager","",IF(C16="Market Rate","",IF(I16=1,H16*0.7,IF(I16=2,H16*0.8,IF(I16=3,H16*0.9,IF(I16=4,H16,IF(I16=5,H16*1.08,IF(I16=6,H16*1.16,IF(I16=7,H16*1.24,H16*1.32)))))))*2))) -> #N/A | L16: =IF(YEAR(F16)<2021, IF(J16/K16<=0.3, $Q$16, IF(J16/K16<=0.5, $Q$17, IF(J16/K16<=0.6, $Q$18, IF(J16/K16<=0.8, $Q$19, $Q$20)))), "") -> #N/A | M16: {=IF(C16="Vacant","Vacant",IF(C16="Manager","Manager",IF(C16="Market Rate","Market Rate",IF(L16<> "", L16, IF(I16<=4, INDEX(USDA_Buckets, MATCH(MIN(IF(INDIRECT("USDA_" & G16 & "_4P")>=J16, INDIRECT("USDA_" & G16 & "_4P"))), INDIRECT("USDA_" & G16 & "_4P"), 0), 1), INDEX(USDA_Buckets, MATCH(MIN(IF(INDIRECT("USDA_" & G16 & "_5P")>=J16, INDIRECT("USDA_" & G16 & "_5P"))), INDIRECT("USDA_" & G16 & "_5P"), 0), 1))))))} -> #N/A | Q16: ≤30% | R16: =COUNTIF(M$15:M$245, "="&Q16) -> 0 | S16: =R16/$R$21 -> #DIV/0! | T16: ='Start Here'!C12 -> 0
A17: 3 | B17: =IF(C17="Vacant",C17,IF(C17="Manager",C17,IF(C17="Market Rate",C17,"Enter Tenant Name"))) -> Enter Tenant Name | G17: {=IF(C17<>"",C17,IF(F17="","",IF(YEAR(F17)<2021,TEXT(F17,"yyyy"),INDEX(Effective_Date_Year, MATCH(MAX(IF(Effective_Date<=F17, Effective_Date)), Effective_Date, 0), 1))))} | H17: =INDEX('Income Limits'!$C$3:$AH$372,MATCH('Rent Roll Worksheet'!$M$7,County,0),MATCH(G17,Year,1)) -> #N/A | K17: =IF(C17="Vacant","",IF(C17="Manager","",IF(C17="Market Rate","",IF(I17=1,H17*0.7,IF(I17=2,H17*0.8,IF(I17=3,H17*0.9,IF(I17=4,H17,IF(I17=5,H17*1.08,IF(I17=6,H17*1.16,IF(I17=7,H17*1.24,H17*1.32)))))))*2))) -> #N/A | L17: =IF(YEAR(F17)<2021, IF(J17/K17<=0.3, $Q$16, IF(J17/K17<=0.5, $Q$17, IF(J17/K17<=0.6, $Q$18, IF(J17/K17<=0.8, $Q$19, $Q$20)))), "") -> #N/A | M17: {=IF(C17="Vacant","Vacant",IF(C17="Manager","Manager",IF(C17="Market Rate","Market Rate",IF(L17<> "", L17, IF(I17<=4, INDEX(USDA_Buckets, MATCH(MIN(IF(INDIRECT("USDA_" & G17 & "_4P")>=J17, INDIRECT("USDA_" & G17 & "_4P"))), INDIRECT("USDA_" & G17 & "_4P"), 0), 1), INDEX(USDA_Buckets, MATCH(MIN(IF(INDIRECT("USDA_" & G17 & "_5P")>=J17, INDIRECT("USDA_" & G17 & "_5P"))), INDIRECT("USDA_" & G17 & "_5P"), 0), 1))))))} -> #N/A | Q17: >30% and ≤50% | R17: =COUNTIF(M$15:M$245, "="&Q17) -> 0 | S17: =R17/$R$21 -> #DIV/0! | T17: ='Start Here'!C11-'Start Here'!C12 -> 0
A18: 4 | B18: =IF(C18="Vacant",C18,IF(C18="Manager",C18,IF(C18="Market Rate",C18,"Enter Tenant Name"))) -> Enter Tenant Name | G18: {=IF(C18<>"",C18,IF(F18="","",IF(YEAR(F18)<2021,TEXT(F18,"yyyy"),INDEX(Effective_Date_Year, MATCH(MAX(IF(Effective_Date<=F18, Effective_Date)), Effective_Date, 0), 1))))} | H18: =INDEX('Income Limits'!$C$3:$AH$372,MATCH('Rent Roll Worksheet'!$M$7,County,0),MATCH(G18,Year,1)) -> #N/A | K18: =IF(C18="Vacant","",IF(C18="Manager","",IF(C18="Market Rate","",IF(I18=1,H18*0.7,IF(I18=2,H18*0.8,IF(I18=3,H18*0.9,IF(I18=4,H18,IF(I18=5,H18*1.08,IF(I18=6,H18*1.16,IF(I18=7,H18*1.24,H18*1.32)))))))*2))) -> #N/A | L18: =IF(YEAR(F18)<2021, IF(J18/K18<=0.3, $Q$16, IF(J18/K18<=0.5, $Q$17, IF(J18/K18<=0.6, $Q$18, IF(J18/K18<=0.8, $Q$19, $Q$20)))), "") -> #N/A | M18: {=IF(C18="Vacant","Vacant",IF(C18="Manager","Manager",IF(C18="Market Rate","Market Rate",IF(L18<> "", L18, IF(I18<=4, INDEX(USDA_Buckets, MATCH(MIN(IF(INDIRECT("USDA_" & G18 & "_4P")>=J18, INDIRECT("USDA_" & G18 & "_4P"))), INDIRECT("USDA_" & G18 & "_4P"), 0), 1), INDEX(USDA_Buckets, MATCH(MIN(IF(INDIRECT("USDA_" & G18 & "_5P")>=J18, INDIRECT("USDA_" & G18 & "_5P"))), INDIRECT("USDA_" & G18 & "_5P"), 0), 1))))))} -> #N/A | Q18: >50% and ≤60% | R18: =COUNTIF(M$15:M$245, "="&Q18) -> 0 | S18: =R18/$R$21 -> #DIV/0! | T18: ='Start Here'!C13 -> 0
A19: 5 | B19: =IF(C19="Vacant",C19,IF(C19="Manager",C19,IF(C19="Market Rate",C19,"Enter Tenant Name"))) -> Enter Tenant Name | G19: {=IF(C19<>"",C19,IF(F19="","",IF(YEAR(F19)<2021,TEXT(F19,"yyyy"),INDEX(Effective_Date_Year, MATCH(MAX(IF(Effective_Date<=F19, Effective_Date)), Effective_Date, 0), 1))))} | H19: =INDEX('Income Limits'!$C$3:$AH$372,MATCH('Rent Roll Worksheet'!$M$7,County,0),MATCH(G19,Year,1)) -> #N/A | K19: =IF(C19="Vacant","",IF(C19="Manager","",IF(C19="Market Rate","",IF(I19=1,H19*0.7,IF(I19=2,H19*0.8,IF(I19=3,H19*0.9,IF(I19=4,H19,IF(I19=5,H19*1.08,IF(I19=6,H19*1.16,IF(I19=7,H19*1.24,H19*1.32)))))))*2))) -> #N/A | L19: =IF(YEAR(F19)<2021, IF(J19/K19<=0.3, $Q$16, IF(J19/K19<=0.5, $Q$17, IF(J19/K19<=0.6, $Q$18, IF(J19/K19<=0.8, $Q$19, $Q$20)))), "") -> #N/A | M19: {=IF(C19="Vacant","Vacant",IF(C19="Manager","Manager",IF(C19="Market Rate","Market Rate",IF(L19<> "", L19, IF(I19<=4, INDEX(USDA_Buckets, MATCH(MIN(IF(INDIRECT("USDA_" & G19 & "_4P")>=J19, INDIRECT("USDA_" & G19 & "_4P"))), INDIRECT("USDA_" & G19 & "_4P"), 0), 1), INDEX(USDA_Buckets, MATCH(MIN(IF(INDIRECT("USDA_" & G19 & "_5P")>=J19, INDIRECT("USDA_" & G19 & "_5P"))), INDIRECT("USDA_" & G19 & "_5P"), 0), 1))))))} -> #N/A | Q19: >60% and ≤80% | R19: =COUNTIF(M$15:M$245, "="&Q19) -> 0 | S19: =R19/$R$21 -> #DIV/0! | T19: ='Start Here'!C14 -> 0
A20: 6 | B20: =IF(C20="Vacant",C20,IF(C20="Manager",C20,IF(C20="Market Rate",C20,"Enter Tenant Name"))) -> Enter Tenant Name | G20: {=IF(C20<>"",C20,IF(F20="","",IF(YEAR(F20)<2021,TEXT(F20,"yyyy"),INDEX(Effective_Date_Year, MATCH(MAX(IF(Effective_Date<=F20, Effective_Date)), Effective_Date, 0), 1))))} | H20: =INDEX('Income Limits'!$C$3:$AH$372,MATCH('Rent Roll Worksheet'!$M$7,County,0),MATCH(G20,Year,1)) -> #N/A | K20: =IF(C20="Vacant","",IF(C20="Manager","",IF(C20="Market Rate","",IF(I20=1,H20*0.7,IF(I20=2,H20*0.8,IF(I20=3,H20*0.9,IF(I20=4,H20,IF(I20=5,H20*1.08,IF(I20=6,H20*1.16,IF(I20=7,H20*1.24,H20*1.32)))))))*2))) -> #N/A | L20: =IF(YEAR(F20)<2021, IF(J20/K20<=0.3, $Q$16, IF(J20/K20<=0.5, $Q$17, IF(J20/K20<=0.6, $Q$18, IF(J20/K20<=0.8, $Q$19, $Q$20)))), "") -> #N/A | M20: {=IF(C20="Vacant","Vacant",IF(C20="Manager","Manager",IF(C20="Market Rate","Market Rate",IF(L20<> "", L20, IF(I20<=4, INDEX(USDA_Buckets, MATCH(MIN(IF(INDIRECT("USDA_" & G20 & "_4P")>=J20, INDIRECT("USDA_" & G20 & "_4P"))), INDIRECT("USDA_" & G20 & "_4P"), 0), 1), INDEX(USDA_Buckets, MATCH(MIN(IF(INDIRECT("USDA_" & G20 & "_5P")>=J20, INDIRECT("USDA_" & G20 & "_5P"))), INDIRECT("USDA_" & G20 & "_5P"), 0), 1))))))} -> #N/A | Q20: Market Rate | R20: =COUNTIF(M$15:M$245, "=Market Rate") -> 0 | S20: =R20/$R$21 -> #DIV/0! | T20: ='Start Here'!C15 -> 0
A21: 7 | B21: =IF(C21="Vacant",C21,IF(C21="Manager",C21,IF(C21="Market Rate",C21,"Enter Tenant Name"))) -> Enter Tenant Name | G21: {=IF(C21<>"",C21,IF(F21="","",IF(YEAR(F21)<2021,TEXT(F21,"yyyy"),INDEX(Effective_Date_Year, MATCH(MAX(IF(Effective_Date<=F21, Effective_Date)), Effective_Date, 0), 1))))} | H21: =INDEX('Income Limits'!$C$3:$AH$372,MATCH('Rent Roll Worksheet'!$M$7,County,0),MATCH(G21,Year,1)) -> #N/A | K21: =IF(C21="Vacant","",IF(C21="Manager","",IF(C21="Market Rate","",IF(I21=1,H21*0.7,IF(I21=2,H21*0.8,IF(I21=3,H21*0.9,IF(I21=4,H21,IF(I21=5,H21*1.08,IF(I21=6,H21*1.16,IF(I21=7,H21*1.24,H21*1.32)))))))*2))) -> #N/A | L21: =IF(YEAR(F21)<2021, IF(J21/K21<=0.3, $Q$16, IF(J21/K21<=0.5, $Q$17, IF(J21/K21<=0.6, $Q$18, IF(J21/K21<=0.8, $Q$19, $Q$20)))), "") -> #N/A | M21: {=IF(C21="Vacant","Vacant",IF(C21="Manager","Manager",IF(C21="Market Rate","Market Rate",IF(L21<> "", L21, IF(I21<=4, INDEX(USDA_Buckets, MATCH(MIN(IF(INDIRECT("USDA_" & G21 & "_4P")>=J21, INDIRECT("USDA_" & G21 & "_4P"))), INDIRECT("USDA_" & G21 & "_4P"), 0), 1), INDEX(USDA_Buckets, MATCH(MIN(IF(INDIRECT("USDA_" & G21 & "_5P")>=J21, INDIRECT("USDA_" & G21 & "_5P"))), INDIRECT("USDA_" & G21 & "_5P"), 0), 1))))))} -> #N/A | Q21: TOTAL | R21: =SUM(R15:R20) -> 0 | S21: =SUM(S15:S20) -> #DIV/0! | T21: =SUM(T15:U20) -> 0
A22: 8 | B22: =IF(C22="Vacant",C22,IF(C22="Manager",C22,IF(C22="Market Rate",C22,"Enter Tenant Name"))) -> Enter Tenant Name | G22: {=IF(C22<>"",C22,IF(F22="","",IF(YEAR(F22)<2021,TEXT(F22,"yyyy"),INDEX(Effective_Date_Year, MATCH(MAX(IF(Effective_Date<=F22, Effective_Date)), Effective_Date, 0), 1))))} | H22: =INDEX('Income Limits'!$C$3:$AH$372,MATCH('Rent Roll Worksheet'!$M$7,County,0),MATCH(G22,Year,1)) -> #N/A | K22: =IF(C22="Vacant","",IF(C22="Manager","",IF(C22="Market Rate","",IF(I22=1,H22*0.7,IF(I22=2,H22*0.8,IF(I22=3,H22*0.9,IF(I22=4,H22,IF(I22=5,H22*1.08,IF(I22=6,H22*1.16,IF(I22=7,H22*1.24,H22*1.32)))))))*2))) -> #N/A | L22: =IF(YEAR(F22)<2021, IF(J22/K22<=0.3, $Q$16, IF(J22/K22<=0.5, $Q$17, IF(J22/K22<=0.6, $Q$18, IF(J22/K22<=0.8, $Q$19, $Q$20)))), "") -> #N/A | M22: {=IF(C22="Vacant","Vacant",IF(C22="Manager","Manager",IF(C22="Market Rate","Market Rate",IF(L22<> "", L22, IF(I22<=4, INDEX(USDA_Buckets, MATCH(MIN(IF(INDIRECT("USDA_" & G22 & "_4P")>=J22, INDIRECT("USDA_" & G22 & "_4P"))), INDIRECT("USDA_" & G22 & "_4P"), 0), 1), INDEX(USDA_Buckets, MATCH(MIN(IF(INDIRECT("USDA_" & G22 & "_5P")>=J22, INDIRECT("USDA_" & G22 & "_5P"))), INDIRECT("USDA_" & G22 & "_5P"), 0), 1))))))} -> #N/A
A23: 9 | B23: =IF(C23="Vacant",C23,IF(C23="Manager",C23,IF(C23="Market Rate",C23,"Enter Tenant Name"))) -> Enter Tenant Name | G23: {=IF(C23<>"",C23,IF(F23="","",IF(YEAR(F23)<2021,TEXT(F23,"yyyy"),INDEX(Effective_Date_Year, MATCH(MAX(IF(Effective_Date<=F23, Effective_Date)), Effective_Date, 0), 1))))} | H23: =INDEX('Income Limits'!$C$3:$AH$372,MATCH('Rent Roll Worksheet'!$M$7,County,0),MATCH(G23,Year,1)) -> #N/A | K23: =IF(C23="Vacant","",IF(C23="Manager","",IF(C23="Market Rate","",IF(I23=1,H23*0.7,IF(I23=2,H23*0.8,IF(I23=3,H23*0.9,IF(I23=4,H23,IF(I23=5,H23*1.08,IF(I23=6,H23*1.16,IF(I23=7,H23*1.24,H23*1.32)))))))*2))) -> #N/A | L23: =IF(YEAR(F23)<2021, IF(J23/K23<=0.3, $Q$16, IF(J23/K23<=0.5, $Q$17, IF(J23/K23<=0.6, $Q$18, IF(J23/K23<=0.8, $Q$19, $Q$20)))), "") -> #N/A | M23: {=IF(C23="Vacant","Vacant",IF(C23="Manager","Manager",IF(C23="Market Rate","Market Rate",IF(L23<> "", L23, IF(I23<=4, INDEX(USDA_Buckets, MATCH(MIN(IF(INDIRECT("USDA_" & G23 & "_4P")>=J23, INDIRECT("USDA_" & G23 & "_4P"))), INDIRECT("USDA_" & G23 & "_4P"), 0), 1), INDEX(USDA_Buckets, MATCH(MIN(IF(INDIRECT("USDA_" & G23 & "_5P")>=J23, INDIRECT("USDA_" & G23 & "_5P"))), INDIRECT("USDA_" & G23 & "_5P"), 0), 1))))))} -> #N/A | Q23: AHP Affordability
A24: 10 | B24: =IF(C24="Vacant",C24,IF(C24="Manager",C24,IF(C24="Market Rate",C24,"Enter Tenant Name"))) -> Enter Tenant Name | G24: {=IF(C24<>"",C24,IF(F24="","",IF(YEAR(F24)<2021,TEXT(F24,"yyyy"),INDEX(Effective_Date_Year, MATCH(MAX(IF(Effective_Date<=F24, Effective_Date)), Effective_Date, 0), 1))))} | H24: =INDEX('Income Limits'!$C$3:$AH$372,MATCH('Rent Roll Worksheet'!$M$7,County,0),MATCH(G24,Year,1)) -> #N/A | K24: =IF(C24="Vacant","",IF(C24="Manager","",IF(C24="Market Rate","",IF(I24=1,H24*0.7,IF(I24=2,H24*0.8,IF(I24=3,H24*0.9,IF(I24=4,H24,IF(I24=5,H24*1.08,IF(I24=6,H24*1.16,IF(I24=7,H24*1.24,H24*1.32)))))))*2))) -> #N/A | L24: =IF(YEAR(F24)<2021, IF(J24/K24<=0.3, $Q$16, IF(J24/K24<=0.5, $Q$17, IF(J24/K24<=0.6, $Q$18, IF(J24/K24<=0.8, $Q$19, $Q$20)))), "") -> #N/A | M24: {=IF(C24="Vacant","Vacant",IF(C24="Manager","Manager",IF(C24="Market Rate","Market Rate",IF(L24<> "", L24, IF(I24<=4, INDEX(USDA_Buckets, MATCH(MIN(IF(INDIRECT("USDA_" & G24 & "_4P")>=J24, INDIRECT("USDA_" & G24 & "_4P"))), INDIRECT("USDA_" & G24 & "_4P"), 0), 1), INDEX(USDA_Buckets, MATCH(MIN(IF(INDIRECT("USDA_" & G24 & "_5P")>=J24, INDIRECT("USDA_" & G24 & "_5P"))), INDIRECT("USDA_" & G24 & "_5P"), 0), 1))))))} -> #N/A | Q24: # of Bedrooms | R24: % AMI | S24: Actual Max Rent for BR & AMI | U24: AHP Affordable Rent
A25: 11 | B25: =IF(C25="Vacant",C25,IF(C25="Manager",C25,IF(C25="Market Rate",C25,"Enter Tenant Name"))) -> Enter Tenant Name | G25: {=IF(C25<>"",C25,IF(F25="","",IF(YEAR(F25)<2021,TEXT(F25,"yyyy"),INDEX(Effective_Date_Year, MATCH(MAX(IF(Effective_Date<=F25, Effective_Date)), Effective_Date, 0), 1))))} | H25: =INDEX('Income Limits'!$C$3:$AH$372,MATCH('Rent Roll Worksheet'!$M$7,County,0),MATCH(G25,Year,1)) -> #N/A | K25: =IF(C25="Vacant","",IF(C25="Manager","",IF(C25="Market Rate","",IF(I25=1,H25*0.7,IF(I25=2,H25*0.8,IF(I25=3,H25*0.9,IF(I25=4,H25,IF(I25=5,H25*1.08,IF(I25=6,H25*1.16,IF(I25=7,H25*1.24,H25*1.32)))))))*2))) -> #N/A | L25: =IF(YEAR(F25)<2021, IF(J25/K25<=0.3, $Q$16, IF(J25/K25<=0.5, $Q$17, IF(J25/K25<=0.6, $Q$18, IF(J25/K25<=0.8, $Q$19, $Q$20)))), "") -> #N/A | M25: {=IF(C25="Vacant","Vacant",IF(C25="Manager","Manager",IF(C25="Market Rate","Market Rate",IF(L25<> "", L25, IF(I25<=4, INDEX(USDA_Buckets, MATCH(MIN(IF(INDIRECT("USDA_" & G25 & "_4P")>=J25, INDIRECT("USDA_" & G25 & "_4P"))), INDIRECT("USDA_" & G25 & "_4P"), 0), 1), INDEX(USDA_Buckets, MATCH(MIN(IF(INDIRECT("USDA_" & G25 & "_5P")>=J25, INDIRECT("USDA_" & G25 & "_5P"))), INDIRECT("USDA_" & G25 & "_5P"), 0), 1))))))} -> #N/A
A26: 12 | B26: =IF(C26="Vacant",C26,IF(C26="Manager",C26,IF(C26="Market Rate",C26,"Enter Tenant Name"))) -> Enter Tenant Name | G26: {=IF(C26<>"",C26,IF(F26="","",IF(YEAR(F26)<2021,TEXT(F26,"yyyy"),INDEX(Effective_Date_Year, MATCH(MAX(IF(Effective_Date<=F26, Effective_Date)), Effective_Date, 0), 1))))} | H26: =INDEX('Income Limits'!$C$3:$AH$372,MATCH('Rent Roll Worksheet'!$M$7,County,0),MATCH(G26,Year,1)) -> #N/A | K26: =IF(C26="Vacant","",IF(C26="Manager","",IF(C26="Market Rate","",IF(I26=1,H26*0.7,IF(I26=2,H26*0.8,IF(I26=3,H26*0.9,IF(I26=4,H26,IF(I26=5,H26*1.08,IF(I26=6,H26*1.16,IF(I26=7,H26*1.24,H26*1.32)))))))*2))) -> #N/A | L26: =IF(YEAR(F26)<2021, IF(J26/K26<=0.3, $Q$16, IF(J26/K26<=0.5, $Q$17, IF(J26/K26<=0.6, $Q$18, IF(J26/K26<=0.8, $Q$19, $Q$20)))), "") -> #N/A | M26: {=IF(C26="Vacant","Vacant",IF(C26="Manager","Manager",IF(C26="Market Rate","Market Rate",IF(L26<> "", L26, IF(I26<=4, INDEX(USDA_Buckets, MATCH(MIN(IF(INDIRECT("USDA_" & G26 & "_4P")>=J26, INDIRECT("USDA_" & G26 & "_4P"))), INDIRECT("USDA_" & G26 & "_4P"), 0), 1), INDEX(USDA_Buckets, MATCH(MIN(IF(INDIRECT("USDA_" & G26 & "_5P")>=J26, INDIRECT("USDA_" & G26 & "_5P"))), INDIRECT("USDA_" & G26 & "_5P"), 0), 1))))))} -> #N/A
A27: 13 | B27: =IF(C27="Vacant",C27,IF(C27="Manager",C27,IF(C27="Market Rate",C27,"Enter Tenant Name"))) -> Enter Tenant Name | G27: {=IF(C27<>"",C27,IF(F27="","",IF(YEAR(F27)<2021,TEXT(F27,"yyyy"),INDEX(Effective_Date_Year, MATCH(MAX(IF(Effective_Date<=F27, Effective_Date)), Effective_Date, 0), 1))))} | H27: =INDEX('Income Limits'!$C$3:$AH$372,MATCH('Rent Roll Worksheet'!$M$7,County,0),MATCH(G27,Year,1)) -> #N/A | K27: =IF(C27="Vacant","",IF(C27="Manager","",IF(C27="Market Rate","",IF(I27=1,H27*0.7,IF(I27=2,H27*0.8,IF(I27=3,H27*0.9,IF(I27=4,H27,IF(I27=5,H27*1.08,IF(I27=6,H27*1.16,IF(I27=7,H27*1.24,H27*1.32)))))))*2))) -> #N/A | L27: =IF(YEAR(F27)<2021, IF(J27/K27<=0.3, $Q$16, IF(J27/K27<=0.5, $Q$17, IF(J27/K27<=0.6, $Q$18, IF(J27/K27<=0.8, $Q$19, $Q$20)))), "") -> #N/A | M27: {=IF(C27="Vacant","Vacant",IF(C27="Manager","Manager",IF(C27="Market Rate","Market Rate",IF(L27<> "", L27, IF(I27<=4, INDEX(USDA_Buckets, MATCH(MIN(IF(INDIRECT("USDA_" & G27 & "_4P")>=J27, INDIRECT("USDA_" & G27 & "_4P"))), INDIRECT("USDA_" & G27 & "_4P"), 0), 1), INDEX(USDA_Buckets, MATCH(MIN(IF(INDIRECT("USDA_" & G27 & "_5P")>=J27, INDIRECT("USDA_" & G27 & "_5P"))), INDIRECT("USDA_" & G27 & "_5P"), 0), 1))))))} -> #N/A | Q27: SRO | R27: 0.3 | S27: {=MAX(IF($E$15:$E$245=Q27,IF($M$15:$M$245=Q16,$N$15:$N$245)))} -> 0 | U27: ='Rental Project Worksheet'!E19 -> #VALUE!
A28: 14 | B28: =IF(C28="Vacant",C28,IF(C28="Manager",C28,IF(C28="Market Rate",C28,"Enter Tenant Name"))) -> Enter Tenant Name | G28: {=IF(C28<>"",C28,IF(F28="","",IF(YEAR(F28)<2021,TEXT(F28,"yyyy"),INDEX(Effective_Date_Year, MATCH(MAX(IF(Effective_Date<=F28, Effective_Date)), Effective_Date, 0), 1))))} | H28: =INDEX('Income Limits'!$C$3:$AH$372,MATCH('Rent Roll Worksheet'!$M$7,County,0),MATCH(G28,Year,1)) -> #N/A | K28: =IF(C28="Vacant","",IF(C28="Manager","",IF(C28="Market Rate","",IF(I28=1,H28*0.7,IF(I28=2,H28*0.8,IF(I28=3,H28*0.9,IF(I28=4,H28,IF(I28=5,H28*1.08,IF(I28=6,H28*1.16,IF(I28=7,H28*1.24,H28*1.32)))))))*2))) -> #N/A | L28: =IF(YEAR(F28)<2021, IF(J28/K28<=0.3, $Q$16, IF(J28/K28<=0.5, $Q$17, IF(J28/K28<=0.6, $Q$18, IF(J28/K28<=0.8, $Q$19, $Q$20)))), "") -> #N/A | M28: {=IF(C28="Vacant","Vacant",IF(C28="Manager","Manager",IF(C28="Market Rate","Market Rate",IF(L28<> "", L28, IF(I28<=4, INDEX(USDA_Buckets, MATCH(MIN(IF(INDIRECT("USDA_" & G28 & "_4P")>=J28, INDIRECT("USDA_" & G28 & "_4P"))), INDIRECT("USDA_" & G28 & "_4P"), 0), 1), INDEX(USDA_Buckets, MATCH(MIN(IF(INDIRECT("USDA_" & G28 & "_5P")>=J28, INDIRECT("USDA_" & G28 & "_5P"))), INDIRECT("USDA_" & G28 & "_5P"), 0), 1))))))} -> #N/A | Q28: SRO | R28: 0.5 | S28: {=MAX(IF($E$15:$E$245=Q28, IF($M$15:$M$245=Q17,$N$15:$N$245)))} -> 0 | U28: ='Rental Project Worksheet'!E24 -> #VALUE!
A29: 15 | B29: =IF(C29="Vacant",C29,IF(C29="Manager",C29,IF(C29="Market Rate",C29,"Enter Tenant Name"))) -> Enter Tenant Name | G29: {=IF(C29<>"",C29,IF(F29="","",IF(YEAR(F29)<2021,TEXT(F29,"yyyy"),INDEX(Effective_Date_Year, MATCH(MAX(IF(Effective_Date<=F29, Effective_Date)), Effective_Date, 0), 1))))} | H29: =INDEX('Income Limits'!$C$3:$AH$372,MATCH('Rent Roll Worksheet'!$M$7,County,0),MATCH(G29,Year,1)) -> #N/A | K29: =IF(C29="Vacant","",IF(C29="Manager","",IF(C29="Market Rate","",IF(I29=1,H29*0.7,IF(I29=2,H29*0.8,IF(I29=3,H29*0.9,IF(I29=4,H29,IF(I29=5,H29*1.08,IF(I29=6,H29*1.16,IF(I29=7,H29*1.24,H29*1.32)))))))*2))) -> #N/A | L29: =IF(YEAR(F29)<2021, IF(J29/K29<=0.3, $Q$16, IF(J29/K29<=0.5, $Q$17, IF(J29/K29<=0.6, $Q$18, IF(J29/K29<=0.8, $Q$19, $Q$20)))), "") -> #N/A | M29: {=IF(C29="Vacant","Vacant",IF(C29="Manager","Manager",IF(C29="Market Rate","Market Rate",IF(L29<> "", L29, IF(I29<=4, INDEX(USDA_Buckets, MATCH(MIN(IF(INDIRECT("USDA_" & G29 & "_4P")>=J29, INDIRECT("USDA_" & G29 & "_4P"))), INDIRECT("USDA_" & G29 & "_4P"), 0), 1), INDEX(USDA_Buckets, MATCH(MIN(IF(INDIRECT("USDA_" & G29 & "_5P")>=J29, INDIRECT("USDA_" & G29 & "_5P"))), INDIRECT("USDA_" & G29 & "_5P"), 0), 1))))))} -> #N/A | Q29: SRO | R29: 0.6 | S29: {=MAX(IF($E$15:$E$245=Q29,IF($M$15:$M$245=Q18,$N$15:$N$245)))} -> 0 | U29: ='Rental Project Worksheet'!E29 -> #VALUE!
A30: 16 | B30: =IF(C30="Vacant",C30,IF(C30="Manager",C30,IF(C30="Market Rate",C30,"Enter Tenant Name"))) -> Enter Tenant Name | G30: {=IF(C30<>"",C30,IF(F30="","",IF(YEAR(F30)<2021,TEXT(F30,"yyyy"),INDEX(Effective_Date_Year, MATCH(MAX(IF(Effective_Date<=F30, Effective_Date)), Effective_Date, 0), 1))))} | H30: =INDEX('Income Limits'!$C$3:$AH$372,MATCH('Rent Roll Worksheet'!$M$7,County,0),MATCH(G30,Year,1)) -> #N/A | K30: =IF(C30="Vacant","",IF(C30="Manager","",IF(C30="Market Rate","",IF(I30=1,H30*0.7,IF(I30=2,H30*0.8,IF(I30=3,H30*0.9,IF(I30=4,H30,IF(I30=5,H30*1.08,IF(I30=6,H30*1.16,IF(I30=7,H30*1.24,H30*1.32)))))))*2))) -> #N/A | L30: =IF(YEAR(F30)<2021, IF(J30/K30<=0.3, $Q$16, IF(J30/K30<=0.5, $Q$17, IF(J30/K30<=0.6, $Q$18, IF(J30/K30<=0.8, $Q$19, $Q$20)))), "") -> #N/A | M30: {=IF(C30="Vacant","Vacant",IF(C30="Manager","Manager",IF(C30="Market Rate","Market Rate",IF(L30<> "", L30, IF(I30<=4, INDEX(USDA_Buckets, MATCH(MIN(IF(INDIRECT("USDA_" & G30 & "_4P")>=J30, INDIRECT("USDA_" & G30 & "_4P"))), INDIRECT("USDA_" & G30 & "_4P"), 0), 1), INDEX(USDA_Buckets, MATCH(MIN(IF(INDIRECT("USDA_" & G30 & "_5P")>=J30, INDIRECT("USDA_" & G30 & "_5P"))), INDIRECT("USDA_" & G30 & "_5P"), 0), 1))))))} -> #N/A | Q30: SRO | R30: 0.8 | S30: {=MAX(IF($E$15:$E$245=Q30,IF($M$15:$M$245=Q19,$N$15:$N$245)))} -> 0 | U30: ='Rental Project Worksheet'!E34 -> #VALUE!
A31: 17 | B31: =IF(C31="Vacant",C31,IF(C31="Manager",C31,IF(C31="Market Rate",C31,"Enter Tenant Name"))) -> Enter Tenant Name | G31: {=IF(C31<>"",C31,IF(F31="","",IF(YEAR(F31)<2021,TEXT(F31,"yyyy"),INDEX(Effective_Date_Year, MATCH(MAX(IF(Effective_Date<=F31, Effective_Date)), Effective_Date, 0), 1))))} | H31: =INDEX('Income Limits'!$C$3:$AH$372,MATCH('Rent Roll Worksheet'!$M$7,County,0),MATCH(G31,Year,1)) -> #N/A | K31: =IF(C31="Vacant","",IF(C31="Manager","",IF(C31="Market Rate","",IF(I31=1,H31*0.7,IF(I31=2,H31*0.8,IF(I31=3,H31*0.9,IF(I31=4,H31,IF(I31=5,H31*1.08,IF(I31=6,H31*1.16,IF(I31=7,H31*1.24,H31*1.32)))))))*2))) -> #N/A | L31: =IF(YEAR(F31)<2021, IF(J31/K31<=0.3, $Q$16, IF(J31/K31<=0.5, $Q$17, IF(J31/K31<=0.6, $Q$18, IF(J31/K31<=0.8, $Q$19, $Q$20)))), "") -> #N/A | M31: {=IF(C31="Vacant","Vacant",IF(C31="Manager","Manager",IF(C31="Market Rate","Market Rate",IF(L31<> "", L31, IF(I31<=4, INDEX(USDA_Buckets, MATCH(MIN(IF(INDIRECT("USDA_" & G31 & "_4P")>=J31, INDIRECT("USDA_" & G31 & "_4P"))), INDIRECT("USDA_" & G31 & "_4P"), 0), 1), INDEX(USDA_Buckets, MATCH(MIN(IF(INDIRECT("USDA_" & G31 & "_5P")>=J31, INDIRECT("USDA_" & G31 & "_5P"))), INDIRECT("USDA_" & G31 & "_5P"), 0), 1))))))} -> #N/A | Q31: 1 | R31: 0.3 | S31: {=MAX(IF($E$15:$E$245=Q31,IF($M$15:$M$245=Q16,$N$15:$N$245)))} -> 0 | U31: ='Rental Project Worksheet'!E20 -> #VALUE!
A32: 18 | B32: =IF(C32="Vacant",C32,IF(C32="Manager",C32,IF(C32="Market Rate",C32,"Enter Tenant Name"))) -> Enter Tenant Name | G32: {=IF(C32<>"",C32,IF(F32="","",IF(YEAR(F32)<2021,TEXT(F32,"yyyy"),INDEX(Effective_Date_Year, MATCH(MAX(IF(Effective_Date<=F32, Effective_Date)), Effective_Date, 0), 1))))} | H32: =INDEX('Income Limits'!$C$3:$AH$372,MATCH('Rent Roll Worksheet'!$M$7,County,0),MATCH(G32,Year,1)) -> #N/A | K32: =IF(C32="Vacant","",IF(C32="Manager","",IF(C32="Market Rate","",IF(I32=1,H32*0.7,IF(I32=2,H32*0.8,IF(I32=3,H32*0.9,IF(I32=4,H32,IF(I32=5,H32*1.08,IF(I32=6,H32*1.16,IF(I32=7,H32*1.24,H32*1.32)))))))*2))) -> #N/A | L32: =IF(YEAR(F32)<2021, IF(J32/K32<=0.3, $Q$16, IF(J32/K32<=0.5, $Q$17, IF(J32/K32<=0.6, $Q$18, IF(J32/K32<=0.8, $Q$19, $Q$20)))), "") -> #N/A | M32: {=IF(C32="Vacant","Vacant",IF(C32="Manager","Manager",IF(C32="Market Rate","Market Rate",IF(L32<> "", L32, IF(I32<=4, INDEX(USDA_Buckets, MATCH(MIN(IF(INDIRECT("USDA_" & G32 & "_4P")>=J32, INDIRECT("USDA_" & G32 & "_4P"))), INDIRECT("USDA_" & G32 & "_4P"), 0), 1), INDEX(USDA_Buckets, MATCH(MIN(IF(INDIRECT("USDA_" & G32 & "_5P")>=J32, INDIRECT("USDA_" & G32 & "_5P"))), INDIRECT("USDA_" & G32 & "_5P"), 0), 1))))))} -> #N/A | Q32: 1 | R32: 0.5 | S32: {=MAX(IF($E$15:$E$245=Q32, IF($M$15:$M$245=Q17,$N$15:$N$245)))} -> 0 | U32: ='Rental Project Worksheet'!E25 -> #VALUE!
A33: 19 | B33: =IF(C33="Vacant",C33,IF(C33="Manager",C33,IF(C33="Market Rate",C33,"Enter Tenant Name"))) -> Enter Tenant Name | G33: {=IF(C33<>"",C33,IF(F33="","",IF(YEAR(F33)<2021,TEXT(F33,"yyyy"),INDEX(Effective_Date_Year, MATCH(MAX(IF(Effective_Date<=F33, Effective_Date)), Effective_Date, 0), 1))))} | H33: =INDEX('Income Limits'!$C$3:$AH$372,MATCH('Rent Roll Worksheet'!$M$7,County,0),MATCH(G33,Year,1)) -> #N/A | K33: =IF(C33="Vacant","",IF(C33="Manager","",IF(C33="Market Rate","",IF(I33=1,H33*0.7,IF(I33=2,H33*0.8,IF(I33=3,H33*0.9,IF(I33=4,H33,IF(I33=5,H33*1.08,IF(I33=6,H33*1.16,IF(I33=7,H33*1.24,H33*1.32)))))))*2))) -> #N/A | L33: =IF(YEAR(F33)<2021, IF(J33/K33<=0.3, $Q$16, IF(J33/K33<=0.5, $Q$17, IF(J33/K33<=0.6, $Q$18, IF(J33/K33<=0.8, $Q$19, $Q$20)))), "") -> #N/A | M33: {=IF(C33="Vacant","Vacant",IF(C33="Manager","Manager",IF(C33="Market Rate","Market Rate",IF(L33<> "", L33, IF(I33<=4, INDEX(USDA_Buckets, MATCH(MIN(IF(INDIRECT("USDA_" & G33 & "_4P")>=J33, INDIRECT("USDA_" & G33 & "_4P"))), INDIRECT("USDA_" & G33 & "_4P"), 0), 1), INDEX(USDA_Buckets, MATCH(MIN(IF(INDIRECT("USDA_" & G33 & "_5P")>=J33, INDIRECT("USDA_" & G33 & "_5P"))), INDIRECT("USDA_" & G33 & "_5P"), 0), 1))))))} -> #N/A | Q33: 1 | R33: 0.6 | S33: {=MAX(IF($E$15:$E$245=Q33,IF($M$15:$M$245=Q18,$N$15:$N$245)))} -> 0 | U33: ='Rental Project Worksheet'!E30 -> #VALUE!
A34: 20 | B34: =IF(C34="Vacant",C34,IF(C34="Manager",C34,IF(C34="Market Rate",C34,"Enter Tenant Name"))) -> Enter Tenant Name | G34: {=IF(C34<>"",C34,IF(F34="","",IF(YEAR(F34)<2021,TEXT(F34,"yyyy"),INDEX(Effective_Date_Year, MATCH(MAX(IF(Effective_Date<=F34, Effective_Date)), Effective_Date, 0), 1))))} | H34: =INDEX('Income Limits'!$C$3:$AH$372,MATCH('Rent Roll Worksheet'!$M$7,County,0),MATCH(G34,Year,1)) -> #N/A | K34: =IF(C34="Vacant","",IF(C34="Manager","",IF(C34="Market Rate","",IF(I34=1,H34*0.7,IF(I34=2,H34*0.8,IF(I34=3,H34*0.9,IF(I34=4,H34,IF(I34=5,H34*1.08,IF(I34=6,H34*1.16,IF(I34=7,H34*1.24,H34*1.32)))))))*2))) -> #N/A | L34: =IF(YEAR(F34)<2021, IF(J34/K34<=0.3, $Q$16, IF(J34/K34<=0.5, $Q$17, IF(J34/K34<=0.6, $Q$18, IF(J34/K34<=0.8, $Q$19, $Q$20)))), "") -> #N/A | M34: {=IF(C34="Vacant","Vacant",IF(C34="Manager","Manager",IF(C34="Market Rate","Market Rate",IF(L34<> "", L34, IF(I34<=4, INDEX(USDA_Buckets, MATCH(MIN(IF(INDIRECT("USDA_" & G34 & "_4P")>=J34, INDIRECT("USDA_" & G34 & "_4P"))), INDIRECT("USDA_" & G34 & "_4P"), 0), 1), INDEX(USDA_Buckets, MATCH(MIN(IF(INDIRECT("USDA_" & G34 & "_5P")>=J34, INDIRECT("USDA_" & G34 & "_5P"))), INDIRECT("USDA_" & G34 & "_5P"), 0), 1))))))} -> #N/A | Q34: 1 | R34: 0.8 | S34: {=MAX(IF($E$15:$E$245=Q34,IF($M$15:$M$245=Q19,$N$15:$N$245)))} -> 0 | U34: ='Rental Project Worksheet'!E35 -> #VALUE!
A35: 21 | B35: =IF(C35="Vacant",C35,IF(C35="Manager",C35,IF(C35="Market Rate",C35,"Enter Tenant Name"))) -> Enter Tenant Name | G35: {=IF(C35<>"",C35,IF(F35="","",IF(YEAR(F35)<2021,TEXT(F35,"yyyy"),INDEX(Effective_Date_Year, MATCH(MAX(IF(Effective_Date<=F35, Effective_Date)), Effective_Date, 0), 1))))} | H35: =INDEX('Income Limits'!$C$3:$AH$372,MATCH('Rent Roll Worksheet'!$M$7,County,0),MATCH(G35,Year,1)) -> #N/A | K35: =IF(C35="Vacant","",IF(C35="Manager","",IF(C35="Market Rate","",IF(I35=1,H35*0.7,IF(I35=2,H35*0.8,IF(I35=3,H35*0.9,IF(I35=4,H35,IF(I35=5,H35*1.08,IF(I35=6,H35*1.16,IF(I35=7,H35*1.24,H35*1.32)))))))*2))) -> #N/A | L35: =IF(YEAR(F35)<2021, IF(J35/K35<=0.3, $Q$16, IF(J35/K35<=0.5, $Q$17, IF(J35/K35<=0.6, $Q$18, IF(J35/K35<=0.8, $Q$19, $Q$20)))), "") -> #N/A | M35: {=IF(C35="Vacant","Vacant",IF(C35="Manager","Manager",IF(C35="Market Rate","Market Rate",IF(L35<> "", L35, IF(I35<=4, INDEX(USDA_Buckets, MATCH(MIN(IF(INDIRECT("USDA_" & G35 & "_4P")>=J35, INDIRECT("USDA_" & G35 & "_4P"))), INDIRECT("USDA_" & G35 & "_4P"), 0), 1), INDEX(USDA_Buckets, MATCH(MIN(IF(INDIRECT("USDA_" & G35 & "_5P")>=J35, INDIRECT("USDA_" & G35 & "_5P"))), INDIRECT("USDA_" & G35 & "_5P"), 0), 1))))))} -> #N/A | Q35: 2 | R35: 0.3 | S35: {=MAX(IF($E$15:$E$245=Q35,IF($M$15:$M$245=Q16,$N$15:$N$245)))} -> 0 | U35: ='Rental Project Worksheet'!E21 -> #VALUE!
A36: 22 | B36: =IF(C36="Vacant",C36,IF(C36="Manager",C36,IF(C36="Market Rate",C36,"Enter Tenant Name"))) -> Enter Tenant Name | G36: {=IF(C36<>"",C36,IF(F36="","",IF(YEAR(F36)<2021,TEXT(F36,"yyyy"),INDEX(Effective_Date_Year, MATCH(MAX(IF(Effective_Date<=F36, Effective_Date)), Effective_Date, 0), 1))))} | H36: =INDEX('Income Limits'!$C$3:$AH$372,MATCH('Rent Roll Worksheet'!$M$7,County,0),MATCH(G36,Year,1)) -> #N/A | K36: =IF(C36="Vacant","",IF(C36="Manager","",IF(C36="Market Rate","",IF(I36=1,H36*0.7,IF(I36=2,H36*0.8,IF(I36=3,H36*0.9,IF(I36=4,H36,IF(I36=5,H36*1.08,IF(I36=6,H36*1.16,IF(I36=7,H36*1.24,H36*1.32)))))))*2))) -> #N/A | L36: =IF(YEAR(F36)<2021, IF(J36/K36<=0.3, $Q$16, IF(J36/K36<=0.5, $Q$17, IF(J36/K36<=0.6, $Q$18, IF(J36/K36<=0.8, $Q$19, $Q$20)))), "") -> #N/A | M36: {=IF(C36="Vacant","Vacant",IF(C36="Manager","Manager",IF(C36="Market Rate","Market Rate",IF(L36<> "", L36, IF(I36<=4, INDEX(USDA_Buckets, MATCH(MIN(IF(INDIRECT("USDA_" & G36 & "_4P")>=J36, INDIRECT("USDA_" & G36 & "_4P"))), INDIRECT("USDA_" & G36 & "_4P"), 0), 1), INDEX(USDA_Buckets, MATCH(MIN(IF(INDIRECT("USDA_" & G36 & "_5P")>=J36, INDIRECT("USDA_" & G36 & "_5P"))), INDIRECT("USDA_" & G36 & "_5P"), 0), 1))))))} -> #N/A | Q36: 2 | R36: 0.5 | S36: {=MAX(IF($E$15:$E$245=Q36, IF($M$15:$M$245=Q17,$N$15:$N$245)))} -> 0 | U36: ='Rental Project Worksheet'!E26 -> #VALUE!
A37: 23 | B37: =IF(C37="Vacant",C37,IF(C37="Manager",C37,IF(C37="Market Rate",C37,"Enter Tenant Name"))) -> Enter Tenant Name | G37: {=IF(C37<>"",C37,IF(F37="","",IF(YEAR(F37)<2021,TEXT(F37,"yyyy"),INDEX(Effective_Date_Year, MATCH(MAX(IF(Effective_Date<=F37, Effective_Date)), Effective_Date, 0), 1))))} | H37: =INDEX('Income Limits'!$C$3:$AH$372,MATCH('Rent Roll Worksheet'!$M$7,County,0),MATCH(G37,Year,1)) -> #N/A | K37: =IF(C37="Vacant","",IF(C37="Manager","",IF(C37="Market Rate","",IF(I37=1,H37*0.7,IF(I37=2,H37*0.8,IF(I37=3,H37*0.9,IF(I37=4,H37,IF(I37=5,H37*1.08,IF(I37=6,H37*1.16,IF(I37=7,H37*1.24,H37*1.32)))))))*2))) -> #N/A | L37: =IF(YEAR(F37)<2021, IF(J37/K37<=0.3, $Q$16, IF(J37/K37<=0.5, $Q$17, IF(J37/K37<=0.6, $Q$18, IF(J37/K37<=0.8, $Q$19, $Q$20)))), "") -> #N/A | M37: {=IF(C37="Vacant","Vacant",IF(C37="Manager","Manager",IF(C37="Market Rate","Market Rate",IF(L37<> "", L37, IF(I37<=4, INDEX(USDA_Buckets, MATCH(MIN(IF(INDIRECT("USDA_" & G37 & "_4P")>=J37, INDIRECT("USDA_" & G37 & "_4P"))), INDIRECT("USDA_" & G37 & "_4P"), 0), 1), INDEX(USDA_Buckets, MATCH(MIN(IF(INDIRECT("USDA_" & G37 & "_5P")>=J37, INDIRECT("USDA_" & G37 & "_5P"))), INDIRECT("USDA_" & G37 & "_5P"), 0), 1))))))} -> #N/A | Q37: 2 | R37: 0.6 | S37: {=MAX(IF($E$15:$E$245=Q37,IF($M$15:$M$245=Q18,$N$15:$N$245)))} -> 0 | U37: ='Rental Project Worksheet'!E31 -> #VALUE!
A38: 24 | B38: =IF(C38="Vacant",C38,IF(C38="Manager",C38,IF(C38="Market Rate",C38,"Enter Tenant Name"))) -> Enter Tenant Name | G38: {=IF(C38<>"",C38,IF(F38="","",IF(YEAR(F38)<2021,TEXT(F38,"yyyy"),INDEX(Effective_Date_Year, MATCH(MAX(IF(Effective_Date<=F38, Effective_Date)), Effective_Date, 0), 1))))} | H38: =INDEX('Income Limits'!$C$3:$AH$372,MATCH('Rent Roll Worksheet'!$M$7,County,0),MATCH(G38,Year,1)) -> #N/A | K38: =IF(C38="Vacant","",IF(C38="Manager","",IF(C38="Market Rate","",IF(I38=1,H38*0.7,IF(I38=2,H38*0.8,IF(I38=3,H38*0.9,IF(I38=4,H38,IF(I38=5,H38*1.08,IF(I38=6,H38*1.16,IF(I38=7,H38*1.24,H38*1.32)))))))*2))) -> #N/A | L38: =IF(YEAR(F38)<2021, IF(J38/K38<=0.3, $Q$16, IF(J38/K38<=0.5, $Q$17, IF(J38/K38<=0.6, $Q$18, IF(J38/K38<=0.8, $Q$19, $Q$20)))), "") -> #N/A | M38: {=IF(C38="Vacant","Vacant",IF(C38="Manager","Manager",IF(C38="Market Rate","Market Rate",IF(L38<> "", L38, IF(I38<=4, INDEX(USDA_Buckets, MATCH(MIN(IF(INDIRECT("USDA_" & G38 & "_4P")>=J38, INDIRECT("USDA_" & G38 & "_4P"))), INDIRECT("USDA_" & G38 & "_4P"), 0), 1), INDEX(USDA_Buckets, MATCH(MIN(IF(INDIRECT("USDA_" & G38 & "_5P")>=J38, INDIRECT("USDA_" & G38 & "_5P"))), INDIRECT("USDA_" & G38 & "_5P"), 0), 1))))))} -> #N/A | Q38: 2 | R38: 0.8 | S38: {=MAX(IF($E$15:$E$245=Q38,IF($M$15:$M$245=Q19,$N$15:$N$245)))} -> 0 | U38: ='Rental Project Worksheet'!E36 -> #VALUE!
A39: 25 | B39: =IF(C39="Vacant",C39,IF(C39="Manager",C39,IF(C39="Market Rate",C39,"Enter Tenant Name"))) -> Enter Tenant Name | G39: {=IF(C39<>"",C39,IF(F39="","",IF(YEAR(F39)<2021,TEXT(F39,"yyyy"),INDEX(Effective_Date_Year, MATCH(MAX(IF(Effective_Date<=F39, Effective_Date)), Effective_Date, 0), 1))))} | H39: =INDEX('Income Limits'!$C$3:$AH$372,MATCH('Rent Roll Worksheet'!$M$7,County,0),MATCH(G39,Year,1)) -> #N/A | K39: =IF(C39="Vacant","",IF(C39="Manager","",IF(C39="Market Rate","",IF(I39=1,H39*0.7,IF(I39=2,H39*0.8,IF(I39=3,H39*0.9,IF(I39=4,H39,IF(I39=5,H39*1.08,IF(I39=6,H39*1.16,IF(I39=7,H39*1.24,H39*1.32)))))))*2))) -> #N/A | L39: =IF(YEAR(F39)<2021, IF(J39/K39<=0.3, $Q$16, IF(J39/K39<=0.5, $Q$17, IF(J39/K39<=0.6, $Q$18, IF(J39/K39<=0.8, $Q$19, $Q$20)))), "") -> #N/A | M39: {=IF(C39="Vacant","Vacant",IF(C39="Manager","Manager",IF(C39="Market Rate","Market Rate",IF(L39<> "", L39, IF(I39<=4, INDEX(USDA_Buckets, MATCH(MIN(IF(INDIRECT("USDA_" & G39 & "_4P")>=J39, INDIRECT("USDA_" & G39 & "_4P"))), INDIRECT("USDA_" & G39 & "_4P"), 0), 1), INDEX(USDA_Buckets, MATCH(MIN(IF(INDIRECT("USDA_" & G39 & "_5P")>=J39, INDIRECT("USDA_" & G39 & "_5P"))), INDIRECT("USDA_" & G39 & "_5P"), 0), 1))))))} -> #N/A | Q39: 3 | R39: 0.3 | S39: {=MAX(IF($E$15:$E$245=Q39,IF($M$15:$M$245=Q16,$N$15:$N$245)))} -> 0 | U39: ='Rental Project Worksheet'!E22 -> #VALUE!
A40: 26 | B40: =IF(C40="Vacant",C40,IF(C40="Manager",C40,IF(C40="Market Rate",C40,"Enter Tenant Name"))) -> Enter Tenant Name | G40: {=IF(C40<>"",C40,IF(F40="","",IF(YEAR(F40)<2021,TEXT(F40,"yyyy"),INDEX(Effective_Date_Year, MATCH(MAX(IF(Effective_Date<=F40, Effective_Date)), Effective_Date, 0), 1))))} | H40: =INDEX('Income Limits'!$C$3:$AH$372,MATCH('Rent Roll Worksheet'!$M$7,County,0),MATCH(G40,Year,1)) -> #N/A | K40: =IF(C40="Vacant","",IF(C40="Manager","",IF(C40="Market Rate","",IF(I40=1,H40*0.7,IF(I40=2,H40*0.8,IF(I40=3,H40*0.9,IF(I40=4,H40,IF(I40=5,H40*1.08,IF(I40=6,H40*1.16,IF(I40=7,H40*1.24,H40*1.32)))))))*2))) -> #N/A | L40: =IF(YEAR(F40)<2021, IF(J40/K40<=0.3, $Q$16, IF(J40/K40<=0.5, $Q$17, IF(J40/K40<=0.6, $Q$18, IF(J40/K40<=0.8, $Q$19, $Q$20)))), "") -> #N/A | M40: {=IF(C40="Vacant","Vacant",IF(C40="Manager","Manager",IF(C40="Market Rate","Market Rate",IF(L40<> "", L40, IF(I40<=4, INDEX(USDA_Buckets, MATCH(MIN(IF(INDIRECT("USDA_" & G40 & "_4P")>=J40, INDIRECT("USDA_" & G40 & "_4P"))), INDIRECT("USDA_" & G40 & "_4P"), 0), 1), INDEX(USDA_Buckets, MATCH(MIN(IF(INDIRECT("USDA_" & G40 & "_5P")>=J40, INDIRECT("USDA_" & G40 & "_5P"))), INDIRECT("USDA_" & G40 & "_5P"), 0), 1))))))} -> #N/A | Q40: 3 | R40: 0.5 | S40: {=MAX(IF($E$15:$E$245=Q40, IF($M$15:$M$245=Q17,$N$15:$N$245)))} -> 0 | U40: ='Rental Project Worksheet'!E27 -> #VALUE!
A41: 27 | B41: =IF(C41="Vacant",C41,IF(C41="Manager",C41,IF(C41="Market Rate",C41,"Enter Tenant Name"))) -> Enter Tenant Name | G41: {=IF(C41<>"",C41,IF(F41="","",IF(YEAR(F41)<2021,TEXT(F41,"yyyy"),INDEX(Effective_Date_Year, MATCH(MAX(IF(Effective_Date<=F41, Effective_Date)), Effective_Date, 0), 1))))} | H41: =INDEX('Income Limits'!$C$3:$AH$372,MATCH('Rent Roll Worksheet'!$M$7,County,0),MATCH(G41,Year,1)) -> #N/A | K41: =IF(C41="Vacant","",IF(C41="Manager","",IF(C41="Market Rate","",IF(I41=1,H41*0.7,IF(I41=2,H41*0.8,IF(I41=3,H41*0.9,IF(I41=4,H41,IF(I41=5,H41*1.08,IF(I41=6,H41*1.16,IF(I41=7,H41*1.24,H41*1.32)))))))*2))) -> #N/A | L41: =IF(YEAR(F41)<2021, IF(J41/K41<=0.3, $Q$16, IF(J41/K41<=0.5, $Q$17, IF(J41/K41<=0.6, $Q$18, IF(J41/K41<=0.8, $Q$19, $Q$20)))), "") -> #N/A | M41: {=IF(C41="Vacant","Vacant",IF(C41="Manager","Manager",IF(C41="Market Rate","Market Rate",IF(L41<> "", L41, IF(I41<=4, INDEX(USDA_Buckets, MATCH(MIN(IF(INDIRECT("USDA_" & G41 & "_4P")>=J41, INDIRECT("USDA_" & G41 & "_4P"))), INDIRECT("USDA_" & G41 & "_4P"), 0), 1), INDEX(USDA_Buckets, MATCH(MIN(IF(INDIRECT("USDA_" & G41 & "_5P")>=J41, INDIRECT("USDA_" & G41 & "_5P"))), INDIRECT("USDA_" & G41 & "_5P"), 0), 1))))))} -> #N/A | Q41: 3 | R41: 0.6 | S41: {=MAX(IF($E$15:$E$245=Q41,IF($M$15:$M$245=Q18,$N$15:$N$245)))} -> 0 | U41: ='Rental Project Worksheet'!E32 -> #VALUE!
A42: 28 | B42: =IF(C42="Vacant",C42,IF(C42="Manager",C42,IF(C42="Market Rate",C42,"Enter Tenant Name"))) -> Enter Tenant Name | G42: {=IF(C42<>"",C42,IF(F42="","",IF(YEAR(F42)<2021,TEXT(F42,"yyyy"),INDEX(Effective_Date_Year, MATCH(MAX(IF(Effective_Date<=F42, Effective_Date)), Effective_Date, 0), 1))))} | H42: =INDEX('Income Limits'!$C$3:$AH$372,MATCH('Rent Roll Worksheet'!$M$7,County,0),MATCH(G42,Year,1)) -> #N/A | K42: =IF(C42="Vacant","",IF(C42="Manager","",IF(C42="Market Rate","",IF(I42=1,H42*0.7,IF(I42=2,H42*0.8,IF(I42=3,H42*0.9,IF(I42=4,H42,IF(I42=5,H42*1.08,IF(I42=6,H42*1.16,IF(I42=7,H42*1.24,H42*1.32)))))))*2))) -> #N/A | L42: =IF(YEAR(F42)<2021, IF(J42/K42<=0.3, $Q$16, IF(J42/K42<=0.5, $Q$17, IF(J42/K42<=0.6, $Q$18, IF(J42/K42<=0.8, $Q$19, $Q$20)))), "") -> #N/A | M42: {=IF(C42="Vacant","Vacant",IF(C42="Manager","Manager",IF(C42="Market Rate","Market Rate",IF(L42<> "", L42, IF(I42<=4, INDEX(USDA_Buckets, MATCH(MIN(IF(INDIRECT("USDA_" & G42 & "_4P")>=J42, INDIRECT("USDA_" & G42 & "_4P"))), INDIRECT("USDA_" & G42 & "_4P"), 0), 1), INDEX(USDA_Buckets, MATCH(MIN(IF(INDIRECT("USDA_" & G42 & "_5P")>=J42, INDIRECT("USDA_" & G42 & "_5P"))), INDIRECT("USDA_" & G42 & "_5P"), 0), 1))))))} -> #N/A | Q42: 3 | R42: 0.8 | S42: {=MAX(IF($E$15:$E$245=Q42,IF($M$15:$M$245=Q19,$N$15:$N$245)))} -> 0 | U42: ='Rental Project Worksheet'!E37 -> #VALUE!
A43: 29 | B43: =IF(C43="Vacant",C43,IF(C43="Manager",C43,IF(C43="Market Rate",C43,"Enter Tenant Name"))) -> Enter Tenant Name | G43: {=IF(C43<>"",C43,IF(F43="","",IF(YEAR(F43)<2021,TEXT(F43,"yyyy"),INDEX(Effective_Date_Year, MATCH(MAX(IF(Effective_Date<=F43, Effective_Date)), Effective_Date, 0), 1))))} | H43: =INDEX('Income Limits'!$C$3:$AH$372,MATCH('Rent Roll Worksheet'!$M$7,County,0),MATCH(G43,Year,1)) -> #N/A | K43: =IF(C43="Vacant","",IF(C43="Manager","",IF(C43="Market Rate","",IF(I43=1,H43*0.7,IF(I43=2,H43*0.8,IF(I43=3,H43*0.9,IF(I43=4,H43,IF(I43=5,H43*1.08,IF(I43=6,H43*1.16,IF(I43=7,H43*1.24,H43*1.32)))))))*2))) -> #N/A | L43: =IF(YEAR(F43)<2021, IF(J43/K43<=0.3, $Q$16, IF(J43/K43<=0.5, $Q$17, IF(J43/K43<=0.6, $Q$18, IF(J43/K43<=0.8, $Q$19, $Q$20)))), "") -> #N/A | M43: {=IF(C43="Vacant","Vacant",IF(C43="Manager","Manager",IF(C43="Market Rate","Market Rate",IF(L43<> "", L43, IF(I43<=4, INDEX(USDA_Buckets, MATCH(MIN(IF(INDIRECT("USDA_" & G43 & "_4P")>=J43, INDIRECT("USDA_" & G43 & "_4P"))), INDIRECT("USDA_" & G43 & "_4P"), 0), 1), INDEX(USDA_Buckets, MATCH(MIN(IF(INDIRECT("USDA_" & G43 & "_5P")>=J43, INDIRECT("USDA_" & G43 & "_5P"))), INDIRECT("USDA_" & G43 & "_5P"), 0), 1))))))} -> #N/A | Q43: 4 | R43: 0.3 | S43: {=MAX(IF($E$15:$E$245=Q43,IF($M$15:$M$245=Q16,$N$15:$N$245)))} -> 0 | U43: ='Rental Project Worksheet'!E23 -> #VALUE!
A44: 30 | B44: =IF(C44="Vacant",C44,IF(C44="Manager",C44,IF(C44="Market Rate",C44,"Enter Tenant Name"))) -> Enter Tenant Name | G44: {=IF(C44<>"",C44,IF(F44="","",IF(YEAR(F44)<2021,TEXT(F44,"yyyy"),INDEX(Effective_Date_Year, MATCH(MAX(IF(Effective_Date<=F44, Effective_Date)), Effective_Date, 0), 1))))} | H44: =INDEX('Income Limits'!$C$3:$AH$372,MATCH('Rent Roll Worksheet'!$M$7,County,0),MATCH(G44,Year,1)) -> #N/A | K44: =IF(C44="Vacant","",IF(C44="Manager","",IF(C44="Market Rate","",IF(I44=1,H44*0.7,IF(I44=2,H44*0.8,IF(I44=3,H44*0.9,IF(I44=4,H44,IF(I44=5,H44*1.08,IF(I44=6,H44*1.16,IF(I44=7,H44*1.24,H44*1.32)))))))*2))) -> #N/A | L44: =IF(YEAR(F44)<2021, IF(J44/K44<=0.3, $Q$16, IF(J44/K44<=0.5, $Q$17, IF(J44/K44<=0.6, $Q$18, IF(J44/K44<=0.8, $Q$19, $Q$20)))), "") -> #N/A | M44: {=IF(C44="Vacant","Vacant",IF(C44="Manager","Manager",IF(C44="Market Rate","Market Rate",IF(L44<> "", L44, IF(I44<=4, INDEX(USDA_Buckets, MATCH(MIN(IF(INDIRECT("USDA_" & G44 & "_4P")>=J44, INDIRECT("USDA_" & G44 & "_4P"))), INDIRECT("USDA_" & G44 & "_4P"), 0), 1), INDEX(USDA_Buckets, MATCH(MIN(IF(INDIRECT("USDA_" & G44 & "_5P")>=J44, INDIRECT("USDA_" & G44 & "_5P"))), INDIRECT("USDA_" & G44 & "_5P"), 0), 1))))))} -> #N/A | Q44: 4 | R44: 0.5 | S44: {=MAX(IF($E$15:$E$245=Q44, IF($M$15:$M$245=Q17,$N$15:$N$245)))} -> 0 | U44: ='Rental Project Worksheet'!E28 -> #VALUE!
A45: 31 | B45: =IF(C45="Vacant",C45,IF(C45="Manager",C45,IF(C45="Market Rate",C45,"Enter Tenant Name"))) -> Enter Tenant Name | G45: {=IF(C45<>"",C45,IF(F45="","",IF(YEAR(F45)<2021,TEXT(F45,"yyyy"),INDEX(Effective_Date_Year, MATCH(MAX(IF(Effective_Date<=F45, Effective_Date)), Effective_Date, 0), 1))))} | H45: =INDEX('Income Limits'!$C$3:$AH$372,MATCH('Rent Roll Worksheet'!$M$7,County,0),MATCH(G45,Year,1)) -> #N/A | K45: =IF(C45="Vacant","",IF(C45="Manager","",IF(C45="Market Rate","",IF(I45=1,H45*0.7,IF(I45=2,H45*0.8,IF(I45=3,H45*0.9,IF(I45=4,H45,IF(I45=5,H45*1.08,IF(I45=6,H45*1.16,IF(I45=7,H45*1.24,H45*1.32)))))))*2))) -> #N/A | L45: =IF(YEAR(F45)<2021, IF(J45/K45<=0.3, $Q$16, IF(J45/K45<=0.5, $Q$17, IF(J45/K45<=0.6, $Q$18, IF(J45/K45<=0.8, $Q$19, $Q$20)))), "") -> #N/A | M45: {=IF(C45="Vacant","Vacant",IF(C45="Manager","Manager",IF(C45="Market Rate","Market Rate",IF(L45<> "", L45, IF(I45<=4, INDEX(USDA_Buckets, MATCH(MIN(IF(INDIRECT("USDA_" & G45 & "_4P")>=J45, INDIRECT("USDA_" & G45 & "_4P"))), INDIRECT("USDA_" & G45 & "_4P"), 0), 1), INDEX(USDA_Buckets, MATCH(MIN(IF(INDIRECT("USDA_" & G45 & "_5P")>=J45, INDIRECT("USDA_" & G45 & "_5P"))), INDIRECT("USDA_" & G45 & "_5P"), 0), 1))))))} -> #N/A | Q45: 4 | R45: 0.6 | S45: {=MAX(IF($E$15:$E$245=Q45,IF($M$15:$M$245=Q18,$N$15:$N$245)))} -> 0 | U45: ='Rental Project Worksheet'!E33 -> #VALUE!
A46: 32 | B46: =IF(C46="Vacant",C46,IF(C46="Manager",C46,IF(C46="Market Rate",C46,"Enter Tenant Name"))) -> Enter Tenant Name | G46: {=IF(C46<>"",C46,IF(F46="","",IF(YEAR(F46)<2021,TEXT(F46,"yyyy"),INDEX(Effective_Date_Year, MATCH(MAX(IF(Effective_Date<=F46, Effective_Date)), Effective_Date, 0), 1))))} | H46: =INDEX('Income Limits'!$C$3:$AH$372,MATCH('Rent Roll Worksheet'!$M$7,County,0),MATCH(G46,Year,1)) -> #N/A | K46: =IF(C46="Vacant","",IF(C46="Manager","",IF(C46="Market Rate","",IF(I46=1,H46*0.7,IF(I46=2,H46*0.8,IF(I46=3,H46*0.9,IF(I46=4,H46,IF(I46=5,H46*1.08,IF(I46=6,H46*1.16,IF(I46=7,H46*1.24,H46*1.32)))))))*2))) -> #N/A | L46: =IF(YEAR(F46)<2021, IF(J46/K46<=0.3, $Q$16, IF(J46/K46<=0.5, $Q$17, IF(J46/K46<=0.6, $Q$18, IF(J46/K46<=0.8, $Q$19, $Q$20)))), "") -> #N/A | M46: {=IF(C46="Vacant","Vacant",IF(C46="Manager","Manager",IF(C46="Market Rate","Market Rate",IF(L46<> "", L46, IF(I46<=4, INDEX(USDA_Buckets, MATCH(MIN(IF(INDIRECT("USDA_" & G46 & "_4P")>=J46, INDIRECT("USDA_" & G46 & "_4P"))), INDIRECT("USDA_" & G46 & "_4P"), 0), 1), INDEX(USDA_Buckets, MATCH(MIN(IF(INDIRECT("USDA_" & G46 & "_5P")>=J46, INDIRECT("USDA_" & G46 & "_5P"))), INDIRECT("USDA_" & G46 & "_5P"), 0), 1))))))} -> #N/A | Q46: 4 | R46: 0.8 | S46: {=MAX(IF($E$15:$E$245=Q46,IF($M$15:$M$245=Q19,$N$15:$N$245)))} -> 0 | U46: ='Rental Project Worksheet'!E38 -> #VALUE!
A47: 33 | B47: =IF(C47="Vacant",C47,IF(C47="Manager",C47,IF(C47="Market Rate",C47,"Enter Tenant Name"))) -> Enter Tenant Name | G47: {=IF(C47<>"",C47,IF(F47="","",IF(YEAR(F47)<2021,TEXT(F47,"yyyy"),INDEX(Effective_Date_Year, MATCH(MAX(IF(Effective_Date<=F47, Effective_Date)), Effective_Date, 0), 1))))} | H47: =INDEX('Income Limits'!$C$3:$AH$372,MATCH('Rent Roll Worksheet'!$M$7,County,0),MATCH(G47,Year,1)) -> #N/A | K47: =IF(C47="Vacant","",IF(C47="Manager","",IF(C47="Market Rate","",IF(I47=1,H47*0.7,IF(I47=2,H47*0.8,IF(I47=3,H47*0.9,IF(I47=4,H47,IF(I47=5,H47*1.08,IF(I47=6,H47*1.16,IF(I47=7,H47*1.24,H47*1.32)))))))*2))) -> #N/A | L47: =IF(YEAR(F47)<2021, IF(J47/K47<=0.3, $Q$16, IF(J47/K47<=0.5, $Q$17, IF(J47/K47<=0.6, $Q$18, IF(J47/K47<=0.8, $Q$19, $Q$20)))), "") -> #N/A | M47: {=IF(C47="Vacant","Vacant",IF(C47="Manager","Manager",IF(C47="Market Rate","Market Rate",IF(L47<> "", L47, IF(I47<=4, INDEX(USDA_Buckets, MATCH(MIN(IF(INDIRECT("USDA_" & G47 & "_4P")>=J47, INDIRECT("USDA_" & G47 & "_4P"))), INDIRECT("USDA_" & G47 & "_4P"), 0), 1), INDEX(USDA_Buckets, MATCH(MIN(IF(INDIRECT("USDA_" & G47 & "_5P")>=J47, INDIRECT("USDA_" & G47 & "_5P"))), INDIRECT("USDA_" & G47 & "_5P"), 0), 1))))))} -> #N/A
A48: 34 | B48: =IF(C48="Vacant",C48,IF(C48="Manager",C48,IF(C48="Market Rate",C48,"Enter Tenant Name"))) -> Enter Tenant Name | G48: {=IF(C48<>"",C48,IF(F48="","",IF(YEAR(F48)<2021,TEXT(F48,"yyyy"),INDEX(Effective_Date_Year, MATCH(MAX(IF(Effective_Date<=F48, Effective_Date)), Effective_Date, 0), 1))))} | H48: =INDEX('Income Limits'!$C$3:$AH$372,MATCH('Rent Roll Worksheet'!$M$7,County,0),MATCH(G48,Year,1)) -> #N/A | K48: =IF(C48="Vacant","",IF(C48="Manager","",IF(C48="Market Rate","",IF(I48=1,H48*0.7,IF(I48=2,H48*0.8,IF(I48=3,H48*0.9,IF(I48=4,H48,IF(I48=5,H48*1.08,IF(I48=6,H48*1.16,IF(I48=7,H48*1.24,H48*1.32)))))))*2))) -> #N/A | L48: =IF(YEAR(F48)<2021, IF(J48/K48<=0.3, $Q$16, IF(J48/K48<=0.5, $Q$17, IF(J48/K48<=0.6, $Q$18, IF(J48/K48<=0.8, $Q$19, $Q$20)))), "") -> #N/A | M48: {=IF(C48="Vacant","Vacant",IF(C48="Manager","Manager",IF(C48="Market Rate","Market Rate",IF(L48<> "", L48, IF(I48<=4, INDEX(USDA_Buckets, MATCH(MIN(IF(INDIRECT("USDA_" & G48 & "_4P")>=J48, INDIRECT("USDA_" & G48 & "_4P"))), INDIRECT("USDA_" & G48 & "_4P"), 0), 1), INDEX(USDA_Buckets, MATCH(MIN(IF(INDIRECT("USDA_" & G48 & "_5P")>=J48, INDIRECT("USDA_" & G48 & "_5P"))), INDIRECT("USDA_" & G48 & "_5P"), 0), 1))))))} -> #N/A
A49: 35 | B49: =IF(C49="Vacant",C49,IF(C49="Manager",C49,IF(C49="Market Rate",C49,"Enter Tenant Name"))) -> Enter Tenant Name | G49: {=IF(C49<>"",C49,IF(F49="","",IF(YEAR(F49)<2021,TEXT(F49,"yyyy"),INDEX(Effective_Date_Year, MATCH(MAX(IF(Effective_Date<=F49, Effective_Date)), Effective_Date, 0), 1))))} | H49: =INDEX('Income Limits'!$C$3:$AH$372,MATCH('Rent Roll Worksheet'!$M$7,County,0),MATCH(G49,Year,1)) -> #N/A | K49: =IF(C49="Vacant","",IF(C49="Manager","",IF(C49="Market Rate","",IF(I49=1,H49*0.7,IF(I49=2,H49*0.8,IF(I49=3,H49*0.9,IF(I49=4,H49,IF(I49=5,H49*1.08,IF(I49=6,H49*1.16,IF(I49=7,H49*1.24,H49*1.32)))))))*2))) -> #N/A | L49: =IF(YEAR(F49)<2021, IF(J49/K49<=0.3, $Q$16, IF(J49/K49<=0.5, $Q$17, IF(J49/K49<=0.6, $Q$18, IF(J49/K49<=0.8, $Q$19, $Q$20)))), "") -> #N/A | M49: {=IF(C49="Vacant","Vacant",IF(C49="Manager","Manager",IF(C49="Market Rate","Market Rate",IF(L49<> "", L49, IF(I49<=4, INDEX(USDA_Buckets, MATCH(MIN(IF(INDIRECT("USDA_" & G49 & "_4P")>=J49, INDIRECT("USDA_" & G49 & "_4P"))), INDIRECT("USDA_" & G49 & "_4P"), 0), 1), INDEX(USDA_Buckets, MATCH(MIN(IF(INDIRECT("USDA_" & G49 & "_5P")>=J49, INDIRECT("USDA_" & G49 & "_5P"))), INDIRECT("USDA_" & G49 & "_5P"), 0), 1))))))} -> #N/A
A50: 36 | B50: =IF(C50="Vacant",C50,IF(C50="Manager",C50,IF(C50="Market Rate",C50,"Enter Tenant Name"))) -> Enter Tenant Name | G50: {=IF(C50<>"",C50,IF(F50="","",IF(YEAR(F50)<2021,TEXT(F50,"yyyy"),INDEX(Effective_Date_Year, MATCH(MAX(IF(Effective_Date<=F50, Effective_Date)), Effective_Date, 0), 1))))} | H50: =INDEX('Income Limits'!$C$3:$AH$372,MATCH('Rent Roll Worksheet'!$M$7,County,0),MATCH(G50,Year,1)) -> #N/A | K50: =IF(C50="Vacant","",IF(C50="Manager","",IF(C50="Market Rate","",IF(I50=1,H50*0.7,IF(I50=2,H50*0.8,IF(I50=3,H50*0.9,IF(I50=4,H50,IF(I50=5,H50*1.08,IF(I50=6,H50*1.16,IF(I50=7,H50*1.24,H50*1.32)))))))*2))) -> #N/A | L50: =IF(YEAR(F50)<2021, IF(J50/K50<=0.3, $Q$16, IF(J50/K50<=0.5, $Q$17, IF(J50/K50<=0.6, $Q$18, IF(J50/K50<=0.8, $Q$19, $Q$20)))), "") -> #N/A | M50: {=IF(C50="Vacant","Vacant",IF(C50="Manager","Manager",IF(C50="Market Rate","Market Rate",IF(L50<> "", L50, IF(I50<=4, INDEX(USDA_Buckets, MATCH(MIN(IF(INDIRECT("USDA_" & G50 & "_4P")>=J50, INDIRECT("USDA_" & G50 & "_4P"))), INDIRECT("USDA_" & G50 & "_4P"), 0), 1), INDEX(USDA_Buckets, MATCH(MIN(IF(INDIRECT("USDA_" & G50 & "_5P")>=J50, INDIRECT("USDA_" & G50 & "_5P"))), INDIRECT("USDA_" & G50 & "_5P"), 0), 1))))))} -> #N/A
A51: 37 | B51: =IF(C51="Vacant",C51,IF(C51="Manager",C51,IF(C51="Market Rate",C51,"Enter Tenant Name"))) -> Enter Tenant Name | G51: {=IF(C51<>"",C51,IF(F51="","",IF(YEAR(F51)<2021,TEXT(F51,"yyyy"),INDEX(Effective_Date_Year, MATCH(MAX(IF(Effective_Date<=F51, Effective_Date)), Effective_Date, 0), 1))))} | H51: =INDEX('Income Limits'!$C$3:$AH$372,MATCH('Rent Roll Worksheet'!$M$7,County,0),MATCH(G51,Year,1)) -> #N/A | K51: =IF(C51="Vacant","",IF(C51="Manager","",IF(C51="Market Rate","",IF(I51=1,H51*0.7,IF(I51=2,H51*0.8,IF(I51=3,H51*0.9,IF(I51=4,H51,IF(I51=5,H51*1.08,IF(I51=6,H51*1.16,IF(I51=7,H51*1.24,H51*1.32)))))))*2))) -> #N/A | L51: =IF(YEAR(F51)<2021, IF(J51/K51<=0.3, $Q$16, IF(J51/K51<=0.5, $Q$17, IF(J51/K51<=0.6, $Q$18, IF(J51/K51<=0.8, $Q$19, $Q$20)))), "") -> #N/A | M51: {=IF(C51="Vacant","Vacant",IF(C51="Manager","Manager",IF(C51="Market Rate","Market Rate",IF(L51<> "", L51, IF(I51<=4, INDEX(USDA_Buckets, MATCH(MIN(IF(INDIRECT("USDA_" & G51 & "_4P")>=J51, INDIRECT("USDA_" & G51 & "_4P"))), INDIRECT("USDA_" & G51 & "_4P"), 0), 1), INDEX(USDA_Buckets, MATCH(MIN(IF(INDIRECT("USDA_" & G51 & "_5P")>=J51, INDIRECT("USDA_" & G51 & "_5P"))), INDIRECT("USDA_" & G51 & "_5P"), 0), 1))))))} -> #N/A
A52: 38 | B52: =IF(C52="Vacant",C52,IF(C52="Manager",C52,IF(C52="Market Rate",C52,"Enter Tenant Name"))) -> Enter Tenant Name | G52: {=IF(C52<>"",C52,IF(F52="","",IF(YEAR(F52)<2021,TEXT(F52,"yyyy"),INDEX(Effective_Date_Year, MATCH(MAX(IF(Effective_Date<=F52, Effective_Date)), Effective_Date, 0), 1))))} | H52: =INDEX('Income Limits'!$C$3:$AH$372,MATCH('Rent Roll Worksheet'!$M$7,County,0),MATCH(G52,Year,1)) -> #N/A | K52: =IF(C52="Vacant","",IF(C52="Manager","",IF(C52="Market Rate","",IF(I52=1,H52*0.7,IF(I52=2,H52*0.8,IF(I52=3,H52*0.9,IF(I52=4,H52,IF(I52=5,H52*1.08,IF(I52=6,H52*1.16,IF(I52=7,H52*1.24,H52*1.32)))))))*2))) -> #N/A | L52: =IF(YEAR(F52)<2021, IF(J52/K52<=0.3, $Q$16, IF(J52/K52<=0.5, $Q$17, IF(J52/K52<=0.6, $Q$18, IF(J52/K52<=0.8, $Q$19, $Q$20)))), "") -> #N/A | M52: {=IF(C52="Vacant","Vacant",IF(C52="Manager","Manager",IF(C52="Market Rate","Market Rate",IF(L52<> "", L52, IF(I52<=4, INDEX(USDA_Buckets, MATCH(MIN(IF(INDIRECT("USDA_" & G52 & "_4P")>=J52, INDIRECT("USDA_" & G52 & "_4P"))), INDIRECT("USDA_" & G52 & "_4P"), 0), 1), INDEX(USDA_Buckets, MATCH(MIN(IF(INDIRECT("USDA_" & G52 & "_5P")>=J52, INDIRECT("USDA_" & G52 & "_5P"))), INDIRECT("USDA_" & G52 & "_5P"), 0), 1))))))} -> #N/A
A53: 39 | B53: =IF(C53="Vacant",C53,IF(C53="Manager",C53,IF(C53="Market Rate",C53,"Enter Tenant Name"))) -> Enter Tenant Name | G53: {=IF(C53<>"",C53,IF(F53="","",IF(YEAR(F53)<2021,TEXT(F53,"yyyy"),INDEX(Effective_Date_Year, MATCH(MAX(IF(Effective_Date<=F53, Effective_Date)), Effective_Date, 0), 1))))} | H53: =INDEX('Income Limits'!$C$3:$AH$372,MATCH('Rent Roll Worksheet'!$M$7,County,0),MATCH(G53,Year,1)) -> #N/A | K53: =IF(C53="Vacant","",IF(C53="Manager","",IF(C53="Market Rate","",IF(I53=1,H53*0.7,IF(I53=2,H53*0.8,IF(I53=3,H53*0.9,IF(I53=4,H53,IF(I53=5,H53*1.08,IF(I53=6,H53*1.16,IF(I53=7,H53*1.24,H53*1.32)))))))*2))) -> #N/A | L53: =IF(YEAR(F53)<2021, IF(J53/K53<=0.3, $Q$16, IF(J53/K53<=0.5, $Q$17, IF(J53/K53<=0.6, $Q$18, IF(J53/K53<=0.8, $Q$19, $Q$20)))), "") -> #N/A | M53: {=IF(C53="Vacant","Vacant",IF(C53="Manager","Manager",IF(C53="Market Rate","Market Rate",IF(L53<> "", L53, IF(I53<=4, INDEX(USDA_Buckets, MATCH(MIN(IF(INDIRECT("USDA_" & G53 & "_4P")>=J53, INDIRECT("USDA_" & G53 & "_4P"))), INDIRECT("USDA_" & G53 & "_4P"), 0), 1), INDEX(USDA_Buckets, MATCH(MIN(IF(INDIRECT("USDA_" & G53 & "_5P")>=J53, INDIRECT("USDA_" & G53 & "_5P"))), INDIRECT("USDA_" & G53 & "_5P"), 0), 1))))))} -> #N/A
A54: 40 | B54: =IF(C54="Vacant",C54,IF(C54="Manager",C54,IF(C54="Market Rate",C54,"Enter Tenant Name"))) -> Enter Tenant Name | G54: {=IF(C54<>"",C54,IF(F54="","",IF(YEAR(F54)<2021,TEXT(F54,"yyyy"),INDEX(Effective_Date_Year, MATCH(MAX(IF(Effective_Date<=F54, Effective_Date)), Effective_Date, 0), 1))))} | H54: =INDEX('Income Limits'!$C$3:$AH$372,MATCH('Rent Roll Worksheet'!$M$7,County,0),MATCH(G54,Year,1)) -> #N/A | K54: =IF(C54="Vacant","",IF(C54="Manager","",IF(C54="Market Rate","",IF(I54=1,H54*0.7,IF(I54=2,H54*0.8,IF(I54=3,H54*0.9,IF(I54=4,H54,IF(I54=5,H54*1.08,IF(I54=6,H54*1.16,IF(I54=7,H54*1.24,H54*1.32)))))))*2))) -> #N/A | L54: =IF(YEAR(F54)<2021, IF(J54/K54<=0.3, $Q$16, IF(J54/K54<=0.5, $Q$17, IF(J54/K54<=0.6, $Q$18, IF(J54/K54<=0.8, $Q$19, $Q$20)))), "") -> #N/A | M54: {=IF(C54="Vacant","Vacant",IF(C54="Manager","Manager",IF(C54="Market Rate","Market Rate",IF(L54<> "", L54, IF(I54<=4, INDEX(USDA_Buckets, MATCH(MIN(IF(INDIRECT("USDA_" & G54 & "_4P")>=J54, INDIRECT("USDA_" & G54 & "_4P"))), INDIRECT("USDA_" & G54 & "_4P"), 0), 1), INDEX(USDA_Buckets, MATCH(MIN(IF(INDIRECT("USDA_" & G54 & "_5P")>=J54, INDIRECT("USDA_" & G54 & "_5P"))), INDIRECT("USDA_" & G54 & "_5P"), 0), 1))))))} -> #N/A
A55: 41 | B55: =IF(C55="Vacant",C55,IF(C55="Manager",C55,IF(C55="Market Rate",C55,"Enter Tenant Name"))) -> Enter Tenant Name | G55: {=IF(C55<>"",C55,IF(F55="","",IF(YEAR(F55)<2021,TEXT(F55,"yyyy"),INDEX(Effective_Date_Year, MATCH(MAX(IF(Effective_Date<=F55, Effective_Date)), Effective_Date, 0), 1))))} | H55: =INDEX('Income Limits'!$C$3:$AH$372,MATCH('Rent Roll Worksheet'!$M$7,County,0),MATCH(G55,Year,1)) -> #N/A | K55: =IF(C55="Vacant","",IF(C55="Manager","",IF(C55="Market Rate","",IF(I55=1,H55*0.7,IF(I55=2,H55*0.8,IF(I55=3,H55*0.9,IF(I55=4,H55,IF(I55=5,H55*1.08,IF(I55=6,H55*1.16,IF(I55=7,H55*1.24,H55*1.32)))))))*2))) -> #N/A | L55: =IF(YEAR(F55)<2021, IF(J55/K55<=0.3, $Q$16, IF(J55/K55<=0.5, $Q$17, IF(J55/K55<=0.6, $Q$18, IF(J55/K55<=0.8, $Q$19, $Q$20)))), "") -> #N/A | M55: {=IF(C55="Vacant","Vacant",IF(C55="Manager","Manager",IF(C55="Market Rate","Market Rate",IF(L55<> "", L55, IF(I55<=4, INDEX(USDA_Buckets, MATCH(MIN(IF(INDIRECT("USDA_" & G55 & "_4P")>=J55, INDIRECT("USDA_" & G55 & "_4P"))), INDIRECT("USDA_" & G55 & "_4P"), 0), 1), INDEX(USDA_Buckets, MATCH(MIN(IF(INDIRECT("USDA_" & G55 & "_5P")>=J55, INDIRECT("USDA_" & G55 & "_5P"))), INDIRECT("USDA_" & G55 & "_5P"), 0), 1))))))} -> #N/A
A56: 42 | B56: =IF(C56="Vacant",C56,IF(C56="Manager",C56,IF(C56="Market Rate",C56,"Enter Tenant Name"))) -> Enter Tenant Name | G56: {=IF(C56<>"",C56,IF(F56="","",IF(YEAR(F56)<2021,TEXT(F56,"yyyy"),INDEX(Effective_Date_Year, MATCH(MAX(IF(Effective_Date<=F56, Effective_Date)), Effective_Date, 0), 1))))} | H56: =INDEX('Income Limits'!$C$3:$AH$372,MATCH('Rent Roll Worksheet'!$M$7,County,0),MATCH(G56,Year,1)) -> #N/A | K56: =IF(C56="Vacant","",IF(C56="Manager","",IF(C56="Market Rate","",IF(I56=1,H56*0.7,IF(I56=2,H56*0.8,IF(I56=3,H56*0.9,IF(I56=4,H56,IF(I56=5,H56*1.08,IF(I56=6,H56*1.16,IF(I56=7,H56*1.24,H56*1.32)))))))*2))) -> #N/A | L56: =IF(YEAR(F56)<2021, IF(J56/K56<=0.3, $Q$16, IF(J56/K56<=0.5, $Q$17, IF(J56/K56<=0.6, $Q$18, IF(J56/K56<=0.8, $Q$19, $Q$20)))), "") -> #N/A | M56: {=IF(C56="Vacant","Vacant",IF(C56="Manager","Manager",IF(C56="Market Rate","Market Rate",IF(L56<> "", L56, IF(I56<=4, INDEX(USDA_Buckets, MATCH(MIN(IF(INDIRECT("USDA_" & G56 & "_4P")>=J56, INDIRECT("USDA_" & G56 & "_4P"))), INDIRECT("USDA_" & G56 & "_4P"), 0), 1), INDEX(USDA_Buckets, MATCH(MIN(IF(INDIRECT("USDA_" & G56 & "_5P")>=J56, INDIRECT("USDA_" & G56 & "_5P"))), INDIRECT("USDA_" & G56 & "_5P"), 0), 1))))))} -> #N/A
A57: 43 | B57: =IF(C57="Vacant",C57,IF(C57="Manager",C57,IF(C57="Market Rate",C57,"Enter Tenant Name"))) -> Enter Tenant Name | G57: {=IF(C57<>"",C57,IF(F57="","",IF(YEAR(F57)<2021,TEXT(F57,"yyyy"),INDEX(Effective_Date_Year, MATCH(MAX(IF(Effective_Date<=F57, Effective_Date)), Effective_Date, 0), 1))))} | H57: =INDEX('Income Limits'!$C$3:$AH$372,MATCH('Rent Roll Worksheet'!$M$7,County,0),MATCH(G57,Year,1)) -> #N/A | K57: =IF(C57="Vacant","",IF(C57="Manager","",IF(C57="Market Rate","",IF(I57=1,H57*0.7,IF(I57=2,H57*0.8,IF(I57=3,H57*0.9,IF(I57=4,H57,IF(I57=5,H57*1.08,IF(I57=6,H57*1.16,IF(I57=7,H57*1.24,H57*1.32)))))))*2))) -> #N/A | L57: =IF(YEAR(F57)<2021, IF(J57/K57<=0.3, $Q$16, IF(J57/K57<=0.5, $Q$17, IF(J57/K57<=0.6, $Q$18, IF(J57/K57<=0.8, $Q$19, $Q$20)))), "") -> #N/A | M57: {=IF(C57="Vacant","Vacant",IF(C57="Manager","Manager",IF(C57="Market Rate","Market Rate",IF(L57<> "", L57, IF(I57<=4, INDEX(USDA_Buckets, MATCH(MIN(IF(INDIRECT("USDA_" & G57 & "_4P")>=J57, INDIRECT("USDA_" & G57 & "_4P"))), INDIRECT("USDA_" & G57 & "_4P"), 0), 1), INDEX(USDA_Buckets, MATCH(MIN(IF(INDIRECT("USDA_" & G57 & "_5P")>=J57, INDIRECT("USDA_" & G57 & "_5P"))), INDIRECT("USDA_" & G57 & "_5P"), 0), 1))))))} -> #N/A
A58: 44 | B58: =IF(C58="Vacant",C58,IF(C58="Manager",C58,IF(C58="Market Rate",C58,"Enter Tenant Name"))) -> Enter Tenant Name | G58: {=IF(C58<>"",C58,IF(F58="","",IF(YEAR(F58)<2021,TEXT(F58,"yyyy"),INDEX(Effective_Date_Year, MATCH(MAX(IF(Effective_Date<=F58, Effective_Date)), Effective_Date, 0), 1))))} | H58: =INDEX('Income Limits'!$C$3:$AH$372,MATCH('Rent Roll Worksheet'!$M$7,County,0),MATCH(G58,Year,1)) -> #N/A | K58: =IF(C58="Vacant","",IF(C58="Manager","",IF(C58="Market Rate","",IF(I58=1,H58*0.7,IF(I58=2,H58*0.8,IF(I58=3,H58*0.9,IF(I58=4,H58,IF(I58=5,H58*1.08,IF(I58=6,H58*1.16,IF(I58=7,H58*1.24,H58*1.32)))))))*2))) -> #N/A | L58: =IF(YEAR(F58)<2021, IF(J58/K58<=0.3, $Q$16, IF(J58/K58<=0.5, $Q$17, IF(J58/K58<=0.6, $Q$18, IF(J58/K58<=0.8, $Q$19, $Q$20)))), "") -> #N/A | M58: {=IF(C58="Vacant","Vacant",IF(C58="Manager","Manager",IF(C58="Market Rate","Market Rate",IF(L58<> "", L58, IF(I58<=4, INDEX(USDA_Buckets, MATCH(MIN(IF(INDIRECT("USDA_" & G58 & "_4P")>=J58, INDIRECT("USDA_" & G58 & "_4P"))), INDIRECT("USDA_" & G58 & "_4P"), 0), 1), INDEX(USDA_Buckets, MATCH(MIN(IF(INDIRECT("USDA_" & G58 & "_5P")>=J58, INDIRECT("USDA_" & G58 & "_5P"))), INDIRECT("USDA_" & G58 & "_5P"), 0), 1))))))} -> #N/A
A59: Explanation:
A62: No. | B62: Head of Household Name | C62: Type of Unit | D62: Unit # | E62: # of Bedrooms | F62: Income Cert Date Move In or recertification w/in 3 years of TIW date | G62: Income Cert Year | H62: 50% AMI | I62: Household Size | J62: Annual Income as of Certification Date | K62: HUD 100% AMI for HH Size | M62: % AMI at Move In | N62: Tenant Portion Monthly Rent | O62: Total Monthly Rent
A66: 45 | B66: =IF(C66="Vacant",C66,IF(C66="Manager",C66,IF(C66="Market Rate",C66,"Enter Tenant Name"))) -> Enter Tenant Name | G66: {=IF(C66<>"",C66,IF(F66="","",IF(YEAR(F66)<2021,TEXT(F66,"yyyy"),INDEX(Effective_Date_Year, MATCH(MAX(IF(Effective_Date<=F66, Effective_Date)), Effective_Date, 0), 1))))} | H66: =INDEX('Income Limits'!$C$3:$AH$372,MATCH('Rent Roll Worksheet'!$M$7,County,0),MATCH(G66,Year,1)) -> #N/A | K66: =IF(C66="Vacant","",IF(C66="Manager","",IF(C66="Market Rate","",IF(I66=1,H66*0.7,IF(I66=2,H66*0.8,IF(I66=3,H66*0.9,IF(I66=4,H66,IF(I66=5,H66*1.08,IF(I66=6,H66*1.16,IF(I66=7,H66*1.24,H66*1.32)))))))*2))) -> #N/A | L66: =IF(YEAR(F66)<2021, IF(J66/K66<=0.3, $Q$16, IF(J66/K66<=0.5, $Q$17, IF(J66/K66<=0.6, $Q$18, IF(J66/K66<=0.8, $Q$19, $Q$20)))), "") -> #N/A | M66: {=IF(C66="Vacant","Vacant",IF(C66="Manager","Manager",IF(C66="Market Rate","Market Rate",IF(L66<> "", L66, IF(I66<=4, INDEX(USDA_Buckets, MATCH(MIN(IF(INDIRECT("USDA_" & G66 & "_4P")>=J66, INDIRECT("USDA_" & G66 & "_4P"))), INDIRECT("USDA_" & G66 & "_4P"), 0), 1), INDEX(USDA_Buckets, MATCH(MIN(IF(INDIRECT("USDA_" & G66 & "_5P")>=J66, INDIRECT("USDA_" & G66 & "_5P"))), INDIRECT("USDA_" & G66 & "_5P"), 0), 1))))))} -> #N/A
A67: 46 | B67: =IF(C67="Vacant",C67,IF(C67="Manager",C67,IF(C67="Market Rate",C67,"Enter Tenant Name"))) -> Enter Tenant Name | G67: {=IF(C67<>"",C67,IF(F67="","",IF(YEAR(F67)<2021,TEXT(F67,"yyyy"),INDEX(Effective_Date_Year, MATCH(MAX(IF(Effective_Date<=F67, Effective_Date)), Effective_Date, 0), 1))))} | H67: =INDEX('Income Limits'!$C$3:$AH$372,MATCH('Rent Roll Worksheet'!$M$7,County,0),MATCH(G67,Year,1)) -> #N/A | K67: =IF(C67="Vacant","",IF(C67="Manager","",IF(C67="Market Rate","",IF(I67=1,H67*0.7,IF(I67=2,H67*0.8,IF(I67=3,H67*0.9,IF(I67=4,H67,IF(I67=5,H67*1.08,IF(I67=6,H67*1.16,IF(I67=7,H67*1.24,H67*1.32)))))))*2))) -> #N/A | L67: =IF(YEAR(F67)<2021, IF(J67/K67<=0.3, $Q$16, IF(J67/K67<=0.5, $Q$17, IF(J67/K67<=0.6, $Q$18, IF(J67/K67<=0.8, $Q$19, $Q$20)))), "") -> #N/A | M67: {=IF(C67="Vacant","Vacant",IF(C67="Manager","Manager",IF(C67="Market Rate","Market Rate",IF(L67<> "", L67, IF(I67<=4, INDEX(USDA_Buckets, MATCH(MIN(IF(INDIRECT("USDA_" & G67 & "_4P")>=J67, INDIRECT("USDA_" & G67 & "_4P"))), INDIRECT("USDA_" & G67 & "_4P"), 0), 1), INDEX(USDA_Buckets, MATCH(MIN(IF(INDIRECT("USDA_" & G67 & "_5P")>=J67, INDIRECT("USDA_" & G67 & "_5P"))), INDIRECT("USDA_" & G67 & "_5P"), 0), 1))))))} -> #N/A
A68: 47 | B68: =IF(C68="Vacant",C68,IF(C68="Manager",C68,IF(C68="Market Rate",C68,"Enter Tenant Name"))) -> Enter Tenant Name | G68: {=IF(C68<>"",C68,IF(F68="","",IF(YEAR(F68)<2021,TEXT(F68,"yyyy"),INDEX(Effective_Date_Year, MATCH(MAX(IF(Effective_Date<=F68, Effective_Date)), Effective_Date, 0), 1))))} | H68: =INDEX('Income Limits'!$C$3:$AH$372,MATCH('Rent Roll Worksheet'!$M$7,County,0),MATCH(G68,Year,1)) -> #N/A | K68: =IF(C68="Vacant","",IF(C68="Manager","",IF(C68="Market Rate","",IF(I68=1,H68*0.7,IF(I68=2,H68*0.8,IF(I68=3,H68*0.9,IF(I68=4,H68,IF(I68=5,H68*1.08,IF(I68=6,H68*1.16,IF(I68=7,H68*1.24,H68*1.32)))))))*2))) -> #N/A | L68: =IF(YEAR(F68)<2021, IF(J68/K68<=0.3, $Q$16, IF(J68/K68<=0.5, $Q$17, IF(J68/K68<=0.6, $Q$18, IF(J68/K68<=0.8, $Q$19, $Q$20)))), "") -> #N/A | M68: {=IF(C68="Vacant","Vacant",IF(C68="Manager","Manager",IF(C68="Market Rate","Market Rate",IF(L68<> "", L68, IF(I68<=4, INDEX(USDA_Buckets, MATCH(MIN(IF(INDIRECT("USDA_" & G68 & "_4P")>=J68, INDIRECT("USDA_" & G68 & "_4P"))), INDIRECT("USDA_" & G68 & "_4P"), 0), 1), INDEX(USDA_Buckets, MATCH(MIN(IF(INDIRECT("USDA_" & G68 & "_5P")>=J68, INDIRECT("USDA_" & G68 & "_5P"))), INDIRECT("USDA_" & G68 & "_5P"), 0), 1))))))} -> #N/A
A69: 48 | B69: =IF(C69="Vacant",C69,IF(C69="Manager",C69,IF(C69="Market Rate",C69,"Enter Tenant Name"))) -> Enter Tenant Name | G69: {=IF(C69<>"",C69,IF(F69="","",IF(YEAR(F69)<2021,TEXT(F69,"yyyy"),INDEX(Effective_Date_Year, MATCH(MAX(IF(Effective_Date<=F69, Effective_Date)), Effective_Date, 0), 1))))} | H69: =INDEX('Income Limits'!$C$3:$AH$372,MATCH('Rent Roll Worksheet'!$M$7,County,0),MATCH(G69,Year,1)) -> #N/A | K69: =IF(C69="Vacant","",IF(C69="Manager","",IF(C69="Market Rate","",IF(I69=1,H69*0.7,IF(I69=2,H69*0.8,IF(I69=3,H69*0.9,IF(I69=4,H69,IF(I69=5,H69*1.08,IF(I69=6,H69*1.16,IF(I69=7,H69*1.24,H69*1.32)))))))*2))) -> #N/A | L69: =IF(YEAR(F69)<2021, IF(J69/K69<=0.3, $Q$16, IF(J69/K69<=0.5, $Q$17, IF(J69/K69<=0.6, $Q$18, IF(J69/K69<=0.8, $Q$19, $Q$20)))), "") -> #N/A | M69: {=IF(C69="Vacant","Vacant",IF(C69="Manager","Manager",IF(C69="Market Rate","Market Rate",IF(L69<> "", L69, IF(I69<=4, INDEX(USDA_Buckets, MATCH(MIN(IF(INDIRECT("USDA_" & G69 & "_4P")>=J69, INDIRECT("USDA_" & G69 & "_4P"))), INDIRECT("USDA_" & G69 & "_4P"), 0), 1), INDEX(USDA_Buckets, MATCH(MIN(IF(INDIRECT("USDA_" & G69 & "_5P")>=J69, INDIRECT("USDA_" & G69 & "_5P"))), INDIRECT("USDA_" & G69 & "_5P"), 0), 1))))))} -> #N/A
A70: 49 | B70: =IF(C70="Vacant",C70,IF(C70="Manager",C70,IF(C70="Market Rate",C70,"Enter Tenant Name"))) -> Enter Tenant Name | G70: {=IF(C70<>"",C70,IF(F70="","",IF(YEAR(F70)<2021,TEXT(F70,"yyyy"),INDEX(Effective_Date_Year, MATCH(MAX(IF(Effective_Date<=F70, Effective_Date)), Effective_Date, 0), 1))))} | H70: =INDEX('Income Limits'!$C$3:$AH$372,MATCH('Rent Roll Worksheet'!$M$7,County,0),MATCH(G70,Year,1)) -> #N/A | K70: =IF(C70="Vacant","",IF(C70="Manager","",IF(C70="Market Rate","",IF(I70=1,H70*0.7,IF(I70=2,H70*0.8,IF(I70=3,H70*0.9,IF(I70=4,H70,IF(I70=5,H70*1.08,IF(I70=6,H70*1.16,IF(I70=7,H70*1.24,H70*1.32)))))))*2))) -> #N/A | L70: =IF(YEAR(F70)<2021, IF(J70/K70<=0.3, $Q$16, IF(J70/K70<=0.5, $Q$17, IF(J70/K70<=0.6, $Q$18, IF(J70/K70<=0.8, $Q$19, $Q$20)))), "") -> #N/A | M70: {=IF(C70="Vacant","Vacant",IF(C70="Manager","Manager",IF(C70="Market Rate","Market Rate",IF(L70<> "", L70, IF(I70<=4, INDEX(USDA_Buckets, MATCH(MIN(IF(INDIRECT("USDA_" & G70 & "_4P")>=J70, INDIRECT("USDA_" & G70 & "_4P"))), INDIRECT("USDA_" & G70 & "_4P"), 0), 1), INDEX(USDA_Buckets, MATCH(MIN(IF(INDIRECT("USDA_" & G70 & "_5P")>=J70, INDIRECT("USDA_" & G70 & "_5P"))), INDIRECT("USDA_" & G70 & "_5P"), 0), 1))))))} -> #N/A
A71: 50 | B71: =IF(C71="Vacant",C71,IF(C71="Manager",C71,IF(C71="Market Rate",C71,"Enter Tenant Name"))) -> Enter Tenant Name | G71: {=IF(C71<>"",C71,IF(F71="","",IF(YEAR(F71)<2021,TEXT(F71,"yyyy"),INDEX(Effective_Date_Year, MATCH(MAX(IF(Effective_Date<=F71, Effective_Date)), Effective_Date, 0), 1))))} | H71: =INDEX('Income Limits'!$C$3:$AH$372,MATCH('Rent Roll Worksheet'!$M$7,County,0),MATCH(G71,Year,1)) -> #N/A | K71: =IF(C71="Vacant","",IF(C71="Manager","",IF(C71="Market Rate","",IF(I71=1,H71*0.7,IF(I71=2,H71*0.8,IF(I71=3,H71*0.9,IF(I71=4,H71,IF(I71=5,H71*1.08,IF(I71=6,H71*1.16,IF(I71=7,H71*1.24,H71*1.32)))))))*2))) -> #N/A | L71: =IF(YEAR(F71)<2021, IF(J71/K71<=0.3, $Q$16, IF(J71/K71<=0.5, $Q$17, IF(J71/K71<=0.6, $Q$18, IF(J71/K71<=0.8, $Q$19, $Q$20)))), "") -> #N/A | M71: {=IF(C71="Vacant","Vacant",IF(C71="Manager","Manager",IF(C71="Market Rate","Market Rate",IF(L71<> "", L71, IF(I71<=4, INDEX(USDA_Buckets, MATCH(MIN(IF(INDIRECT("USDA_" & G71 & "_4P")>=J71, INDIRECT("USDA_" & G71 & "_4P"))), INDIRECT("USDA_" & G71 & "_4P"), 0), 1), INDEX(USDA_Buckets, MATCH(MIN(IF(INDIRECT("USDA_" & G71 & "_5P")>=J71, INDIRECT("USDA_" & G71 & "_5P"))), INDIRECT("USDA_" & G71 & "_5P"), 0), 1))))))} -> #N/A
A72: 51 | B72: =IF(C72="Vacant",C72,IF(C72="Manager",C72,IF(C72="Market Rate",C72,"Enter Tenant Name"))) -> Enter Tenant Name | G72: {=IF(C72<>"",C72,IF(F72="","",IF(YEAR(F72)<2021,TEXT(F72,"yyyy"),INDEX(Effective_Date_Year, MATCH(MAX(IF(Effective_Date<=F72, Effective_Date)), Effective_Date, 0), 1))))} | H72: =INDEX('Income Limits'!$C$3:$AH$372,MATCH('Rent Roll Worksheet'!$M$7,County,0),MATCH(G72,Year,1)) -> #N/A | K72: =IF(C72="Vacant","",IF(C72="Manager","",IF(C72="Market Rate","",IF(I72=1,H72*0.7,IF(I72=2,H72*0.8,IF(I72=3,H72*0.9,IF(I72=4,H72,IF(I72=5,H72*1.08,IF(I72=6,H72*1.16,IF(I72=7,H72*1.24,H72*1.32)))))))*2))) -> #N/A | L72: =IF(YEAR(F72)<2021, IF(J72/K72<=0.3, $Q$16, IF(J72/K72<=0.5, $Q$17, IF(J72/K72<=0.6, $Q$18, IF(J72/K72<=0.8, $Q$19, $Q$20)))), "") -> #N/A | M72: {=IF(C72="Vacant","Vacant",IF(C72="Manager","Manager",IF(C72="Market Rate","Market Rate",IF(L72<> "", L72, IF(I72<=4, INDEX(USDA_Buckets, MATCH(MIN(IF(INDIRECT("USDA_" & G72 & "_4P")>=J72, INDIRECT("USDA_" & G72 & "_4P"))), INDIRECT("USDA_" & G72 & "_4P"), 0), 1), INDEX(USDA_Buckets, MATCH(MIN(IF(INDIRECT("USDA_" & G72 & "_5P")>=J72, INDIRECT("USDA_" & G72 & "_5P"))), INDIRECT("USDA_" & G72 & "_5P"), 0), 1))))))} -> #N/A
A73: 52 | B73: =IF(C73="Vacant",C73,IF(C73="Manager",C73,IF(C73="Market Rate",C73,"Enter Tenant Name"))) -> Enter Tenant Name | G73: {=IF(C73<>"",C73,IF(F73="","",IF(YEAR(F73)<2021,TEXT(F73,"yyyy"),INDEX(Effective_Date_Year, MATCH(MAX(IF(Effective_Date<=F73, Effective_Date)), Effective_Date, 0), 1))))} | H73: =INDEX('Income Limits'!$C$3:$AH$372,MATCH('Rent Roll Worksheet'!$M$7,County,0),MATCH(G73,Year,1)) -> #N/A | K73: =IF(C73="Vacant","",IF(C73="Manager","",IF(C73="Market Rate","",IF(I73=1,H73*0.7,IF(I73=2,H73*0.8,IF(I73=3,H73*0.9,IF(I73=4,H73,IF(I73=5,H73*1.08,IF(I73=6,H73*1.16,IF(I73=7,H73*1.24,H73*1.32)))))))*2))) -> #N/A | L73: =IF(YEAR(F73)<2021, IF(J73/K73<=0.3, $Q$16, IF(J73/K73<=0.5, $Q$17, IF(J73/K73<=0.6, $Q$18, IF(J73/K73<=0.8, $Q$19, $Q$20)))), "") -> #N/A | M73: {=IF(C73="Vacant","Vacant",IF(C73="Manager","Manager",IF(C73="Market Rate","Market Rate",IF(L73<> "", L73, IF(I73<=4, INDEX(USDA_Buckets, MATCH(MIN(IF(INDIRECT("USDA_" & G73 & "_4P")>=J73, INDIRECT("USDA_" & G73 & "_4P"))), INDIRECT("USDA_" & G73 & "_4P"), 0), 1), INDEX(USDA_Buckets, MATCH(MIN(IF(INDIRECT("USDA_" & G73 & "_5P")>=J73, INDIRECT("USDA_" & G73 & "_5P"))), INDIRECT("USDA_" & G73 & "_5P"), 0), 1))))))} -> #N/A
A74: 53 | B74: =IF(C74="Vacant",C74,IF(C74="Manager",C74,IF(C74="Market Rate",C74,"Enter Tenant Name"))) -> Enter Tenant Name | G74: {=IF(C74<>"",C74,IF(F74="","",IF(YEAR(F74)<2021,TEXT(F74,"yyyy"),INDEX(Effective_Date_Year, MATCH(MAX(IF(Effective_Date<=F74, Effective_Date)), Effective_Date, 0), 1))))} | H74: =INDEX('Income Limits'!$C$3:$AH$372,MATCH('Rent Roll Worksheet'!$M$7,County,0),MATCH(G74,Year,1)) -> #N/A | K74: =IF(C74="Vacant","",IF(C74="Manager","",IF(C74="Market Rate","",IF(I74=1,H74*0.7,IF(I74=2,H74*0.8,IF(I74=3,H74*0.9,IF(I74=4,H74,IF(I74=5,H74*1.08,IF(I74=6,H74*1.16,IF(I74=7,H74*1.24,H74*1.32)))))))*2))) -> #N/A | L74: =IF(YEAR(F74)<2021, IF(J74/K74<=0.3, $Q$16, IF(J74/K74<=0.5, $Q$17, IF(J74/K74<=0.6, $Q$18, IF(J74/K74<=0.8, $Q$19, $Q$20)))), "") -> #N/A | M74: {=IF(C74="Vacant","Vacant",IF(C74="Manager","Manager",IF(C74="Market Rate","Market Rate",IF(L74<> "", L74, IF(I74<=4, INDEX(USDA_Buckets, MATCH(MIN(IF(INDIRECT("USDA_" & G74 & "_4P")>=J74, INDIRECT("USDA_" & G74 & "_4P"))), INDIRECT("USDA_" & G74 & "_4P"), 0), 1), INDEX(USDA_Buckets, MATCH(MIN(IF(INDIRECT("USDA_" & G74 & "_5P")>=J74, INDIRECT("USDA_" & G74 & "_5P"))), INDIRECT("USDA_" & G74 & "_5P"), 0), 1))))))} -> #N/A
A75: 54 | B75: =IF(C75="Vacant",C75,IF(C75="Manager",C75,IF(C75="Market Rate",C75,"Enter Tenant Name"))) -> Enter Tenant Name | G75: {=IF(C75<>"",C75,IF(F75="","",IF(YEAR(F75)<2021,TEXT(F75,"yyyy"),INDEX(Effective_Date_Year, MATCH(MAX(IF(Effective_Date<=F75, Effective_Date)), Effective_Date, 0), 1))))} | H75: =INDEX('Income Limits'!$C$3:$AH$372,MATCH('Rent Roll Worksheet'!$M$7,County,0),MATCH(G75,Year,1)) -> #N/A | K75: =IF(C75="Vacant","",IF(C75="Manager","",IF(C75="Market Rate","",IF(I75=1,H75*0.7,IF(I75=2,H75*0.8,IF(I75=3,H75*0.9,IF(I75=4,H75,IF(I75=5,H75*1.08,IF(I75=6,H75*1.16,IF(I75=7,H75*1.24,H75*1.32)))))))*2))) -> #N/A | L75: =IF(YEAR(F75)<2021, IF(J75/K75<=0.3, $Q$16, IF(J75/K75<=0.5, $Q$17, IF(J75/K75<=0.6, $Q$18, IF(J75/K75<=0.8, $Q$19, $Q$20)))), "") -> #N/A | M75: {=IF(C75="Vacant","Vacant",IF(C75="Manager","Manager",IF(C75="Market Rate","Market Rate",IF(L75<> "", L75, IF(I75<=4, INDEX(USDA_Buckets, MATCH(MIN(IF(INDIRECT("USDA_" & G75 & "_4P")>=J75, INDIRECT("USDA_" & G75 & "_4P"))), INDIRECT("USDA_" & G75 & "_4P"), 0), 1), INDEX(USDA_Buckets, MATCH(MIN(IF(INDIRECT("USDA_" & G75 & "_5P")>=J75, INDIRECT("USDA_" & G75 & "_5P"))), INDIRECT("USDA_" & G75 & "_5P"), 0), 1))))))} -> #N/A
A76: 55 | B76: =IF(C76="Vacant",C76,IF(C76="Manager",C76,IF(C76="Market Rate",C76,"Enter Tenant Name"))) -> Enter Tenant Name | G76: {=IF(C76<>"",C76,IF(F76="","",IF(YEAR(F76)<2021,TEXT(F76,"yyyy"),INDEX(Effective_Date_Year, MATCH(MAX(IF(Effective_Date<=F76, Effective_Date)), Effective_Date, 0), 1))))} | H76: =INDEX('Income Limits'!$C$3:$AH$372,MATCH('Rent Roll Worksheet'!$M$7,County,0),MATCH(G76,Year,1)) -> #N/A | K76: =IF(C76="Vacant","",IF(C76="Manager","",IF(C76="Market Rate","",IF(I76=1,H76*0.7,IF(I76=2,H76*0.8,IF(I76=3,H76*0.9,IF(I76=4,H76,IF(I76=5,H76*1.08,IF(I76=6,H76*1.16,IF(I76=7,H76*1.24,H76*1.32)))))))*2))) -> #N/A | L76: =IF(YEAR(F76)<2021, IF(J76/K76<=0.3, $Q$16, IF(J76/K76<=0.5, $Q$17, IF(J76/K76<=0.6, $Q$18, IF(J76/K76<=0.8, $Q$19, $Q$20)))), "") -> #N/A | M76: {=IF(C76="Vacant","Vacant",IF(C76="Manager","Manager",IF(C76="Market Rate","Market Rate",IF(L76<> "", L76, IF(I76<=4, INDEX(USDA_Buckets, MATCH(MIN(IF(INDIRECT("USDA_" & G76 & "_4P")>=J76, INDIRECT("USDA_" & G76 & "_4P"))), INDIRECT("USDA_" & G76 & "_4P"), 0), 1), INDEX(USDA_Buckets, MATCH(MIN(IF(INDIRECT("USDA_" & G76 & "_5P")>=J76, INDIRECT("USDA_" & G76 & "_5P"))), INDIRECT("USDA_" & G76 & "_5P"), 0), 1))))))} -> #N/A
A77: 56 | B77: =IF(C77="Vacant",C77,IF(C77="Manager",C77,IF(C77="Market Rate",C77,"Enter Tenant Name"))) -> Enter Tenant Name | G77: {=IF(C77<>"",C77,IF(F77="","",IF(YEAR(F77)<2021,TEXT(F77,"yyyy"),INDEX(Effective_Date_Year, MATCH(MAX(IF(Effective_Date<=F77, Effective_Date)), Effective_Date, 0), 1))))} | H77: =INDEX('Income Limits'!$C$3:$AH$372,MATCH('Rent Roll Worksheet'!$M$7,County,0),MATCH(G77,Year,1)) -> #N/A | K77: =IF(C77="Vacant","",IF(C77="Manager","",IF(C77="Market Rate","",IF(I77=1,H77*0.7,IF(I77=2,H77*0.8,IF(I77=3,H77*0.9,IF(I77=4,H77,IF(I77=5,H77*1.08,IF(I77=6,H77*1.16,IF(I77=7,H77*1.24,H77*1.32)))))))*2))) -> #N/A | L77: =IF(YEAR(F77)<2021, IF(J77/K77<=0.3, $Q$16, IF(J77/K77<=0.5, $Q$17, IF(J77/K77<=0.6, $Q$18, IF(J77/K77<=0.8, $Q$19, $Q$20)))), "") -> #N/A | M77: {=IF(C77="Vacant","Vacant",IF(C77="Manager","Manager",IF(C77="Market Rate","Market Rate",IF(L77<> "", L77, IF(I77<=4, INDEX(USDA_Buckets, MATCH(MIN(IF(INDIRECT("USDA_" & G77 & "_4P")>=J77, INDIRECT("USDA_" & G77 & "_4P"))), INDIRECT("USDA_" & G77 & "_4P"), 0), 1), INDEX(USDA_Buckets, MATCH(MIN(IF(INDIRECT("USDA_" & G77 & "_5P")>=J77, INDIRECT("USDA_" & G77 & "_5P"))), INDIRECT("USDA_" & G77 & "_5P"), 0), 1))))))} -> #N/A
... A121: 100 | B121: =IF(C121="Vacant",C121,IF(C121="Manager",C121,IF(C121="Market Rate",C121,"Enter Tenant Name"))) -> Enter Tenant Name | G121: {=IF(C121<>"",C121,IF(F121="","",IF(YEAR(F121)<2021,TEXT(F121,"yyyy"),INDEX(Effective_Date_Year, MATCH(MAX(IF(Effective_Date<=F121, Effective_Date)), Effective_Date, 0), 1))))} | H121: =INDEX('Income Limits'!$C$3:$AH$372,MATCH('Rent Roll Worksheet'!$M$7,County,0),MATCH(G121,Year,1)) -> #N/A | K121: =IF(C121="Vacant","",IF(C121="Manager","",IF(C121="Market Rate","",IF(I121=1,H121*0.7,IF(I121=2,H121*0.8,IF(I121=3,H121*0.9,IF(I121=4,H121,IF(I121=5,H121*1.08,IF(I121=6,H121*1.16,IF(I121=7,H121*1.24,H121*1.32)))))))*2))) -> #N/A | L121: =IF(YEAR(F121)<2021, IF(J121/K121<=0.3, $Q$16, IF(J121/K121<=0.5, $Q$17, IF(J121/K121<=0.6, $Q$18, IF(J121/K121<=0.8, $Q$19, $Q$20)))), "") -> #N/A | M121: {=IF(C121="Vacant","Vacant",IF(C121="Manager","Manager",IF(C121="Market Rate","Market Rate",IF(L121<> "", L121, IF(I121<=4, INDEX(USDA_Buckets, MATCH(MIN(IF(INDIRECT("USDA_" & G121 & "_4P")>=J121, INDIRECT("USDA_" & G121 & "_4P"))), INDIRECT("USDA_" & G121 & "_4P"), 0), 1), INDEX(USDA_Buckets, MATCH(MIN(IF(INDIRECT("USDA_" & G121 & "_5P")>=J121, INDIRECT("USDA_" & G121 & "_5P"))), INDIRECT("USDA_" & G121 & "_5P"), 0), 1))))))} -> #N/A
A122: Explanation:
A125: No. | B125: Head of Household Name | C125: Type of Unit | D125: Unit # | E125: # of Bedrooms | F125: Income Cert Date Move In or recertification w/in 3 years of TIW date | G125: Income Cert Year | H125: 50% AMI | I125: Household Size | J125: Annual Income as of Certification Date | K125: HUD 100% AMI for HH Size | M125: % AMI at Move In | N125: Tenant Portion Monthly Rent | O125: Total Monthly Rent
A129: 101 | B129: =IF(C129="Vacant",C129,IF(C129="Manager",C129,IF(C129="Market Rate",C129,"Enter Tenant Name"))) -> Enter Tenant Name | G129: {=IF(C129<>"",C129,IF(F129="","",IF(YEAR(F129)<2021,TEXT(F129,"yyyy"),INDEX(Effective_Date_Year, MATCH(MAX(IF(Effective_Date<=F129, Effective_Date)), Effective_Date, 0), 1))))} | H129: =INDEX('Income Limits'!$C$3:$AH$372,MATCH('Rent Roll Worksheet'!$M$7,County,0),MATCH(G129,Year,1)) -> #N/A | K129: =IF(C129="Vacant","",IF(C129="Manager","",IF(C129="Market Rate","",IF(I129=1,H129*0.7,IF(I129=2,H129*0.8,IF(I129=3,H129*0.9,IF(I129=4,H129,IF(I129=5,H129*1.08,IF(I129=6,H129*1.16,IF(I129=7,H129*1.24,H129*1.32)))))))*2))) -> #N/A | L129: =IF(YEAR(F129)<2021, IF(J129/K129<=0.3, $Q$16, IF(J129/K129<=0.5, $Q$17, IF(J129/K129<=0.6, $Q$18, IF(J129/K129<=0.8, $Q$19, $Q$20)))), "") -> #N/A | M129: {=IF(C129="Vacant","Vacant",IF(C129="Manager","Manager",IF(C129="Market Rate","Market Rate",IF(L129<> "", L129, IF(I129<=4, INDEX(USDA_Buckets, MATCH(MIN(IF(INDIRECT("USDA_" & G129 & "_4P")>=J129, INDIRECT("USDA_" & G129 & "_4P"))), INDIRECT("USDA_" & G129 & "_4P"), 0), 1), INDEX(USDA_Buckets, MATCH(MIN(IF(INDIRECT("USDA_" & G129 & "_5P")>=J129, INDIRECT("USDA_" & G129 & "_5P"))), INDIRECT("USDA_" & G129 & "_5P"), 0), 1))))))} -> #N/A
A130: 102 | B130: =IF(C130="Vacant",C130,IF(C130="Manager",C130,IF(C130="Market Rate",C130,"Enter Tenant Name"))) -> Enter Tenant Name | G130: {=IF(C130<>"",C130,IF(F130="","",IF(YEAR(F130)<2021,TEXT(F130,"yyyy"),INDEX(Effective_Date_Year, MATCH(MAX(IF(Effective_Date<=F130, Effective_Date)), Effective_Date, 0), 1))))} | H130: =INDEX('Income Limits'!$C$3:$AH$372,MATCH('Rent Roll Worksheet'!$M$7,County,0),MATCH(G130,Year,1)) -> #N/A | K130: =IF(C130="Vacant","",IF(C130="Manager","",IF(C130="Market Rate","",IF(I130=1,H130*0.7,IF(I130=2,H130*0.8,IF(I130=3,H130*0.9,IF(I130=4,H130,IF(I130=5,H130*1.08,IF(I130=6,H130*1.16,IF(I130=7,H130*1.24,H130*1.32)))))))*2))) -> #N/A | L130: =IF(YEAR(F130)<2021, IF(J130/K130<=0.3, $Q$16, IF(J130/K130<=0.5, $Q$17, IF(J130/K130<=0.6, $Q$18, IF(J130/K130<=0.8, $Q$19, $Q$20)))), "") -> #N/A | M130: {=IF(C130="Vacant","Vacant",IF(C130="Manager","Manager",IF(C130="Market Rate","Market Rate",IF(L130<> "", L130, IF(I130<=4, INDEX(USDA_Buckets, MATCH(MIN(IF(INDIRECT("USDA_" & G130 & "_4P")>=J130, INDIRECT("USDA_" & G130 & "_4P"))), INDIRECT("USDA_" & G130 & "_4P"), 0), 1), INDEX(USDA_Buckets, MATCH(MIN(IF(INDIRECT("USDA_" & G130 & "_5P")>=J130, INDIRECT("USDA_" & G130 & "_5P"))), INDIRECT("USDA_" & G130 & "_5P"), 0), 1))))))} -> #N/A
A131: 103 | B131: =IF(C131="Vacant",C131,IF(C131="Manager",C131,IF(C131="Market Rate",C131,"Enter Tenant Name"))) -> Enter Tenant Name | G131: {=IF(C131<>"",C131,IF(F131="","",IF(YEAR(F131)<2021,TEXT(F131,"yyyy"),INDEX(Effective_Date_Year, MATCH(MAX(IF(Effective_Date<=F131, Effective_Date)), Effective_Date, 0), 1))))} | H131: =INDEX('Income Limits'!$C$3:$AH$372,MATCH('Rent Roll Worksheet'!$M$7,County,0),MATCH(G131,Year,1)) -> #N/A | K131: =IF(C131="Vacant","",IF(C131="Manager","",IF(C131="Market Rate","",IF(I131=1,H131*0.7,IF(I131=2,H131*0.8,IF(I131=3,H131*0.9,IF(I131=4,H131,IF(I131=5,H131*1.08,IF(I131=6,H131*1.16,IF(I131=7,H131*1.24,H131*1.32)))))))*2))) -> #N/A | L131: =IF(YEAR(F131)<2021, IF(J131/K131<=0.3, $Q$16, IF(J131/K131<=0.5, $Q$17, IF(J131/K131<=0.6, $Q$18, IF(J131/K131<=0.8, $Q$19, $Q$20)))), "") -> #N/A | M131: {=IF(C131="Vacant","Vacant",IF(C131="Manager","Manager",IF(C131="Market Rate","Market Rate",IF(L131<> "", L131, IF(I131<=4, INDEX(USDA_Buckets, MATCH(MIN(IF(INDIRECT("USDA_" & G131 & "_4P")>=J131, INDIRECT("USDA_" & G131 & "_4P"))), INDIRECT("USDA_" & G131 & "_4P"), 0), 1), INDEX(USDA_Buckets, MATCH(MIN(IF(INDIRECT("USDA_" & G131 & "_5P")>=J131, INDIRECT("USDA_" & G131 & "_5P"))), INDIRECT("USDA_" & G131 & "_5P"), 0), 1))))))} -> #N/A
A132: 104 | B132: =IF(C132="Vacant",C132,IF(C132="Manager",C132,IF(C132="Market Rate",C132,"Enter Tenant Name"))) -> Enter Tenant Name | G132: {=IF(C132<>"",C132,IF(F132="","",IF(YEAR(F132)<2021,TEXT(F132,"yyyy"),INDEX(Effective_Date_Year, MATCH(MAX(IF(Effective_Date<=F132, Effective_Date)), Effective_Date, 0), 1))))} | H132: =INDEX('Income Limits'!$C$3:$AH$372,MATCH('Rent Roll Worksheet'!$M$7,County,0),MATCH(G132,Year,1)) -> #N/A | K132: =IF(C132="Vacant","",IF(C132="Manager","",IF(C132="Market Rate","",IF(I132=1,H132*0.7,IF(I132=2,H132*0.8,IF(I132=3,H132*0.9,IF(I132=4,H132,IF(I132=5,H132*1.08,IF(I132=6,H132*1.16,IF(I132=7,H132*1.24,H132*1.32)))))))*2))) -> #N/A | L132: =IF(YEAR(F132)<2021, IF(J132/K132<=0.3, $Q$16, IF(J132/K132<=0.5, $Q$17, IF(J132/K132<=0.6, $Q$18, IF(J132/K132<=0.8, $Q$19, $Q$20)))), "") -> #N/A | M132: {=IF(C132="Vacant","Vacant",IF(C132="Manager","Manager",IF(C132="Market Rate","Market Rate",IF(L132<> "", L132, IF(I132<=4, INDEX(USDA_Buckets, MATCH(MIN(IF(INDIRECT("USDA_" & G132 & "_4P")>=J132, INDIRECT("USDA_" & G132 & "_4P"))), INDIRECT("USDA_" & G132 & "_4P"), 0), 1), INDEX(USDA_Buckets, MATCH(MIN(IF(INDIRECT("USDA_" & G132 & "_5P")>=J132, INDIRECT("USDA_" & G132 & "_5P"))), INDIRECT("USDA_" & G132 & "_5P"), 0), 1))))))} -> #N/A
A133: 105 | B133: =IF(C133="Vacant",C133,IF(C133="Manager",C133,IF(C133="Market Rate",C133,"Enter Tenant Name"))) -> Enter Tenant Name | G133: {=IF(C133<>"",C133,IF(F133="","",IF(YEAR(F133)<2021,TEXT(F133,"yyyy"),INDEX(Effective_Date_Year, MATCH(MAX(IF(Effective_Date<=F133, Effective_Date)), Effective_Date, 0), 1))))} | H133: =INDEX('Income Limits'!$C$3:$AH$372,MATCH('Rent Roll Worksheet'!$M$7,County,0),MATCH(G133,Year,1)) -> #N/A | K133: =IF(C133="Vacant","",IF(C133="Manager","",IF(C133="Market Rate","",IF(I133=1,H133*0.7,IF(I133=2,H133*0.8,IF(I133=3,H133*0.9,IF(I133=4,H133,IF(I133=5,H133*1.08,IF(I133=6,H133*1.16,IF(I133=7,H133*1.24,H133*1.32)))))))*2))) -> #N/A | L133: =IF(YEAR(F133)<2021, IF(J133/K133<=0.3, $Q$16, IF(J133/K133<=0.5, $Q$17, IF(J133/K133<=0.6, $Q$18, IF(J133/K133<=0.8, $Q$19, $Q$20)))), "") -> #N/A | M133: {=IF(C133="Vacant","Vacant",IF(C133="Manager","Manager",IF(C133="Market Rate","Market Rate",IF(L133<> "", L133, IF(I133<=4, INDEX(USDA_Buckets, MATCH(MIN(IF(INDIRECT("USDA_" & G133 & "_4P")>=J133, INDIRECT("USDA_" & G133 & "_4P"))), INDIRECT("USDA_" & G133 & "_4P"), 0), 1), INDEX(USDA_Buckets, MATCH(MIN(IF(INDIRECT("USDA_" & G133 & "_5P")>=J133, INDIRECT("USDA_" & G133 & "_5P"))), INDIRECT("USDA_" & G133 & "_5P"), 0), 1))))))} -> #N/A
A134: 106 | B134: =IF(C134="Vacant",C134,IF(C134="Manager",C134,IF(C134="Market Rate",C134,"Enter Tenant Name"))) -> Enter Tenant Name | G134: {=IF(C134<>"",C134,IF(F134="","",IF(YEAR(F134)<2021,TEXT(F134,"yyyy"),INDEX(Effective_Date_Year, MATCH(MAX(IF(Effective_Date<=F134, Effective_Date)), Effective_Date, 0), 1))))} | H134: =INDEX('Income Limits'!$C$3:$AH$372,MATCH('Rent Roll Worksheet'!$M$7,County,0),MATCH(G134,Year,1)) -> #N/A | K134: =IF(C134="Vacant","",IF(C134="Manager","",IF(C134="Market Rate","",IF(I134=1,H134*0.7,IF(I134=2,H134*0.8,IF(I134=3,H134*0.9,IF(I134=4,H134,IF(I134=5,H134*1.08,IF(I134=6,H134*1.16,IF(I134=7,H134*1.24,H134*1.32)))))))*2))) -> #N/A | L134: =IF(YEAR(F134)<2021, IF(J134/K134<=0.3, $Q$16, IF(J134/K134<=0.5, $Q$17, IF(J134/K134<=0.6, $Q$18, IF(J134/K134<=0.8, $Q$19, $Q$20)))), "") -> #N/A | M134: {=IF(C134="Vacant","Vacant",IF(C134="Manager","Manager",IF(C134="Market Rate","Market Rate",IF(L134<> "", L134, IF(I134<=4, INDEX(USDA_Buckets, MATCH(MIN(IF(INDIRECT("USDA_" & G134 & "_4P")>=J134, INDIRECT("USDA_" & G134 & "_4P"))), INDIRECT("USDA_" & G134 & "_4P"), 0), 1), INDEX(USDA_Buckets, MATCH(MIN(IF(INDIRECT("USDA_" & G134 & "_5P")>=J134, INDIRECT("USDA_" & G134 & "_5P"))), INDIRECT("USDA_" & G134 & "_5P"), 0), 1))))))} -> #N/A
A135: 107 | B135: =IF(C135="Vacant",C135,IF(C135="Manager",C135,IF(C135="Market Rate",C135,"Enter Tenant Name"))) -> Enter Tenant Name | G135: {=IF(C135<>"",C135,IF(F135="","",IF(YEAR(F135)<2021,TEXT(F135,"yyyy"),INDEX(Effective_Date_Year, MATCH(MAX(IF(Effective_Date<=F135, Effective_Date)), Effective_Date, 0), 1))))} | H135: =INDEX('Income Limits'!$C$3:$AH$372,MATCH('Rent Roll Worksheet'!$M$7,County,0),MATCH(G135,Year,1)) -> #N/A | K135: =IF(C135="Vacant","",IF(C135="Manager","",IF(C135="Market Rate","",IF(I135=1,H135*0.7,IF(I135=2,H135*0.8,IF(I135=3,H135*0.9,IF(I135=4,H135,IF(I135=5,H135*1.08,IF(I135=6,H135*1.16,IF(I135=7,H135*1.24,H135*1.32)))))))*2))) -> #N/A | L135: =IF(YEAR(F135)<2021, IF(J135/K135<=0.3, $Q$16, IF(J135/K135<=0.5, $Q$17, IF(J135/K135<=0.6, $Q$18, IF(J135/K135<=0.8, $Q$19, $Q$20)))), "") -> #N/A | M135: {=IF(C135="Vacant","Vacant",IF(C135="Manager","Manager",IF(C135="Market Rate","Market Rate",IF(L135<> "", L135, IF(I135<=4, INDEX(USDA_Buckets, MATCH(MIN(IF(INDIRECT("USDA_" & G135 & "_4P")>=J135, INDIRECT("USDA_" & G135 & "_4P"))), INDIRECT("USDA_" & G135 & "_4P"), 0), 1), INDEX(USDA_Buckets, MATCH(MIN(IF(INDIRECT("USDA_" & G135 & "_5P")>=J135, INDIRECT("USDA_" & G135 & "_5P"))), INDIRECT("USDA_" & G135 & "_5P"), 0), 1))))))} -> #N/A
A136: 108 | B136: =IF(C136="Vacant",C136,IF(C136="Manager",C136,IF(C136="Market Rate",C136,"Enter Tenant Name"))) -> Enter Tenant Name | G136: {=IF(C136<>"",C136,IF(F136="","",IF(YEAR(F136)<2021,TEXT(F136,"yyyy"),INDEX(Effective_Date_Year, MATCH(MAX(IF(Effective_Date<=F136, Effective_Date)), Effective_Date, 0), 1))))} | H136: =INDEX('Income Limits'!$C$3:$AH$372,MATCH('Rent Roll Worksheet'!$M$7,County,0),MATCH(G136,Year,1)) -> #N/A | K136: =IF(C136="Vacant","",IF(C136="Manager","",IF(C136="Market Rate","",IF(I136=1,H136*0.7,IF(I136=2,H136*0.8,IF(I136=3,H136*0.9,IF(I136=4,H136,IF(I136=5,H136*1.08,IF(I136=6,H136*1.16,IF(I136=7,H136*1.24,H136*1.32)))))))*2))) -> #N/A | L136: =IF(YEAR(F136)<2021, IF(J136/K136<=0.3, $Q$16, IF(J136/K136<=0.5, $Q$17, IF(J136/K136<=0.6, $Q$18, IF(J136/K136<=0.8, $Q$19, $Q$20)))), "") -> #N/A | M136: {=IF(C136="Vacant","Vacant",IF(C136="Manager","Manager",IF(C136="Market Rate","Market Rate",IF(L136<> "", L136, IF(I136<=4, INDEX(USDA_Buckets, MATCH(MIN(IF(INDIRECT("USDA_" & G136 & "_4P")>=J136, INDIRECT("USDA_" & G136 & "_4P"))), INDIRECT("USDA_" & G136 & "_4P"), 0), 1), INDEX(USDA_Buckets, MATCH(MIN(IF(INDIRECT("USDA_" & G136 & "_5P")>=J136, INDIRECT("USDA_" & G136 & "_5P"))), INDIRECT("USDA_" & G136 & "_5P"), 0), 1))))))} -> #N/A
A137: 109 | B137: =IF(C137="Vacant",C137,IF(C137="Manager",C137,IF(C137="Market Rate",C137,"Enter Tenant Name"))) -> Enter Tenant Name | G137: {=IF(C137<>"",C137,IF(F137="","",IF(YEAR(F137)<2021,TEXT(F137,"yyyy"),INDEX(Effective_Date_Year, MATCH(MAX(IF(Effective_Date<=F137, Effective_Date)), Effective_Date, 0), 1))))} | H137: =INDEX('Income Limits'!$C$3:$AH$372,MATCH('Rent Roll Worksheet'!$M$7,County,0),MATCH(G137,Year,1)) -> #N/A | K137: =IF(C137="Vacant","",IF(C137="Manager","",IF(C137="Market Rate","",IF(I137=1,H137*0.7,IF(I137=2,H137*0.8,IF(I137=3,H137*0.9,IF(I137=4,H137,IF(I137=5,H137*1.08,IF(I137=6,H137*1.16,IF(I137=7,H137*1.24,H137*1.32)))))))*2))) -> #N/A | L137: =IF(YEAR(F137)<2021, IF(J137/K137<=0.3, $Q$16, IF(J137/K137<=0.5, $Q$17, IF(J137/K137<=0.6, $Q$18, IF(J137/K137<=0.8, $Q$19, $Q$20)))), "") -> #N/A | M137: {=IF(C137="Vacant","Vacant",IF(C137="Manager","Manager",IF(C137="Market Rate","Market Rate",IF(L137<> "", L137, IF(I137<=4, INDEX(USDA_Buckets, MATCH(MIN(IF(INDIRECT("USDA_" & G137 & "_4P")>=J137, INDIRECT("USDA_" & G137 & "_4P"))), INDIRECT("USDA_" & G137 & "_4P"), 0), 1), INDEX(USDA_Buckets, MATCH(MIN(IF(INDIRECT("USDA_" & G137 & "_5P")>=J137, INDIRECT("USDA_" & G137 & "_5P"))), INDIRECT("USDA_" & G137 & "_5P"), 0), 1))))))} -> #N/A
A138: 110 | B138: =IF(C138="Vacant",C138,IF(C138="Manager",C138,IF(C138="Market Rate",C138,"Enter Tenant Name"))) -> Enter Tenant Name | G138: {=IF(C138<>"",C138,IF(F138="","",IF(YEAR(F138)<2021,TEXT(F138,"yyyy"),INDEX(Effective_Date_Year, MATCH(MAX(IF(Effective_Date<=F138, Effective_Date)), Effective_Date, 0), 1))))} | H138: =INDEX('Income Limits'!$C$3:$AH$372,MATCH('Rent Roll Worksheet'!$M$7,County,0),MATCH(G138,Year,1)) -> #N/A | K138: =IF(C138="Vacant","",IF(C138="Manager","",IF(C138="Market Rate","",IF(I138=1,H138*0.7,IF(I138=2,H138*0.8,IF(I138=3,H138*0.9,IF(I138=4,H138,IF(I138=5,H138*1.08,IF(I138=6,H138*1.16,IF(I138=7,H138*1.24,H138*1.32)))))))*2))) -> #N/A | L138: =IF(YEAR(F138)<2021, IF(J138/K138<=0.3, $Q$16, IF(J138/K138<=0.5, $Q$17, IF(J138/K138<=0.6, $Q$18, IF(J138/K138<=0.8, $Q$19, $Q$20)))), "") -> #N/A | M138: {=IF(C138="Vacant","Vacant",IF(C138="Manager","Manager",IF(C138="Market Rate","Market Rate",IF(L138<> "", L138, IF(I138<=4, INDEX(USDA_Buckets, MATCH(MIN(IF(INDIRECT("USDA_" & G138 & "_4P")>=J138, INDIRECT("USDA_" & G138 & "_4P"))), INDIRECT("USDA_" & G138 & "_4P"), 0), 1), INDEX(USDA_Buckets, MATCH(MIN(IF(INDIRECT("USDA_" & G138 & "_5P")>=J138, INDIRECT("USDA_" & G138 & "_5P"))), INDIRECT("USDA_" & G138 & "_5P"), 0), 1))))))} -> #N/A
A139: 111 | B139: =IF(C139="Vacant",C139,IF(C139="Manager",C139,IF(C139="Market Rate",C139,"Enter Tenant Name"))) -> Enter Tenant Name | G139: {=IF(C139<>"",C139,IF(F139="","",IF(YEAR(F139)<2021,TEXT(F139,"yyyy"),INDEX(Effective_Date_Year, MATCH(MAX(IF(Effective_Date<=F139, Effective_Date)), Effective_Date, 0), 1))))} | H139: =INDEX('Income Limits'!$C$3:$AH$372,MATCH('Rent Roll Worksheet'!$M$7,County,0),MATCH(G139,Year,1)) -> #N/A | K139: =IF(C139="Vacant","",IF(C139="Manager","",IF(C139="Market Rate","",IF(I139=1,H139*0.7,IF(I139=2,H139*0.8,IF(I139=3,H139*0.9,IF(I139=4,H139,IF(I139=5,H139*1.08,IF(I139=6,H139*1.16,IF(I139=7,H139*1.24,H139*1.32)))))))*2))) -> #N/A | L139: =IF(YEAR(F139)<2021, IF(J139/K139<=0.3, $Q$16, IF(J139/K139<=0.5, $Q$17, IF(J139/K139<=0.6, $Q$18, IF(J139/K139<=0.8, $Q$19, $Q$20)))), "") -> #N/A | M139: {=IF(C139="Vacant","Vacant",IF(C139="Manager","Manager",IF(C139="Market Rate","Market Rate",IF(L139<> "", L139, IF(I139<=4, INDEX(USDA_Buckets, MATCH(MIN(IF(INDIRECT("USDA_" & G139 & "_4P")>=J139, INDIRECT("USDA_" & G139 & "_4P"))), INDIRECT("USDA_" & G139 & "_4P"), 0), 1), INDEX(USDA_Buckets, MATCH(MIN(IF(INDIRECT("USDA_" & G139 & "_5P")>=J139, INDIRECT("USDA_" & G139 & "_5P"))), INDIRECT("USDA_" & G139 & "_5P"), 0), 1))))))} -> #N/A
A140: 112 | B140: =IF(C140="Vacant",C140,IF(C140="Manager",C140,IF(C140="Market Rate",C140,"Enter Tenant Name"))) -> Enter Tenant Name | G140: {=IF(C140<>"",C140,IF(F140="","",IF(YEAR(F140)<2021,TEXT(F140,"yyyy"),INDEX(Effective_Date_Year, MATCH(MAX(IF(Effective_Date<=F140, Effective_Date)), Effective_Date, 0), 1))))} | H140: =INDEX('Income Limits'!$C$3:$AH$372,MATCH('Rent Roll Worksheet'!$M$7,County,0),MATCH(G140,Year,1)) -> #N/A | K140: =IF(C140="Vacant","",IF(C140="Manager","",IF(C140="Market Rate","",IF(I140=1,H140*0.7,IF(I140=2,H140*0.8,IF(I140=3,H140*0.9,IF(I140=4,H140,IF(I140=5,H140*1.08,IF(I140=6,H140*1.16,IF(I140=7,H140*1.24,H140*1.32)))))))*2))) -> #N/A | L140: =IF(YEAR(F140)<2021, IF(J140/K140<=0.3, $Q$16, IF(J140/K140<=0.5, $Q$17, IF(J140/K140<=0.6, $Q$18, IF(J140/K140<=0.8, $Q$19, $Q$20)))), "") -> #N/A | M140: {=IF(C140="Vacant","Vacant",IF(C140="Manager","Manager",IF(C140="Market Rate","Market Rate",IF(L140<> "", L140, IF(I140<=4, INDEX(USDA_Buckets, MATCH(MIN(IF(INDIRECT("USDA_" & G140 & "_4P")>=J140, INDIRECT("USDA_" & G140 & "_4P"))), INDIRECT("USDA_" & G140 & "_4P"), 0), 1), INDEX(USDA_Buckets, MATCH(MIN(IF(INDIRECT("USDA_" & G140 & "_5P")>=J140, INDIRECT("USDA_" & G140 & "_5P"))), INDIRECT("USDA_" & G140 & "_5P"), 0), 1))))))} -> #N/A
... A184: 156 | B184: =IF(C184="Vacant",C184,IF(C184="Manager",C184,IF(C184="Market Rate",C184,"Enter Tenant Name"))) -> Enter Tenant Name | G184: {=IF(C184<>"",C184,IF(F184="","",IF(YEAR(F184)<2021,TEXT(F184,"yyyy"),INDEX(Effective_Date_Year, MATCH(MAX(IF(Effective_Date<=F184, Effective_Date)), Effective_Date, 0), 1))))} | H184: =INDEX('Income Limits'!$C$3:$AH$372,MATCH('Rent Roll Worksheet'!$M$7,County,0),MATCH(G184,Year,1)) -> #N/A | K184: =IF(C184="Vacant","",IF(C184="Manager","",IF(C184="Market Rate","",IF(I184=1,H184*0.7,IF(I184=2,H184*0.8,IF(I184=3,H184*0.9,IF(I184=4,H184,IF(I184=5,H184*1.08,IF(I184=6,H184*1.16,IF(I184=7,H184*1.24,H184*1.32)))))))*2))) -> #N/A | L184: =IF(YEAR(F184)<2021, IF(J184/K184<=0.3, $Q$16, IF(J184/K184<=0.5, $Q$17, IF(J184/K184<=0.6, $Q$18, IF(J184/K184<=0.8, $Q$19, $Q$20)))), "") -> #N/A | M184: {=IF(C184="Vacant","Vacant",IF(C184="Manager","Manager",IF(C184="Market Rate","Market Rate",IF(L184<> "", L184, IF(I184<=4, INDEX(USDA_Buckets, MATCH(MIN(IF(INDIRECT("USDA_" & G184 & "_4P")>=J184, INDIRECT("USDA_" & G184 & "_4P"))), INDIRECT("USDA_" & G184 & "_4P"), 0), 1), INDEX(USDA_Buckets, MATCH(MIN(IF(INDIRECT("USDA_" & G184 & "_5P")>=J184, INDIRECT("USDA_" & G184 & "_5P"))), INDIRECT("USDA_" & G184 & "_5P"), 0), 1))))))} -> #N/A
A185: Explanation:
A188: No. | B188: Head of Household Name | C188: Type of Unit | D188: Unit # | E188: # of Bedrooms | F188: Income Cert Date Move In or recertification w/in 3 years of TIW date | G188: Income Cert Year | H188: 50% AMI | I188: Household Size | J188: Annual Income as of Certification Date | K188: HUD 100% AMI for HH Size | M188: % AMI at Move In | N188: Tenant Portion Monthly Rent | O188: Total Monthly Rent
A192: 157 | B192: =IF(C192="Vacant",C192,IF(C192="Manager",C192,IF(C192="Market Rate",C192,"Enter Tenant Name"))) -> Enter Tenant Name | G192: {=IF(C192<>"",C192,IF(F192="","",IF(YEAR(F192)<2021,TEXT(F192,"yyyy"),INDEX(Effective_Date_Year, MATCH(MAX(IF(Effective_Date<=F192, Effective_Date)), Effective_Date, 0), 1))))} | H192: =INDEX('Income Limits'!$C$3:$AH$372,MATCH('Rent Roll Worksheet'!$M$7,County,0),MATCH(G192,Year,1)) -> #N/A | K192: =IF(C192="Vacant","",IF(C192="Manager","",IF(C192="Market Rate","",IF(I192=1,H192*0.7,IF(I192=2,H192*0.8,IF(I192=3,H192*0.9,IF(I192=4,H192,IF(I192=5,H192*1.08,IF(I192=6,H192*1.16,IF(I192=7,H192*1.24,H192*1.32)))))))*2))) -> #N/A | L192: =IF(YEAR(F192)<2021, IF(J192/K192<=0.3, $Q$16, IF(J192/K192<=0.5, $Q$17, IF(J192/K192<=0.6, $Q$18, IF(J192/K192<=0.8, $Q$19, $Q$20)))), "") -> #N/A | M192: {=IF(C192="Vacant","Vacant",IF(C192="Manager","Manager",IF(C192="Market Rate","Market Rate",IF(L192<> "", L192, IF(I192<=4, INDEX(USDA_Buckets, MATCH(MIN(IF(INDIRECT("USDA_" & G192 & "_4P")>=J192, INDIRECT("USDA_" & G192 & "_4P"))), INDIRECT("USDA_" & G192 & "_4P"), 0), 1), INDEX(USDA_Buckets, MATCH(MIN(IF(INDIRECT("USDA_" & G192 & "_5P")>=J192, INDIRECT("USDA_" & G192 & "_5P"))), INDIRECT("USDA_" & G192 & "_5P"), 0), 1))))))} -> #N/A
A193: 158 | B193: =IF(C193="Vacant",C193,IF(C193="Manager",C193,IF(C193="Market Rate",C193,"Enter Tenant Name"))) -> Enter Tenant Name | G193: {=IF(C193<>"",C193,IF(F193="","",IF(YEAR(F193)<2021,TEXT(F193,"yyyy"),INDEX(Effective_Date_Year, MATCH(MAX(IF(Effective_Date<=F193, Effective_Date)), Effective_Date, 0), 1))))} | H193: =INDEX('Income Limits'!$C$3:$AH$372,MATCH('Rent Roll Worksheet'!$M$7,County,0),MATCH(G193,Year,1)) -> #N/A | K193: =IF(C193="Vacant","",IF(C193="Manager","",IF(C193="Market Rate","",IF(I193=1,H193*0.7,IF(I193=2,H193*0.8,IF(I193=3,H193*0.9,IF(I193=4,H193,IF(I193=5,H193*1.08,IF(I193=6,H193*1.16,IF(I193=7,H193*1.24,H193*1.32)))))))*2))) -> #N/A | L193: =IF(YEAR(F193)<2021, IF(J193/K193<=0.3, $Q$16, IF(J193/K193<=0.5, $Q$17, IF(J193/K193<=0.6, $Q$18, IF(J193/K193<=0.8, $Q$19, $Q$20)))), "") -> #N/A | M193: {=IF(C193="Vacant","Vacant",IF(C193="Manager","Manager",IF(C193="Market Rate","Market Rate",IF(L193<> "", L193, IF(I193<=4, INDEX(USDA_Buckets, MATCH(MIN(IF(INDIRECT("USDA_" & G193 & "_4P")>=J193, INDIRECT("USDA_" & G193 & "_4P"))), INDIRECT("USDA_" & G193 & "_4P"), 0), 1), INDEX(USDA_Buckets, MATCH(MIN(IF(INDIRECT("USDA_" & G193 & "_5P")>=J193, INDIRECT("USDA_" & G193 & "_5P"))), INDIRECT("USDA_" & G193 & "_5P"), 0), 1))))))} -> #N/A
A194: 159 | B194: =IF(C194="Vacant",C194,IF(C194="Manager",C194,IF(C194="Market Rate",C194,"Enter Tenant Name"))) -> Enter Tenant Name | G194: {=IF(C194<>"",C194,IF(F194="","",IF(YEAR(F194)<2021,TEXT(F194,"yyyy"),INDEX(Effective_Date_Year, MATCH(MAX(IF(Effective_Date<=F194, Effective_Date)), Effective_Date, 0), 1))))} | H194: =INDEX('Income Limits'!$C$3:$AH$372,MATCH('Rent Roll Worksheet'!$M$7,County,0),MATCH(G194,Year,1)) -> #N/A | K194: =IF(C194="Vacant","",IF(C194="Manager","",IF(C194="Market Rate","",IF(I194=1,H194*0.7,IF(I194=2,H194*0.8,IF(I194=3,H194*0.9,IF(I194=4,H194,IF(I194=5,H194*1.08,IF(I194=6,H194*1.16,IF(I194=7,H194*1.24,H194*1.32)))))))*2))) -> #N/A | L194: =IF(YEAR(F194)<2021, IF(J194/K194<=0.3, $Q$16, IF(J194/K194<=0.5, $Q$17, IF(J194/K194<=0.6, $Q$18, IF(J194/K194<=0.8, $Q$19, $Q$20)))), "") -> #N/A | M194: {=IF(C194="Vacant","Vacant",IF(C194="Manager","Manager",IF(C194="Market Rate","Market Rate",IF(L194<> "", L194, IF(I194<=4, INDEX(USDA_Buckets, MATCH(MIN(IF(INDIRECT("USDA_" & G194 & "_4P")>=J194, INDIRECT("USDA_" & G194 & "_4P"))), INDIRECT("USDA_" & G194 & "_4P"), 0), 1), INDEX(USDA_Buckets, MATCH(MIN(IF(INDIRECT("USDA_" & G194 & "_5P")>=J194, INDIRECT("USDA_" & G194 & "_5P"))), INDIRECT("USDA_" & G194 & "_5P"), 0), 1))))))} -> #N/A
A195: 160 | B195: =IF(C195="Vacant",C195,IF(C195="Manager",C195,IF(C195="Market Rate",C195,"Enter Tenant Name"))) -> Enter Tenant Name | G195: {=IF(C195<>"",C195,IF(F195="","",IF(YEAR(F195)<2021,TEXT(F195,"yyyy"),INDEX(Effective_Date_Year, MATCH(MAX(IF(Effective_Date<=F195, Effective_Date)), Effective_Date, 0), 1))))} | H195: =INDEX('Income Limits'!$C$3:$AH$372,MATCH('Rent Roll Worksheet'!$M$7,County,0),MATCH(G195,Year,1)) -> #N/A | K195: =IF(C195="Vacant","",IF(C195="Manager","",IF(C195="Market Rate","",IF(I195=1,H195*0.7,IF(I195=2,H195*0.8,IF(I195=3,H195*0.9,IF(I195=4,H195,IF(I195=5,H195*1.08,IF(I195=6,H195*1.16,IF(I195=7,H195*1.24,H195*1.32)))))))*2))) -> #N/A | L195: =IF(YEAR(F195)<2021, IF(J195/K195<=0.3, $Q$16, IF(J195/K195<=0.5, $Q$17, IF(J195/K195<=0.6, $Q$18, IF(J195/K195<=0.8, $Q$19, $Q$20)))), "") -> #N/A | M195: {=IF(C195="Vacant","Vacant",IF(C195="Manager","Manager",IF(C195="Market Rate","Market Rate",IF(L195<> "", L195, IF(I195<=4, INDEX(USDA_Buckets, MATCH(MIN(IF(INDIRECT("USDA_" & G195 & "_4P")>=J195, INDIRECT("USDA_" & G195 & "_4P"))), INDIRECT("USDA_" & G195 & "_4P"), 0), 1), INDEX(USDA_Buckets, MATCH(MIN(IF(INDIRECT("USDA_" & G195 & "_5P")>=J195, INDIRECT("USDA_" & G195 & "_5P"))), INDIRECT("USDA_" & G195 & "_5P"), 0), 1))))))} -> #N/A
A196: 161 | B196: =IF(C196="Vacant",C196,IF(C196="Manager",C196,IF(C196="Market Rate",C196,"Enter Tenant Name"))) -> Enter Tenant Name | G196: {=IF(C196<>"",C196,IF(F196="","",IF(YEAR(F196)<2021,TEXT(F196,"yyyy"),INDEX(Effective_Date_Year, MATCH(MAX(IF(Effective_Date<=F196, Effective_Date)), Effective_Date, 0), 1))))} | H196: =INDEX('Income Limits'!$C$3:$AH$372,MATCH('Rent Roll Worksheet'!$M$7,County,0),MATCH(G196,Year,1)) -> #N/A | K196: =IF(C196="Vacant","",IF(C196="Manager","",IF(C196="Market Rate","",IF(I196=1,H196*0.7,IF(I196=2,H196*0.8,IF(I196=3,H196*0.9,IF(I196=4,H196,IF(I196=5,H196*1.08,IF(I196=6,H196*1.16,IF(I196=7,H196*1.24,H196*1.32)))))))*2))) -> #N/A | L196: =IF(YEAR(F196)<2021, IF(J196/K196<=0.3, $Q$16, IF(J196/K196<=0.5, $Q$17, IF(J196/K196<=0.6, $Q$18, IF(J196/K196<=0.8, $Q$19, $Q$20)))), "") -> #N/A | M196: {=IF(C196="Vacant","Vacant",IF(C196="Manager","Manager",IF(C196="Market Rate","Market Rate",IF(L196<> "", L196, IF(I196<=4, INDEX(USDA_Buckets, MATCH(MIN(IF(INDIRECT("USDA_" & G196 & "_4P")>=J196, INDIRECT("USDA_" & G196 & "_4P"))), INDIRECT("USDA_" & G196 & "_4P"), 0), 1), INDEX(USDA_Buckets, MATCH(MIN(IF(INDIRECT("USDA_" & G196 & "_5P")>=J196, INDIRECT("USDA_" & G196 & "_5P"))), INDIRECT("USDA_" & G196 & "_5P"), 0), 1))))))} -> #N/A
A197: 162 | B197: =IF(C197="Vacant",C197,IF(C197="Manager",C197,IF(C197="Market Rate",C197,"Enter Tenant Name"))) -> Enter Tenant Name | G197: {=IF(C197<>"",C197,IF(F197="","",IF(YEAR(F197)<2021,TEXT(F197,"yyyy"),INDEX(Effective_Date_Year, MATCH(MAX(IF(Effective_Date<=F197, Effective_Date)), Effective_Date, 0), 1))))} | H197: =INDEX('Income Limits'!$C$3:$AH$372,MATCH('Rent Roll Worksheet'!$M$7,County,0),MATCH(G197,Year,1)) -> #N/A | K197: =IF(C197="Vacant","",IF(C197="Manager","",IF(C197="Market Rate","",IF(I197=1,H197*0.7,IF(I197=2,H197*0.8,IF(I197=3,H197*0.9,IF(I197=4,H197,IF(I197=5,H197*1.08,IF(I197=6,H197*1.16,IF(I197=7,H197*1.24,H197*1.32)))))))*2))) -> #N/A | L197: =IF(YEAR(F197)<2021, IF(J197/K197<=0.3, $Q$16, IF(J197/K197<=0.5, $Q$17, IF(J197/K197<=0.6, $Q$18, IF(J197/K197<=0.8, $Q$19, $Q$20)))), "") -> #N/A | M197: {=IF(C197="Vacant","Vacant",IF(C197="Manager","Manager",IF(C197="Market Rate","Market Rate",IF(L197<> "", L197, IF(I197<=4, INDEX(USDA_Buckets, MATCH(MIN(IF(INDIRECT("USDA_" & G197 & "_4P")>=J197, INDIRECT("USDA_" & G197 & "_4P"))), INDIRECT("USDA_" & G197 & "_4P"), 0), 1), INDEX(USDA_Buckets, MATCH(MIN(IF(INDIRECT("USDA_" & G197 & "_5P")>=J197, INDIRECT("USDA_" & G197 & "_5P"))), INDIRECT("USDA_" & G197 & "_5P"), 0), 1))))))} -> #N/A
A198: 163 | B198: =IF(C198="Vacant",C198,IF(C198="Manager",C198,IF(C198="Market Rate",C198,"Enter Tenant Name"))) -> Enter Tenant Name | G198: {=IF(C198<>"",C198,IF(F198="","",IF(YEAR(F198)<2021,TEXT(F198,"yyyy"),INDEX(Effective_Date_Year, MATCH(MAX(IF(Effective_Date<=F198, Effective_Date)), Effective_Date, 0), 1))))} | H198: =INDEX('Income Limits'!$C$3:$AH$372,MATCH('Rent Roll Worksheet'!$M$7,County,0),MATCH(G198,Year,1)) -> #N/A | K198: =IF(C198="Vacant","",IF(C198="Manager","",IF(C198="Market Rate","",IF(I198=1,H198*0.7,IF(I198=2,H198*0.8,IF(I198=3,H198*0.9,IF(I198=4,H198,IF(I198=5,H198*1.08,IF(I198=6,H198*1.16,IF(I198=7,H198*1.24,H198*1.32)))))))*2))) -> #N/A | L198: =IF(YEAR(F198)<2021, IF(J198/K198<=0.3, $Q$16, IF(J198/K198<=0.5, $Q$17, IF(J198/K198<=0.6, $Q$18, IF(J198/K198<=0.8, $Q$19, $Q$20)))), "") -> #N/A | M198: {=IF(C198="Vacant","Vacant",IF(C198="Manager","Manager",IF(C198="Market Rate","Market Rate",IF(L198<> "", L198, IF(I198<=4, INDEX(USDA_Buckets, MATCH(MIN(IF(INDIRECT("USDA_" & G198 & "_4P")>=J198, INDIRECT("USDA_" & G198 & "_4P"))), INDIRECT("USDA_" & G198 & "_4P"), 0), 1), INDEX(USDA_Buckets, MATCH(MIN(IF(INDIRECT("USDA_" & G198 & "_5P")>=J198, INDIRECT("USDA_" & G198 & "_5P"))), INDIRECT("USDA_" & G198 & "_5P"), 0), 1))))))} -> #N/A
A199: 164 | B199: =IF(C199="Vacant",C199,IF(C199="Manager",C199,IF(C199="Market Rate",C199,"Enter Tenant Name"))) -> Enter Tenant Name | G199: {=IF(C199<>"",C199,IF(F199="","",IF(YEAR(F199)<2021,TEXT(F199,"yyyy"),INDEX(Effective_Date_Year, MATCH(MAX(IF(Effective_Date<=F199, Effective_Date)), Effective_Date, 0), 1))))} | H199: =INDEX('Income Limits'!$C$3:$AH$372,MATCH('Rent Roll Worksheet'!$M$7,County,0),MATCH(G199,Year,1)) -> #N/A | K199: =IF(C199="Vacant","",IF(C199="Manager","",IF(C199="Market Rate","",IF(I199=1,H199*0.7,IF(I199=2,H199*0.8,IF(I199=3,H199*0.9,IF(I199=4,H199,IF(I199=5,H199*1.08,IF(I199=6,H199*1.16,IF(I199=7,H199*1.24,H199*1.32)))))))*2))) -> #N/A | L199: =IF(YEAR(F199)<2021, IF(J199/K199<=0.3, $Q$16, IF(J199/K199<=0.5, $Q$17, IF(J199/K199<=0.6, $Q$18, IF(J199/K199<=0.8, $Q$19, $Q$20)))), "") -> #N/A | M199: {=IF(C199="Vacant","Vacant",IF(C199="Manager","Manager",IF(C199="Market Rate","Market Rate",IF(L199<> "", L199, IF(I199<=4, INDEX(USDA_Buckets, MATCH(MIN(IF(INDIRECT("USDA_" & G199 & "_4P")>=J199, INDIRECT("USDA_" & G199 & "_4P"))), INDIRECT("USDA_" & G199 & "_4P"), 0), 1), INDEX(USDA_Buckets, MATCH(MIN(IF(INDIRECT("USDA_" & G199 & "_5P")>=J199, INDIRECT("USDA_" & G199 & "_5P"))), INDIRECT("USDA_" & G199 & "_5P"), 0), 1))))))} -> #N/A
A200: 165 | B200: =IF(C200="Vacant",C200,IF(C200="Manager",C200,IF(C200="Market Rate",C200,"Enter Tenant Name"))) -> Enter Tenant Name | G200: {=IF(C200<>"",C200,IF(F200="","",IF(YEAR(F200)<2021,TEXT(F200,"yyyy"),INDEX(Effective_Date_Year, MATCH(MAX(IF(Effective_Date<=F200, Effective_Date)), Effective_Date, 0), 1))))} | H200: =INDEX('Income Limits'!$C$3:$AH$372,MATCH('Rent Roll Worksheet'!$M$7,County,0),MATCH(G200,Year,1)) -> #N/A | K200: =IF(C200="Vacant","",IF(C200="Manager","",IF(C200="Market Rate","",IF(I200=1,H200*0.7,IF(I200=2,H200*0.8,IF(I200=3,H200*0.9,IF(I200=4,H200,IF(I200=5,H200*1.08,IF(I200=6,H200*1.16,IF(I200=7,H200*1.24,H200*1.32)))))))*2))) -> #N/A | L200: =IF(YEAR(F200)<2021, IF(J200/K200<=0.3, $Q$16, IF(J200/K200<=0.5, $Q$17, IF(J200/K200<=0.6, $Q$18, IF(J200/K200<=0.8, $Q$19, $Q$20)))), "") -> #N/A | M200: {=IF(C200="Vacant","Vacant",IF(C200="Manager","Manager",IF(C200="Market Rate","Market Rate",IF(L200<> "", L200, IF(I200<=4, INDEX(USDA_Buckets, MATCH(MIN(IF(INDIRECT("USDA_" & G200 & "_4P")>=J200, INDIRECT("USDA_" & G200 & "_4P"))), INDIRECT("USDA_" & G200 & "_4P"), 0), 1), INDEX(USDA_Buckets, MATCH(MIN(IF(INDIRECT("USDA_" & G200 & "_5P")>=J200, INDIRECT("USDA_" & G200 & "_5P"))), INDIRECT("USDA_" & G200 & "_5P"), 0), 1))))))} -> #N/A
A201: 166 | B201: =IF(C201="Vacant",C201,IF(C201="Manager",C201,IF(C201="Market Rate",C201,"Enter Tenant Name"))) -> Enter Tenant Name | G201: {=IF(C201<>"",C201,IF(F201="","",IF(YEAR(F201)<2021,TEXT(F201,"yyyy"),INDEX(Effective_Date_Year, MATCH(MAX(IF(Effective_Date<=F201, Effective_Date)), Effective_Date, 0), 1))))} | H201: =INDEX('Income Limits'!$C$3:$AH$372,MATCH('Rent Roll Worksheet'!$M$7,County,0),MATCH(G201,Year,1)) -> #N/A | K201: =IF(C201="Vacant","",IF(C201="Manager","",IF(C201="Market Rate","",IF(I201=1,H201*0.7,IF(I201=2,H201*0.8,IF(I201=3,H201*0.9,IF(I201=4,H201,IF(I201=5,H201*1.08,IF(I201=6,H201*1.16,IF(I201=7,H201*1.24,H201*1.32)))))))*2))) -> #N/A | L201: =IF(YEAR(F201)<2021, IF(J201/K201<=0.3, $Q$16, IF(J201/K201<=0.5, $Q$17, IF(J201/K201<=0.6, $Q$18, IF(J201/K201<=0.8, $Q$19, $Q$20)))), "") -> #N/A | M201: {=IF(C201="Vacant","Vacant",IF(C201="Manager","Manager",IF(C201="Market Rate","Market Rate",IF(L201<> "", L201, IF(I201<=4, INDEX(USDA_Buckets, MATCH(MIN(IF(INDIRECT("USDA_" & G201 & "_4P")>=J201, INDIRECT("USDA_" & G201 & "_4P"))), INDIRECT("USDA_" & G201 & "_4P"), 0), 1), INDEX(USDA_Buckets, MATCH(MIN(IF(INDIRECT("USDA_" & G201 & "_5P")>=J201, INDIRECT("USDA_" & G201 & "_5P"))), INDIRECT("USDA_" & G201 & "_5P"), 0), 1))))))} -> #N/A
A202: 167 | B202: =IF(C202="Vacant",C202,IF(C202="Manager",C202,IF(C202="Market Rate",C202,"Enter Tenant Name"))) -> Enter Tenant Name | G202: {=IF(C202<>"",C202,IF(F202="","",IF(YEAR(F202)<2021,TEXT(F202,"yyyy"),INDEX(Effective_Date_Year, MATCH(MAX(IF(Effective_Date<=F202, Effective_Date)), Effective_Date, 0), 1))))} | H202: =INDEX('Income Limits'!$C$3:$AH$372,MATCH('Rent Roll Worksheet'!$M$7,County,0),MATCH(G202,Year,1)) -> #N/A | K202: =IF(C202="Vacant","",IF(C202="Manager","",IF(C202="Market Rate","",IF(I202=1,H202*0.7,IF(I202=2,H202*0.8,IF(I202=3,H202*0.9,IF(I202=4,H202,IF(I202=5,H202*1.08,IF(I202=6,H202*1.16,IF(I202=7,H202*1.24,H202*1.32)))))))*2))) -> #N/A | L202: =IF(YEAR(F202)<2021, IF(J202/K202<=0.3, $Q$16, IF(J202/K202<=0.5, $Q$17, IF(J202/K202<=0.6, $Q$18, IF(J202/K202<=0.8, $Q$19, $Q$20)))), "") -> #N/A | M202: {=IF(C202="Vacant","Vacant",IF(C202="Manager","Manager",IF(C202="Market Rate","Market Rate",IF(L202<> "", L202, IF(I202<=4, INDEX(USDA_Buckets, MATCH(MIN(IF(INDIRECT("USDA_" & G202 & "_4P")>=J202, INDIRECT("USDA_" & G202 & "_4P"))), INDIRECT("USDA_" & G202 & "_4P"), 0), 1), INDEX(USDA_Buckets, MATCH(MIN(IF(INDIRECT("USDA_" & G202 & "_5P")>=J202, INDIRECT("USDA_" & G202 & "_5P"))), INDIRECT("USDA_" & G202 & "_5P"), 0), 1))))))} -> #N/A
A203: 168 | B203: =IF(C203="Vacant",C203,IF(C203="Manager",C203,IF(C203="Market Rate",C203,"Enter Tenant Name"))) -> Enter Tenant Name | G203: {=IF(C203<>"",C203,IF(F203="","",IF(YEAR(F203)<2021,TEXT(F203,"yyyy"),INDEX(Effective_Date_Year, MATCH(MAX(IF(Effective_Date<=F203, Effective_Date)), Effective_Date, 0), 1))))} | H203: =INDEX('Income Limits'!$C$3:$AH$372,MATCH('Rent Roll Worksheet'!$M$7,County,0),MATCH(G203,Year,1)) -> #N/A | K203: =IF(C203="Vacant","",IF(C203="Manager","",IF(C203="Market Rate","",IF(I203=1,H203*0.7,IF(I203=2,H203*0.8,IF(I203=3,H203*0.9,IF(I203=4,H203,IF(I203=5,H203*1.08,IF(I203=6,H203*1.16,IF(I203=7,H203*1.24,H203*1.32)))))))*2))) -> #N/A | L203: =IF(YEAR(F203)<2021, IF(J203/K203<=0.3, $Q$16, IF(J203/K203<=0.5, $Q$17, IF(J203/K203<=0.6, $Q$18, IF(J203/K203<=0.8, $Q$19, $Q$20)))), "") -> #N/A | M203: {=IF(C203="Vacant","Vacant",IF(C203="Manager","Manager",IF(C203="Market Rate","Market Rate",IF(L203<> "", L203, IF(I203<=4, INDEX(USDA_Buckets, MATCH(MIN(IF(INDIRECT("USDA_" & G203 & "_4P")>=J203, INDIRECT("USDA_" & G203 & "_4P"))), INDIRECT("USDA_" & G203 & "_4P"), 0), 1), INDEX(USDA_Buckets, MATCH(MIN(IF(INDIRECT("USDA_" & G203 & "_5P")>=J203, INDIRECT("USDA_" & G203 & "_5P"))), INDIRECT("USDA_" & G203 & "_5P"), 0), 1))))))} -> #N/A
... A245: 210 | B245: =IF(C245="Vacant",C245,IF(C245="Manager",C245,IF(C245="Market Rate",C245,"Enter Tenant Name"))) -> Enter Tenant Name | G245: {=IF(C245<>"",C245,IF(F245="","",IF(YEAR(F245)<2021,TEXT(F245,"yyyy"),INDEX(Effective_Date_Year, MATCH(MAX(IF(Effective_Date<=F245, Effective_Date)), Effective_Date, 0), 1))))} | H245: =INDEX('Income Limits'!$C$3:$AH$372,MATCH('Rent Roll Worksheet'!$M$7,County,0),MATCH(G245,Year,1)) -> #N/A | K245: =IF(C245="Vacant","",IF(C245="Manager","",IF(C245="Market Rate","",IF(I245=1,H245*0.7,IF(I245=2,H245*0.8,IF(I245=3,H245*0.9,IF(I245=4,H245,IF(I245=5,H245*1.08,IF(I245=6,H245*1.16,IF(I245=7,H245*1.24,H245*1.32)))))))*2))) -> #N/A | L245: =IF(YEAR(F245)<2021, IF(J245/K245<=0.3, $Q$16, IF(J245/K245<=0.5, $Q$17, IF(J245/K245<=0.6, $Q$18, IF(J245/K245<=0.8, $Q$19, $Q$20)))), "") -> #N/A | M245: {=IF(C245="Vacant","Vacant",IF(C245="Manager","Manager",IF(C245="Market Rate","Market Rate",IF(L245<> "", L245, IF(I245<=4, INDEX(USDA_Buckets, MATCH(MIN(IF(INDIRECT("USDA_" & G245 & "_4P")>=J245, INDIRECT("USDA_" & G245 & "_4P"))), INDIRECT("USDA_" & G245 & "_4P"), 0), 1), INDEX(USDA_Buckets, MATCH(MIN(IF(INDIRECT("USDA_" & G245 & "_5P")>=J245, INDIRECT("USDA_" & G245 & "_5P"))), INDIRECT("USDA_" & G245 & "_5P"), 0), 1))))))} -> #N/A
...

Sheet GT_Custom
A1: C1 | B1: Custom 1
A2: C2 | B2: Custom 2
A3: C3 | B3: Custom 3
A4: C4 | B4: Custom 4
A5: C5 | B5: Custom 5
A6: C6 | B6: Custom 6
A7: C7 | B7: Custom 7
A8: C8 | B8: Custom 8

Sheet Rental Project Worksheet
A1: FHLBank Topeka -- Affordable Housing Program
C2: Rental Project Worksheet
A3: Date Completed: | C3: {=IF(Date="","",Date)}
A4: Instructions: In the blue shaded cells, input the number of units for each unit type and AMI% category with corresponding rent amounts the Tenant is responsible for and the total rent per unit. Use the maximum rent amount the tenant will pay.
A5: =IF(D6="Other County/State","Please contact HCD to receive a workbook with applicable county information.","")
A6: Project County/State: | D6: =IF('Start Here'!B7="","",'Start Here'!B7) | H6: {=IF(YEAR(Date)<2021, TEXT(Date,"yyyy"), INDEX(Effective_Date_Year, MATCH(MAX(IF(Effective_Date<=Date, Effective_Date)), Effective_Date, 0), 1))} -> 1900
A7: 50% (AMI) for the project location (4 per household): | E7: =IF(YEAR(Date)<2021, IF(H6="1900","",IF(D6="","",IF($D$6="Other County/State","",INDEX('Income Limits'!$C$3:$AH$372,MATCH(D6,County,0),MATCH(H6,Year,1))))), IF($D$6="Other County/State", "", INDEX(INDIRECT("Income_Limits_" & $H$6), MATCH($D$6,USDA_Counties, 0), 1)))
A9: Targeted USDA Income Limit | B9: Household Size
B10: 1 | C10: 2 | D10: 3 | E10: 4 | F10: 5 | G10: 6 | H10: 7 | I10: 8
A11: <=30% | B11: =IF(YEAR(Date)<2021, (E11*0.7), E11) -> #VALUE! | C11: =IF(YEAR(Date)<2021, (E11*0.8), E11) -> #VALUE! | D11: =IF(YEAR(Date)<2021, (E11*0.9), E11) -> #VALUE! | E11: =IF(YEAR(Date)<2021, IF($D$6="Other County/State",$H$7*2*0.3,($E$7*2)*0.3), CEILING((E13*2*0.3), 1)) -> #VALUE! | F11: =IF(YEAR(Date)<2021, (E11*1.08), CEILING((F13*2*0.3), 1)) -> #VALUE! | G11: =IF(YEAR(Date)<2021, (E11*1.16), F11) -> #VALUE! | H11: =IF(YEAR(Date)<2021, (E11*1.24), F11) -> #VALUE! | I11: =IF(YEAR(Date)<2021, (E11*1.32), F11) -> #VALUE!
A12: <=40% | B12: =IF(YEAR(Date)<2021, (E12*0.7), E12) -> #VALUE! | C12: =IF(YEAR(Date)<2021, (E12*0.8), E12) -> #VALUE! | D12: =IF(YEAR(Date)<2021, (E12*0.9), E12) -> #VALUE! | E12: =IF(YEAR(Date)<2021, IF($D$6="Other County/State",$H$7*2*0.4,($E$7*2)*0.4), CEILING(E13*2*0.4, 1)) -> #VALUE! | F12: =IF(YEAR(Date)<2021, (E12*1.08), CEILING((F13*2*0.4), 1)) -> #VALUE! | G12: =IF(YEAR(Date)<2021, (E12*1.16), F12) -> #VALUE! | H12: =IF(YEAR(Date)<2021, (E12*1.24), F12) -> #VALUE! | I12: =IF(YEAR(Date)<2021, (E12*1.32), F12) -> #VALUE!
A13: <=50% | B13: =IF(YEAR(Date)<2021, (E13*0.7), E13) -> #VALUE! | C13: =IF(YEAR(Date)<2021, (E13*0.8), E13) -> #VALUE! | D13: =IF(YEAR(Date)<2021, (E13*0.9), E13) -> #VALUE! | E13: =IF(YEAR(Date)<2021, IF($D$6="Other County/State",$H$7*2*0.5,($E$7*2)*0.5), INDEX(INDIRECT("Income_Limits_" & $H$6), MATCH($D$6, USDA_Counties, 0), 1)) -> #VALUE! | F13: =IF(YEAR(Date)<2021, (E13*1.08), INDEX(INDIRECT("Income_Limits_" & $H$6), MATCH($D$6, USDA_Counties, 0), 2)) -> #VALUE! | G13: =IF(YEAR(Date)<2021, (E13*1.16), F13) -> #VALUE! | H13: =IF(YEAR(Date)<2021, (E13*1.24), F13) -> #VALUE! | I13: =IF(YEAR(Date)<2021, (E13*1.32), F13) -> #VALUE!
A14: <=60% | B14: =IF(YEAR(Date)<2021, (E14*0.7), E14) -> #VALUE! | C14: =IF(YEAR(Date)<2021, (E14*0.8), E14) -> #VALUE! | D14: =IF(YEAR(Date)<2021, (E14*0.9), E14) -> #VALUE! | E14: =IF(YEAR(Date)<2021, IF($D$6="Other County/State",$H$7*2*0.6,($E$7*2)*0.6), CEILING(((E16-E13)/(0.8-0.5))*(0.6-0.5) + E13, 1)) -> #VALUE! | F14: =IF(YEAR(Date)<2021, (E14*1.08), CEILING(((F16-F13)/(0.8-0.5))*(0.6-0.5) + F13, 1)) -> #VALUE! | G14: =IF(YEAR(Date)<2021, (E14*1.16), F14) -> #VALUE! | H14: =IF(YEAR(Date)<2021, (E14*1.24), F14) -> #VALUE! | I14: =IF(YEAR(Date)<2021, (E14*1.32), F14) -> #VALUE!
A15: <=70% | B15: =IF(YEAR(Date)<2021, (E15*0.7), E15) -> #VALUE! | C15: =IF(YEAR(Date)<2021, (E15*0.8), E15) -> #VALUE! | D15: =IF(YEAR(Date)<2021, (E15*0.9), E15) -> #VALUE! | E15: =IF(YEAR(Date)<2021, IF($D$6="Other County/State",$H$7*2*0.7,($E$7*2)*0.7), CEILING(((E16-E13)/(0.8-0.5))*(0.7-0.5) + E13, 1)) -> #VALUE! | F15: =IF(YEAR(Date)<2021, (E15*1.08), CEILING(((F16-F13)/(0.8-0.5))*(0.7-0.5) + F13, 1)) -> #VALUE! | G15: =IF(YEAR(Date)<2021, (E15*1.16), F15) -> #VALUE! | H15: =IF(YEAR(Date)<2021, (E15*1.24), F15) -> #VALUE! | I15: =IF(YEAR(Date)<2021, (E15*1.32), F15) -> #VALUE!
A16: <=80% | B16: =IF(YEAR(Date)<2021, (E16*0.7), E16) -> #VALUE! | C16: =IF(YEAR(Date)<2021, (E16*0.8), E16) -> #VALUE! | D16: =IF(YEAR(Date)<2021, (E16*0.9), E16) -> #VALUE! | E16: =IF(YEAR(Date)<2021, IF($D$6="Other County/State",$H$7*2*0.8,($E$7*2)*0.8), INDEX(INDIRECT("Income_Limits_" & $H$6),MATCH($D$6,USDA_Counties,0),3)) -> #VALUE! | F16: =IF(YEAR(Date)<2021, (E16*1.08), INDEX(INDIRECT("Income_Limits_" & $H$6), MATCH($D$6, USDA_Counties, 0), 4)) -> #VALUE! | G16: =IF(YEAR(Date)<2021, (E16*1.16), F16) -> #VALUE! | H16: =IF(YEAR(Date)<2021, (E16*1.24), F16) -> #VALUE! | I16: =IF(YEAR(Date)<2021, (E16*1.32), F16) -> #VALUE!
A18: Income Restriction (%AMI) | C18: Number of Bedrooms | D18: # of Units | E18: Maximum AHP Rent | F18: Proposed Tenant Share of Rent | G18: Proposed Total Rent | H18: Annual Rent Revenue
A19: ≤30% AMI (Extremely Low Income) | C19: 0 BR or SRO | E19: =ROUNDUP((B11/12)*0.3,2) -> #VALUE! | H19: =G19*D19*12 -> 0 | I19: Units by Type
C20: 1 BR | E20: =ROUNDUP((((B11+C11)/2)/12)*0.3,2) -> #VALUE! | H20: =G20*D20*12 -> 0 | I20: 0 BR or SRO | J20: =D19+D24+D29+D34+D39 -> 0
C21: 2 BR | E21: =ROUNDUP((D11/12)*0.3,2) -> #VALUE! | H21: =G21*D21*12 -> 0
C22: 3 BR | E22: =ROUNDUP(((E11+F11)/2/12)*0.3,2) -> #VALUE! | H22: =G22*D22*12 -> 0 | I22: 1 BR | J22: =D20+D25+D30+D35+D40 -> 0
C23: 4 BR | E23: =ROUNDUP((G11/12)*0.3,2) -> #VALUE! | H23: =G23*D23*12 -> 0
A24: >30% AND ≤50% AMI | C24: 0 BR or SRO | E24: =ROUNDUP((B13/12)*0.3,2) -> #VALUE! | H24: =G24*D24*12 -> 0 | I24: 2 BR | J24: =D21+D26+D31+D36+D41 -> 0
C25: 1 BR | E25: =ROUNDUP(((B13+C13)/2/12)*0.3,2) -> #VALUE! | H25: =G25*D25*12 -> 0
C26: 2 BR | E26: =ROUNDUP((D13/12)*0.3,2) -> #VALUE! | H26: =G26*D26*12 -> 0 | I26: 3 BR | J26: =D22+D27+D32+D37+D42 -> 0
C27: 3 BR | E27: =ROUNDUP(((E13+F13)/2/12)*0.3,2) -> #VALUE! | H27: =G27*D27*12 -> 0
C28: 4 BR | E28: =ROUNDUP((G13/12)*0.3,2) -> #VALUE! | H28: =G28*D28*12 -> 0 | I28: 4 BR | J28: =D23+D28+D33+D38+D43 -> 0
A29: >50% AND ≤60% AMI | C29: 0 BR or SRO | E29: =ROUNDUP((B14/12)*0.3,2) -> #VALUE! | H29: =G29*D29*12 -> 0
C30: 1 BR | E30: =ROUNDUP(((B14+C14)/2/12)*0.3,2) -> #VALUE! | H30: =G30*D30*12 -> 0 | I30: Total | J30: =SUM(J20:J29) -> 0
C31: 2 BR | E31: =ROUNDUP((D14/12)*0.3,2) -> #VALUE! | H31: =G31*D31*12 -> 0
C32: 3 BR | E32: =ROUNDUP(((E14+F14)/2/12)*0.3,2) -> #VALUE! | H32: =G32*D32*12 -> 0
C33: 4 BR | E33: =ROUNDUP((G14/12)*0.3,2) -> #VALUE! | H33: =G33*D33*12 -> 0
A34: >60% AND ≤80% AMI | C34: 0 BR or SRO | E34: =ROUNDUP((B16/12)*0.3,2) -> #VALUE! | H34: =G34*D34*12 -> 0 | I34: Units by AMI %
C35: 1 BR | E35: =ROUNDUP(((B16+C16)/2/12)*0.3,2) -> #VALUE! | H35: =G35*D35*12 -> 0 | I35: ≤30 | J35: =SUM(D19:D23) -> 0
C36: 2 BR | E36: =ROUNDUP((D16/12)*0.3,2) -> #VALUE! | H36: =G36*D36*12 -> 0
C37: 3 BR | E37: =ROUNDUP(((E16+F16)/2/12)*0.3,2) -> #VALUE! | H37: =G37*D37*12 -> 0 | I37: 30 - 50 | J37: =SUM(D24:D28) -> 0
C38: 4 BR | E38: =ROUNDUP((G16/12)*0.3,2) -> #VALUE! | H38: =G38*D38*12 -> 0
A39: Market Rate (Unrestricted Rent & Income) | C39: 0 BR or SRO | H39: =G39*D39*12 -> 0 | I39: 50 - 60 | J39: =SUM(D29:D33) -> 0
C40: 1 BR | H40: =G40*D40*12 -> 0
C41: 2 BR | H41: =G41*D41*12 -> 0 | I41: 60 - 80 | J41: =SUM(D34:D38) -> 0
C42: 3 BR | H42: =G42*D42*12 -> 0
C43: 4 BR | H43: =G43*D43*12 -> 0 | I43: Market Rate | J43: =SUM(D39:D43) -> 0
A44: Total Units | D44: =SUM(D19:D43) -> 0 | E44: Total Annual Rent | H44: =SUM(H19:H43) -> 0
A45: Very Low-Income Units | D45: =SUM(D19:D28) -> 0 | E45: Units ≤ 30% AMI | H45: =SUM(D19:D23) -> 0 | I45: Total | J45: =SUM(J35:J44) -> 0
A46: % Very Low-Income Units | D46: =IF(D44=0,0,D45/D44) -> 0 | E46: AHP Assisted Units (Units ≤ 80% AMI) | H46: =SUM(D19:D38) -> 0
A49: Explanation: In the box below enter any further explanations for this page.
A55: 0

Sheet Income Limits
C2: 1990 | D2: 1991 | E2: 1992 | F2: 1993 | G2: 1994 | H2: 1995 | I2: 1996 | J2: 1997 | K2: 1998 | L2: 1999 | M2: 2000 | N2: 2001 | O2: 2002 | P2: 2003 | Q2: 2004 | R2: 2005 | S2: 2006 | T2: 2007 | U2: 2008 | V2: 2009 | W2: 2010 | X2: 2011 | Y2: 2012 | Z2: 2013 | AA2: 2014 | AB2: 2015 | AC2: 2016 | AD2: 2017 | AE2: 2018 | AF2: 2019 | AG2: 2020
B3: Maricopa Co, Arizona | C3: 17100 | D3: 17750 | E3: 18650 | F3: 20800 | G3: 20800 | H3: 20900 | I3: 22500 | J3: 23750 | K3: 24150 | L3: 25100 | M3: 26550 | N3: 27450 | O3: 28950 | P3: 29150 | Q3: 29300 | R3: 29300 | S3: 30050 | T3: 30050 | U3: 32100 | V3: 32950 | W3: 33300 | X3: 32750 | Y3: 33200 | Z3: 31550 | AA3: 30950 | AB3: 32000 | AC3: 31450 | AD3: 33100 | AE3: 34550 | AF3: 36450 | AG3: 38900
B4: Pima Co, Arizona | C4: 15950 | D4: 16450 | E4: 17150 | F4: 17850 | G4: 17900 | H4: 17900 | I4: 18900 | J4: 20050 | K4: 20850 | L4: 21800 | M4: 22550 | N4: 23000 | O4: 24600 | P4: 24600 | Q4: 25200 | R4: 25200 | S4: 26200 | T4: 26200 | U4: 27500 | V4: 28750 | W4: 29500 | X4: 29800 | Y4: 30200 | Z4: 29950 | AA4: 28500 | AB4: 29500 | AC4: 28350 | AD4: 29650 | AE4: 30300 | AF4: 31950 | AG4: 34200
B5: Crawford Co, Arkansas | C5: 13750 | D5: 14200 | E5: 14200 | F5: 15200 | G5: 15200 | H5: 16000 | I5: 16000 | J5: 17200 | K5: 17450 | L5: 18350 | M5: 18850 | N5: 19550 | O5: 19850 | P5: 21750 | Q5: 22600 | R5: 22600 | S5: 22600 | T5: 22600 | U5: 22850 | V5: 23250 | W5: 23750 | X5: 23900 | Y5: 24200 | Z5: 23500 | AA5: 23400 | AB5: 23550 | AC5: 24350 | AD5: 24900 | AE5: 26450 | AF5: 26450 | AG5: 27100
B6: Van Buren Co, Arkansas | C6: 11500 | D6: 12000 | E6: 12100 | F6: 13200 | G6: 13200 | H6: 13350 | I6: 13650 | J6: 14750 | K6: 15050 | L6: 15900 | M6: 16250 | N6: 16900 | O6: 17100 | P6: 19250 | Q6: 20000 | R6: 20000 | S6: 20000 | T6: 20200 | U6: 21000 | V6: 21750 | W6: 21700 | X6: 21650 | Y6: 21950 | Z6: 22000 | AA6: 22500 | AB6: 22600 | AC6: 22350 | AD6: 23250 | AE6: 24100 | AF6: 26050 | AG6: 26250
B7: Los Angeles Co, California | C7: 20850 | D7: 21750 | E7: 23450 | F7: 24150 | G7: 25200 | H7: 25650 | I7: 25650 | J7: 25650 | K7: 25650 | L7: 25650 | M7: 26050 | N7: 27250 | O7: 27550 | P7: 28200 | Q7: 29750 | R7: 32750 | S7: 34650 | T7: 37000 | U7: 37900 | V7: 39650 | W7: 41400 | X7: 42700 | Y7: 42150 | Z7: 41400 | AA7: 40750 | AB7: 41500 | AC7: 43400 | AD7: 45050 | AE7: 48450 | AF7: 52200 | AG7: 56300
B8: Adams Co, Colorado | C8: 20000 | D8: 20950 | E8: 21600 | F8: 23200 | G8: 24300 | H8: 24300 | I8: 26550 | J8: 27450 | K8: 27850 | L8: 29300 | M8: 31050 | N8: 32200 | O8: 34950 | P8: 34950 | Q8: 34950 | R8: 35850 | S8: 35850 | T8: 35850 | U8: 35900 | V8: 38000 | W8: 37950 | X8: 39100 | Y8: 39650 | Z8: 38900 | AA8: 38350 | AB8: 39950 | AC8: 40050 | AD8: 41950 | AE8: 44950 | AF8: 46400 | AG8: 50000
B9: Alamosa Co, Colorado | C9: 13600 | D9: 13800 | E9: 14500 | F9: 16200 | G9: 16700 | H9: 16700 | I9: 18150 | J9: 19350 | K9: 19500 | L9: 20200 | M9: 21150 | N9: 21850 | O9: 23000 | P9: 25100 | Q9: 25850 | R9: 26950 | S9: 26950 | T9: 26950 | U9: 26950 | V9: 28200 | W9: 28200 | X9: 29600 | Y9: 30500 | Z9: 29800 | AA9: 28800 | AB9: 30350 | AC9: 30000 | AD9: 31900 | AE9: 33650 | AF9: 34050 | AG9: 35500
B10: Arapahoe Co, Colorado | C10: 20000 | D10: 20950 | E10: 21600 | F10: 23200 | G10: 24300 | H10: 24300 | I10: 26550 | J10: 27450 | K10: 27850 | L10: 29300 | M10: 31050 | N10: 32200 | O10: 34950 | P10: 34950 | Q10: 34950 | R10: 35850 | S10: 35850 | T10: 35850 | U10: 35900 | V10: 38000 | W10: 37950 | X10: 39100 | Y10: 39650 | Z10: 38900 | AA10: 38350 | AB10: 39950 | AC10: 40050 | AD10: 41950 | AE10: 44950 | AF10: 46400 | AG10: 50000
B11: Archuleta Co, Colorado | C11: 13600 | D11: 13800 | E11: 14500 | F11: 16200 | G11: 16800 | H11: 17200 | I11: 18150 | J11: 19350 | K11: 19500 | L11: 20200 | M11: 21150 | N11: 21850 | O11: 23000 | P11: 25100 | Q11: 25850 | R11: 26950 | S11: 26950 | T11: 26950 | U11: 26950 | V11: 28200 | W11: 28200 | X11: 29600 | Y11: 31050 | Z11: 32600 | AA11: 34200 | AB11: 33550 | AC11: 31900 | AD11: 31900 | AE11: 33650 | AF11: 34050 | AG11: 35500
B12: Baca Co, Colorado | C12: 13600 | D12: 13800 | E12: 14500 | F12: 16200 | G12: 16700 | H12: 16700 | I12: 18150 | J12: 19350 | K12: 19500 | L12: 20200 | M12: 21150 | N12: 21850 | O12: 23000 | P12: 25100 | Q12: 25850 | R12: 26950 | S12: 26950 | T12: 26950 | U12: 26950 | V12: 28200 | W12: 28200 | X12: 29600 | Y12: 30500 | Z12: 29800 | AA12: 28800 | AB12: 30350 | AC12: 30000 | AD12: 31900 | AE12: 33650 | AF12: 34050 | AG12: 35500
B13: Bent Co, Colorado | C13: 13600 | D13: 13800 | E13: 14500 | F13: 16200 | G13: 16700 | H13: 16700 | I13: 18150 | J13: 19350 | K13: 19500 | L13: 20200 | M13: 21150 | N13: 21850 | O13: 23000 | P13: 25100 | Q13: 25850 | R13: 26950 | S13: 26950 | T13: 26950 | U13: 26950 | V13: 28200 | W13: 28200 | X13: 29600 | Y13: 30500 | Z13: 29800 | AA13: 28800 | AB13: 30350 | AC13: 30000 | AD13: 31900 | AE13: 33650 | AF13: 34050 | AG13: 35500
B14: Boulder Co, Colorado | C14: 21650 | D14: 21950 | E14: 23900 | F14: 25250 | G14: 26900 | H14: 27100 | I14: 29150 | J14: 30600 | K14: 31550 | L14: 34350 | M14: 37000 | N14: 40700 | O14: 43500 | P14: 43500 | Q14: 43500 | R14: 43500 | S14: 43500 | T14: 43500 | U14: 43500 | V14: 44550 | W14: 44800 | X14: 46250 | Y14: 46900 | Z14: 45800 | AA14: 48050 | AB14: 49700 | AC14: 47400 | AD14: 49100 | AE14: 54300 | AF14: 56800 | AG14: 57550
... B71: Yuma Co, Colorado | C71: 13600 | D71: 13800 | E71: 14500 | F71: 16200 | G71: 16700 | H71: 16700 | I71: 18150 | J71: 19350 | K71: 19500 | L71: 20200 | M71: 21150 | N71: 21850 | O71: 23000 | P71: 25100 | Q71: 25850 | R71: 26950 | S71: 26950 | T71: 26950 | U71: 26950 | V71: 28200 | W71: 28200 | X71: 29600 | Y71: 30500 | Z71: 29800 | AA71: 28800 | AB71: 30350 | AC71: 30000 | AD71: 31900 | AE71: 33650 | AF71: 34050 | AG71: 35500
B72: Posey Co, Indiana
B73: Black Hawk Co, Iowa | C73: 15650 | D73: 17200 | E73: 18750 | F73: 18600 | G73: 18600 | H73: 18600 | I73: 19350 | J73: 19950 | K73: 20600 | L73: 21050 | M73: 23500 | N73: 24350 | O73: 24700 | P73: 27350 | Q73: 28150 | R73: 28550 | S73: 28800 | T73: 28800 | U73: 28800 | V73: 29950 | W73: 30250 | X73: 31050 | Y73: 31450 | Z73: 32050 | AA73: 30950 | AB73: 32750 | AC73: 32700 | AD73: 34000 | AE73: 33900 | AF73: 37250 | AG73: 36250
B74: Boone Co, Iowa | C74: 15050 | D74: 16150 | E74: 17650 | F74: 18150 | G74: 18500 | H74: 18750 | I74: 18750 | J74: 19600 | K74: 20600 | L74: 21050 | M74: 22650 | N74: 26200 | O74: 26300 | P74: 29050 | Q74: 29250 | R74: 29800 | S74: 29950 | T74: 30000 | U74: 30300 | V74: 31850 | W74: 32100 | X74: 32800 | Y74: 33250 | Z74: 34900 | AA74: 36000 | AB74: 36050 | AC74: 34800 | AD74: 34700 | AE74: 36500 | AF74: 37300 | AG74: 38850
B75: Dubuque Co, Iowa | AE75: 37000 | AF75: 40700 | AG75: 41450
B76: Harrison Co, Iowa | C76: 14850 | D76: 15900 | E76: 16600 | F76: 16750 | G76: 17200 | H76: 17200 | I76: 18500 | J76: 19600 | K76: 20600 | L76: 21050 | M76: 22650 | N76: 24200 | O76: 24700 | P76: 26250 | Q76: 27300 | R76: 27300 | S76: 33250 | T76: 33250 | U76: 33550 | V76: 34950 | W76: 35150 | X76: 35300 | Y76: 35750 | Z76: 36350 | AA76: 36500 | AB76: 36400 | AC76: 36050 | AD76: 37500 | AE76: 40800 | AF76: 43000 | AG76: 43500
B77: Polk Co, Iowa | C77: 18950 | D77: 20350 | E77: 20900 | F77: 21350 | G77: 22200 | H77: 22200 | I77: 24150 | J77: 25300 | K77: 26000 | L77: 26450 | M77: 26800 | N77: 32300 | O77: 33450 | P77: 33450 | Q77: 33450 | R77: 34050 | S77: 34050 | T77: 34050 | U77: 34050 | V77: 35850 | W77: 36600 | X77: 37250 | Y77: 37750 | Z77: 36450 | AA77: 37450 | AB77: 37500 | AC77: 38450 | AD77: 41100 | AE77: 39800 | AF77: 43750 | AG77: 44600
B78: Pottawattamie Co, Iowa | C78: 18600 | D78: 19400 | E78: 19950 | F78: 20750 | G78: 21350 | H78: 21450 | I78: 22950 | J78: 23750 | K78: 24150 | L78: 26800 | M78: 28100 | N78: 31200 | O78: 32200 | P78: 32200 | Q78: 32200 | R78: 32650 | S78: 33250 | T78: 33250 | U78: 33550 | V78: 34950 | W78: 35150 | X78: 35300 | Y78: 35750 | Z78: 36350 | AA78: 36500 | AB78: 36400 | AC78: 36050 | AD78: 37500 | AE78: 40800 | AF78: 43000 | AG78: 43500
B79: Shelby Co, Iowa | C79: 14850 | D79: 15900 | E79: 16600 | F79: 16750 | G79: 17200 | H79: 17200 | I79: 18500 | J79: 19600 | K79: 20600 | L79: 21050 | M79: 22650 | N79: 24200 | O79: 24700 | P79: 26200 | Q79: 27250 | R79: 27250 | S79: 27250 | T79: 27350 | U79: 27550 | V79: 28850 | W79: 29050 | X79: 29250 | Y79: 29650 | Z79: 29900 | AA79: 29900 | AB79: 31650 | AC79: 31950 | AD79: 32750 | AE79: 34150 | AF79: 35900 | AG79: 36250
B80: Webster Co, Iowa | C80: 15400 | D80: 16650 | E80: 17550 | F80: 16750 | G80: 17500 | H80: 17500 | I80: 18850 | J80: 19600 | K80: 20600 | L80: 21050 | M80: 22650 | N80: 24350 | O80: 25300 | P80: 25400 | Q80: 25750 | R80: 26800 | S80: 26800 | T80: 26800 | U80: 26800 | V80: 28300 | W80: 28500 | X80: 29250 | Y80: 29650 | Z80: 29900 | AA80: 29800 | AB80: 30900 | AC80: 31650 | AD80: 31950 | AE80: 33900 | AF80: 34700 | AG80: 36250
B81: Woodbury Co, Iowa | C81: 15400 | D81: 16700 | E81: 17200 | F81: 17450 | G81: 18250 | H81: 18500 | I81: 19700 | J81: 20850 | K81: 22500 | L81: 23000 | M81: 24050 | N81: 25950 | O81: 26150 | P81: 26150 | Q81: 26300 | R81: 27550 | S81: 27850 | T81: 27850 | U81: 27850 | V81: 29400 | W81: 29200 | X81: 29400 | Y81: 29800 | Z81: 29900 | AA81: 29800 | AB81: 30900 | AC81: 31650 | AD81: 31950 | AE81: 33900 | AF81: 34750 | AG81: 37500
B82: Allen Co, Kansas | C82: 14600 | D82: 15550 | E82: 16000 | F82: 16050 | G82: 16300 | H82: 16300 | I82: 17150 | J82: 18050 | K82: 19100 | L82: 19350 | M82: 20550 | N82: 21600 | O82: 22100 | P82: 22450 | Q82: 23800 | R82: 24050 | S82: 24900 | T82: 24900 | U82: 25050 | V82: 26150 | W82: 26400 | X82: 26850 | Y82: 27200 | Z82: 27600 | AA82: 27400 | AB82: 28700 | AC82: 28650 | AD82: 30150 | AE82: 30550 | AF82: 30750 | AG82: 32300
B83: Anderson Co, Kansas | C83: 14600 | D83: 15550 | E83: 16000 | F83: 16050 | G83: 16300 | H83: 16300 | I83: 17150 | J83: 18050 | K83: 19100 | L83: 19350 | M83: 20550 | N83: 21600 | O83: 22100 | P83: 22450 | Q83: 23800 | R83: 24050 | S83: 24900 | T83: 24900 | U83: 25050 | V83: 26150 | W83: 26400 | X83: 26850 | Y83: 27200 | Z83: 27600 | AA83: 27400 | AB83: 28700 | AC83: 28650 | AD83: 30150 | AE83: 30550 | AF83: 31200 | AG83: 32300
B84: Atchison Co, Kansas | C84: 15300 | D84: 16350 | E84: 16550 | F84: 16050 | G84: 16300 | H84: 16300 | I84: 17150 | J84: 18050 | K84: 19100 | L84: 19350 | M84: 20550 | N84: 21600 | O84: 22100 | P84: 22450 | Q84: 23950 | R84: 24050 | S84: 24900 | T84: 24900 | U84: 25050 | V84: 26150 | W84: 26400 | X84: 27700 | Y84: 29050 | Z84: 28100 | AA84: 28400 | AB84: 30050 | AC84: 28900 | AD84: 30150 | AE84: 30550 | AF84: 30750 | AG84: 32300
B85: Barber Co, Kansas | C85: 14850 | D85: 15550 | E85: 16200 | F85: 16050 | G85: 16300 | H85: 16300 | I85: 17150 | J85: 18050 | K85: 19100 | L85: 19350 | M85: 20550 | N85: 21600 | O85: 22100 | P85: 22450 | Q85: 23800 | R85: 24050 | S85: 24900 | T85: 24900 | U85: 25050 | V85: 26150 | W85: 26400 | X85: 26850 | Y85: 27200 | Z85: 27600 | AA85: 27400 | AB85: 28700 | AC85: 28750 | AD85: 30150 | AE85: 33000 | AF85: 32950 | AG85: 35550
B86: Barton Co, Kansas | C86: 16100 | D86: 16650 | E86: 17550 | F86: 16600 | G86: 16300 | H86: 16300 | I86: 17400 | J86: 18150 | K86: 19100 | L86: 19350 | M86: 20550 | N86: 21650 | O86: 22100 | P86: 22450 | Q86: 23800 | R86: 24050 | S86: 24900 | T86: 24900 | U86: 25050 | V86: 26150 | W86: 26400 | X86: 26850 | Y86: 27200 | Z86: 27600 | AA86: 28800 | AB86: 30250 | AC86: 28850 | AD86: 30150 | AE86: 30850 | AF86: 31550 | AG86: 33050
B87: Bourbon Co, Kansas | C87: 14600 | D87: 15550 | E87: 16000 | F87: 16050 | G87: 16300 | H87: 16300 | I87: 17150 | J87: 18050 | K87: 19100 | L87: 19350 | M87: 20550 | N87: 22100 | O87: 22100 | P87: 22450 | Q87: 23800 | R87: 24050 | S87: 24900 | T87: 24900 | U87: 25050 | V87: 26150 | W87: 26400 | X87: 26850 | Y87: 27200 | Z87: 27600 | AA87: 27400 | AB87: 28700 | AC87: 28650 | AD87: 30150 | AE87: 30550 | AF87: 30750 | AG87: 32300
... B364: Brookings Co, South Dakota | C364: 14500 | D364: 15200 | E364: 15950 | F364: 16900 | G364: 17950 | H364: 18050 | I364: 19450 | J364: 20250 | K364: 21100 | L364: 21500 | M364: 22950 | N364: 25100 | O364: 25550 | P364: 27550 | Q364: 27850 | R364: 27850 | S364: 29250 | T364: 29650 | U364: 31500 | V364: 32450 | W364: 32700 | X364: 33050 | Y364: 33500 | Z364: 33650 | AA364: 33300 | AB364: 32850 | AC364: 31400 | AD364: 32350 | AE364: 34550 | AF364: 38000 | AG364: 41000
B365: Dallas Co, Texas | D365: 21950 | E365: 22500 | F365: 22750 | G365: 22850 | H365: 23500 | I365: 24150 | J365: 26150 | K365: 27200 | L365: 29100 | M365: 30400 | N365: 32200 | O365: 33250 | P365: 33250 | Q365: 33250 | R365: 33250 | S365: 33250 | T365: 33250 | U365: 33250 | V365: 33800 | W365: 34150 | X365: 34550 | Y365: 35050 | Z365: 33750 | AA365: 33950 | AB365: 35200 | AC365: 35850 | AD365: 36700 | AE365: 38600 | AF365: 41550 | AG365: 43100
B366: Other County/State

Sheet County USDA Limits
A1: County/State: | B1: =County_State -> 0
B3: Targeted USDA Income Limit | C3: Household Size
A4: Year | C4: 1-4 | D4: 5-8
A5: 2021 | B5: ≤30% | C5: =CEILING((C6/0.5)*0.3, 1) -> #N/A | D5: =CEILING((D6/0.5)*0.3, 1) -> #N/A
A6: 2021 | B6: >30% and ≤50% | C6: =INDEX(Income_Limits_2021, MATCH($B$1, USDA_Counties, 0), 1) -> #N/A | D6: =INDEX(Income_Limits_2021, MATCH($B$1, USDA_Counties, 0), 2) -> #N/A
A7: 2021 | B7: >50% and ≤60% | C7: =CEILING(((C8-C6)/(0.8-0.5))*(0.6-0.5) + C6, 1) -> #N/A | D7: =CEILING(((D8-D6)/(0.8-0.5))*(0.6-0.5) + D6, 1) -> #N/A
A8: 2021 | B8: >60% and ≤80% | C8: =INDEX(Income_Limits_2021, MATCH($B$1, USDA_Counties, 0), 3) -> #N/A | D8: =INDEX(Income_Limits_2021, MATCH($B$1, USDA_Counties, 0), 4) -> #N/A
A9: 2021 | B9: Market Rate | C9: 1000000 | D9: 1000000
A10: 2022 | B10: ≤30% | C10: =CEILING((C11/0.5)*0.3, 1) -> #N/A | D10: =CEILING((D11/0.5)*0.3, 1) -> #N/A
A11: 2022 | B11: >30% and ≤50% | C11: =INDEX(Income_Limits_2022, MATCH($B$1, USDA_Counties, 0), 1) -> #N/A | D11: =INDEX(Income_Limits_2022, MATCH($B$1, USDA_Counties, 0), 2) -> #N/A
A12: 2022 | B12: >50% and ≤60% | C12: =CEILING(((C13-C11)/(0.8-0.5))*(0.6-0.5) + C11, 1) -> #N/A | D12: =CEILING(((D13-D11)/(0.8-0.5))*(0.6-0.5) + D11, 1) -> #N/A
A13: 2022 | B13: >60% and ≤80% | C13: =INDEX(Income_Limits_2022, MATCH($B$1, USDA_Counties, 0), 3) -> #N/A | D13: =INDEX(Income_Limits_2022, MATCH($B$1, USDA_Counties, 0), 4) -> #N/A
A14: 2022 | B14: Market Rate | C14: 1000000 | D14: 1000000
A15: 2023 | B15: ≤30% | C15: =CEILING((C16/0.5)*0.3, 1) -> #N/A | D15: =CEILING((D16/0.5)*0.3, 1) -> #N/A
A16: 2023 | B16: >30% and ≤50% | C16: =INDEX(Income_Limits_2023, MATCH($B$1, USDA_Counties, 0), 1) -> #N/A | D16: =INDEX(Income_Limits_2023, MATCH($B$1, USDA_Counties, 0), 2) -> #N/A
A17: 2023 | B17: >50% and ≤60% | C17: =CEILING(((C18-C16)/(0.8-0.5))*(0.6-0.5) + C16, 1) -> #N/A | D17: =CEILING(((D18-D16)/(0.8-0.5))*(0.6-0.5) + D16, 1) -> #N/A
A18: 2023 | B18: >60% and ≤80% | C18: =INDEX(Income_Limits_2023, MATCH($B$1, USDA_Counties, 0), 3) -> #N/A | D18: =INDEX(Income_Limits_2023, MATCH($B$1, USDA_Counties, 0), 4) -> #N/A
A19: 2023 | B19: Market Rate | C19: 1000000 | D19: 1000000
A20: 2024 | B20: ≤30% | C20: =CEILING((C21/0.5)*0.3, 1) -> #N/A | D20: =CEILING((D21/0.5)*0.3, 1) -> #N/A
A21: 2024 | B21: >30% and ≤50% | C21: =INDEX(Income_Limits_2024, MATCH($B$1, USDA_Counties, 0), 1) -> #N/A | D21: =INDEX(Income_Limits_2024, MATCH($B$1, USDA_Counties, 0), 2) -> #N/A
A22: 2024 | B22: >50% and ≤60% | C22: =CEILING(((C23-C21)/(0.8-0.5))*(0.6-0.5) + C21, 1) -> #N/A | D22: =CEILING(((D23-D21)/(0.8-0.5))*(0.6-0.5) + D21, 1) -> #N/A
A23: 2024 | B23: >60% and ≤80% | C23: =INDEX(Income_Limits_2024, MATCH($B$1, USDA_Counties, 0), 3) -> #N/A | D23: =INDEX(Income_Limits_2024, MATCH($B$1, USDA_Counties, 0), 4) -> #N/A
A24: 2024 | B24: Market Rate | C24: 1000000 | D24: 1000000
A25: 2025 | B25: ≤30% | C25: =CEILING((C26/0.5)*0.3, 1) -> #N/A | D25: =CEILING((D26/0.5)*0.3, 1) -> #N/A
A26: 2025 | B26: >30% and ≤50% | C26: =INDEX(Income_Limits_2025, MATCH($B$1, USDA_Counties, 0), 1) -> #N/A | D26: =INDEX(Income_Limits_2025, MATCH($B$1, USDA_Counties, 0), 2) -> #N/A
A27: 2025 | B27: >50% and ≤60% | C27: =CEILING(((C28-C26)/(0.8-0.5))*(0.6-0.5) + C26, 1) -> #N/A | D27: =CEILING(((D28-D26)/(0.8-0.5))*(0.6-0.5) + D26, 1) -> #N/A
A28: 2025 | B28: >60% and ≤80% | C28: =INDEX(Income_Limits_2025, MATCH($B$1, USDA_Counties, 0), 3) -> #N/A | D28: =INDEX(Income_Limits_2025, MATCH($B$1, USDA_Counties, 0), 4) -> #N/A
A29: 2025 | B29: Market Rate | C29: 1000000 | D29: 1000000
A30: 2026 | B30: ≤30% | C30: =CEILING((C31/0.5)*0.3, 1) -> #N/A | D30: =CEILING((D31/0.5)*0.3, 1) -> #N/A
A31: 2026 | B31: >30% and ≤50% | C31: =INDEX(Income_Limits_2026, MATCH($B$1, USDA_Counties, 0), 1) -> #N/A | D31: =INDEX(Income_Limits_2026, MATCH($B$1, USDA_Counties, 0), 2) -> #N/A
A32: 2026 | B32: >50% and ≤60% | C32: =CEILING(((C33-C31)/(0.8-0.5))*(0.6-0.5) + C31, 1) -> #N/A | D32: =CEILING(((D33-D31)/(0.8-0.5))*(0.6-0.5) + D31, 1) -> #N/A
A33: 2026 | B33: >60% and ≤80% | C33: =INDEX(Income_Limits_2026, MATCH($B$1, USDA_Counties, 0), 3) -> #N/A | D33: =INDEX(Income_Limits_2026, MATCH($B$1, USDA_Counties, 0), 4) -> #N/A
A34: 2026 | B34: Market Rate | C34: 1000000 | D34: 1000000

Sheet USDA Income Limits
B2: Effective Dates | F2: 2021_4P_50 | G2: 2021_5P_50 | H2: 2021_4P_80 | I2: 2021_5P_80 | J2: 2022_4P_50 | K2: 2022_5P_50 | L2: 2022_4P_80 | M2: 2022_5P_80 | N2: 2023_4P_50 | O2: 2023_5P_50 | P2: 2023_4P_80 | Q2: 2023_5P_80 | R2: 2024_4P_50 | S2: 2024_5P_50 | T2: 2024_4P_80 | U2: 2024_5P_80 | V2: 2025_4P_50 | W2: 2025_5P_50 | X2: 2025_4P_80 | Y2: 2025_5P_80 | Z2: 2026_4P_50 | AA2: 2026_5P_50 | AB2: 2026_4P_80 | AC2: 2026_5P_80
B3: 2021 | C3: 44197 | E3: Maricopa Co, Arizona | F3: 39500 | G3: 52150 | H3: 63200 | I3: 83400 | J3: 44150 | K3: 58300 | L3: 70650 | M3: 93250 | N3: 46750 | O3: 61750 | P3: 74800 | Q3: 98750 | R3: 51400 | S3: 67850 | T3: 82250 | U3: 108600 | V3: 56100 | W3: 74100 | X3: 89750 | Y3: 118500 | Z3: 56200 | AA3: 74200 | AB3: 89900 | AC3: 118700
B4: 2022 | C4: 44774 | E4: Pima Co, Arizona | F4: 34300 | G4: 45300 | H4: 54900 | I4: 72450 | J4: 38350 | K4: 50650 | L4: 61350 | M4: 81000 | N4: 40600 | O4: 53600 | P4: 64950 | Q4: 85750 | R4: 44650 | S4: 58950 | T4: 71400 | U4: 94250 | V4: 48050 | W4: 63450 | X4: 76900 | Y4: 101550 | Z4: 49900 | AA4: 65900 | AB4: 79850 | AC4: 105450
B5: 2023 | C5: 45159 | E5: Crawford Co, Arkansas | F5: 27150 | G5: 35850 | H5: 43450 | I5: 57350 | J5: 30350 | K5: 40100 | L5: 48550 | M5: 64100 | N5: 32100 | O5: 42400 | P5: 51350 | Q5: 67800 | R5: 33250 | S5: 43900 | T5: 53200 | U5: 70250 | V5: 36300 | W5: 47950 | X5: 58100 | Y5: 76700 | Z5: 38400 | AA5: 50700 | AB5: 61450 | AC5: 81150
B6: 2024 | C6: 45536 | E6: Van Buren Co, Arkansas | F6: 27050 | G6: 35750 | H6: 43300 | I6: 57150 | J6: 30100 | K6: 39750 | L6: 48150 | M6: 63550 | N6: 31700 | O6: 41850 | P6: 50700 | Q6: 66900 | R6: 32600 | S6: 43050 | T6: 52150 | U6: 68850 | V6: 33550 | W6: 44300 | X6: 53700 | Y6: 70900 | Z6: 35550 | AA6: 46950 | AB6: 56900 | AC6: 75150
B7: 2025 | C7: 45901 | E7: Los Angeles Co, California | F7: 59100 | G7: 78050 | H7: 96000 | I7: 126700 | J7: 59550 | K7: 78650 | L7: 96000 | M7: 126700 | N7: 63050 | O7: 83250 | P7: 103600 | Q7: 136750 | R7: 69350 | S7: 91550 | T7: 113950 | U7: 150400 | V7: 75750 | W7: 100000 | X7: 122400 | Y7: 161600 | Z7: 83300 | AA7: 110000 | AB7: 134600 | AC7: 177700
B8: 2026 | C8: 46296 | E8: Adams Co, Colorado | F8: 52400 | G8: 69200 | H8: 79900 | I8: 105450 | J8: 58600 | K8: 77400 | L8: 90000 | M8: 118800 | N8: 62050 | O8: 81950 | P8: 96200 | Q8: 127000 | R8: 65200 | S8: 86100 | T8: 102650 | U8: 135500 | V8: 70050 | W8: 92500 | X8: 104200 | Y8: 137550 | Z8: 72000 | AA8: 95050 | AB8: 106800 | AC8: 141000
E9: Alamosa Co, Colorado | F9: 36750 | G9: 48550 | H9: 58800 | I9: 77600 | J9: 41100 | K9: 54300 | L9: 65750 | M9: 86800 | N9: 43500 | O9: 57450 | P9: 69600 | Q9: 91850 | R9: 47100 | S9: 62200 | T9: 75350 | U9: 99500 | V9: 51000 | W9: 67350 | X9: 81600 | Y9: 107750 | Z9: 51000 | AA9: 67350 | AB9: 81600 | AC9: 107750
E10: Arapahoe Co, Colorado | F10: 52400 | G10: 69200 | H10: 79900 | I10: 105450 | J10: 58600 | K10: 77400 | L10: 90000 | M10: 118800 | N10: 62050 | O10: 81950 | P10: 96200 | Q10: 127000 | R10: 65200 | S10: 86100 | T10: 102650 | U10: 135500 | V10: 70050 | W10: 92500 | X10: 104200 | Y10: 137550 | Z10: 72000 | AA10: 95050 | AB10: 106800 | AC10: 141000
E11: Archuleta Co, Colorado | F11: 36750 | G11: 48550 | H11: 58800 | I11: 77600 | J11: 41100 | K11: 54300 | L11: 65750 | M11: 86800 | N11: 43500 | O11: 57450 | P11: 69600 | Q11: 91850 | R11: 47100 | S11: 62200 | T11: 75350 | U11: 99500 | V11: 51000 | W11: 67350 | X11: 81600 | Y11: 107750 | Z11: 51000 | AA11: 67350 | AB11: 81600 | AC11: 107750
E12: Baca Co, Colorado | F12: 36750 | G12: 48550 | H12: 58800 | I12: 77600 | J12: 41100 | K12: 54300 | L12: 65750 | M12: 86800 | N12: 43500 | O12: 57450 | P12: 69600 | Q12: 91850 | R12: 47100 | S12: 62200 | T12: 75350 | U12: 99500 | V12: 51000 | W12: 67350 | X12: 81600 | Y12: 107750 | Z12: 51000 | AA12: 67350 | AB12: 81600 | AC12: 107750
E13: Bent Co, Colorado | F13: 36750 | G13: 48550 | H13: 58800 | I13: 77600 | J13: 41100 | K13: 54300 | L13: 65750 | M13: 86800 | N13: 43500 | O13: 57450 | P13: 69600 | Q13: 91850 | R13: 47100 | S13: 62200 | T13: 75350 | U13: 99500 | V13: 51000 | W13: 67350 | X13: 81600 | Y13: 107750 | Z13: 51000 | AA13: 67350 | AB13: 81600 | AC13: 107750
E14: Boulder Co, Colorado | F14: 58450 | G14: 77200 | H14: 80400 | I14: 106150 | J14: 62700 | K14: 82800 | L14: 90000 | M14: 118800 | N14: 66400 | O14: 87650 | P14: 96200 | Q14: 127000 | R14: 73000 | S14: 96400 | T14: 103350 | U14: 136450 | V14: 75300 | W14: 99400 | X14: 104200 | Y14: 137550 | Z14: 75300 | AA14: 99400 | AB14: 106800 | AC14: 141000
E15: Broomfield Co, Colorado | F15: 52400 | G15: 69200 | H15: 79900 | I15: 105450 | J15: 58600 | K15: 77400 | L15: 90000 | M15: 118800 | N15: 62050 | O15: 81950 | P15: 96200 | Q15: 127000 | R15: 65200 | S15: 86100 | T15: 102650 | U15: 135500 | V15: 70050 | W15: 92500 | X15: 104200 | Y15: 137550 | Z15: 72000 | AA15: 95050 | AB15: 106800 | AC15: 141000
E16: Chaffee Co, Colorado | F16: 36750 | G16: 48550 | H16: 58800 | I16: 77600 | J16: 41100 | K16: 54300 | L16: 65750 | M16: 86800 | N16: 43500 | O16: 57450 | P16: 69600 | Q16: 91850 | R16: 47100 | S16: 62200 | T16: 75350 | U16: 99500 | V16: 51400 | W16: 67850 | X16: 82250 | Y16: 108600 | Z16: 55550 | AA16: 73350 | AB16: 88900 | AC16: 117350
E17: Cheyenne Co, Colorado | F17: 38200 | G17: 50450 | H17: 61100 | I17: 80650 | J17: 42700 | K17: 56400 | L17: 68300 | M17: 90150 | N17: 45200 | O17: 59700 | P17: 72300 | Q17: 95450 | R17: 47100 | S17: 62200 | T17: 75350 | U17: 99500 | V17: 51000 | W17: 67350 | X17: 81600 | Y17: 107750 | Z17: 51000 | AA17: 67350 | AB17: 81600 | AC17: 107750
E18: Clear Creek Co, Colorado | F18: 52400 | G18: 69200 | H18: 79900 | I18: 105450 | J18: 58600 | K18: 77400 | L18: 90000 | M18: 118800 | N18: 62050 | O18: 81950 | P18: 96200 | Q18: 127000 | R18: 65200 | S18: 86100 | T18: 102650 | U18: 135500 | V18: 70050 | W18: 92500 | X18: 104200 | Y18: 137550 | Z18: 72000 | AA18: 95050 | AB18: 106800 | AC18: 141000
E19: Conejos Co, Colorado | F19: 36750 | G19: 48550 | H19: 58800 | I19: 77600 | J19: 41100 | K19: 54300 | L19: 65750 | M19: 86800 | N19: 43500 | O19: 57450 | P19: 69600 | Q19: 91850 | R19: 47100 | S19: 62200 | T19: 75350 | U19: 99500 | V19: 51000 | W19: 67350 | X19: 81600 | Y19: 107750 | Z19: 51000 | AA19: 67350 | AB19: 81600 | AC19: 107750
E20: Costilla Co, Colorado | F20: 36750 | G20: 48550 | H20: 58800 | I20: 77600 | J20: 41100 | K20: 54300 | L20: 65750 | M20: 86800 | N20: 43500 | O20: 57450 | P20: 69600 | Q20: 91850 | R20: 47100 | S20: 62200 | T20: 75350 | U20: 99500 | V20: 51000 | W20: 67350 | X20: 81600 | Y20: 107750 | Z20: 51000 | AA20: 67350 | AB20: 81600 | AC20: 107750
... E365: Dallas Co, Texas | F365: 44500 | G365: 58750 | H365: 71200 | I365: 94000 | J365: 48700 | K365: 64300 | L365: 77900 | M365: 102850 | N365: 51550 | O365: 68050 | P365: 82500 | Q365: 108900 | R365: 55150 | S365: 72800 | T365: 88250 | U365: 116500 | V365: 58650 | W365: 77450 | X365: 93850 | Y365: 123900 | Z365: 60550 | AA365: 79950 | AB365: 96900 | AC365: 127950
E366: Other County/State

Sheet Revisions
A1: Date | B1: Tab | C1: Update | D1: Explanation
A2: 2016 | B2: Rental Project Report | C2: Removed Text Box that appeared upon opening | D2: The text box held instructions that confused users of the workbook.
B3: Rental Project Report | C3: Updated Instruction box in A1 to change as the user completes the information. | D3: Users have had difficulty using the worksheet in the past. The update will walk to users through step by step.
B4: Rental Project Report | C4: Conditional Formatting to Highlight the cell that corresponds to the instruction tab. | D4: Helps make the worksheet more user friendly and easier to understand.
B5: Rental Project Report | C5: Inserted rows at the bottom of each tab and entered the signature rows that were previously footers. Removed footers. | D5: The users commonly did not enter information in the footer area because you could not see it until it was printed. Many users were unaware it was there.
B6: Rental Project Report | C6: Instructions box was updated to instruct users to fill out signature line and indicate scanned signatures are acceptable. | D6: It was common for users to forget to fill this information in.
B7: Income Limits | C7: Added 2016 Income Limits to Column AC | D7: Income Limits became available 3/28/2016. RPR Published 3/29/2016
B8: Rental Project Report | C8: Updated name ranges, and formulas to incorporate 2016 income limits. | D8: Income Limits became available 3/28/2016. RPR Published 3/29/2016
B9: Rental Project Report | C9: Updated the formula for the number of units at 50% to count units at exactly 50% AMI | D9: The previous formula didn't count units at exactly 50% AMI
A10: 2017 | B10: Rental Project Report | C10: Made the colors lighter so it is easier to read. | D10: Audit suggestion.
B11: Rental Project Report | C11: Removed information from signature line. | D11: The information was not used.
B12: Income Limits | C12: Added 2017 Income Limits to Column AD | D12: Income Limits became available 4/14/2017. RPR Revised 4/18/2017
A13: 2018 | B13: Tenant Income Worksheet | C13: Changed the tab name from Rental Project Report | D13: Updated to match AHP Online
B14: Tenant Income Worksheet | C14: Changed all references from RPR to TIW (including comments) | D14: Updated to match AHP Online
B15: Tenant Income Worksheet | C15: Removed signature lines | D15: TIW will be uploaded to AHP Online so signatures are not necessary.
B16: Tenant Income Worksheet | C16: Data Validation in the total rent column and tenant portion of rent column was updated to warn if the tenant portion of rent exceeds the total monthly rent. | D16: Previously, the data validation would not allow this, but now it only warns and asks for an explanation. Past projects have experienced issues because rent subsidies can result in the tenant portion exceeding total monthly rent.
B17: Tenant Income Worksheet | C17: Inserted Explanation boxes at the bottom | D17: Added a box for any explanations necessary.
B18: Income Limits | C18: Added 2018 Income Limits to Column AE | D18: Income Limits became available 4/1/2018.
B19: Tenant Income Worksheet | C19: Updated formula in S4 | D19: Incorporate new income limits and county
B20: Name Manager | C20: Updated "County" and "Year" | D20: Incorporate new income limits and county
A21: 2019 | B21: Income Limits | C21: Added 2019 Income Limits to Column AF | D21: Income Limits became available 4/24/2019.
B22: Tenant Income Worksheet | C22: Updated formula in S4 | D22: Incorporate new income limits and county
B23: Name Manager | C23: Updated "County" and "Year" | D23: Incorporate new income limits and county
B24: Income Limits | C24: Added Boyd County, KY | D24: 2018 project was awarded as an alternate from Boyd Co, KY
A25: 2020 | B25: Income Limits | C25: Added 2020 Income Limits to Column AG | D25: Income Limits became available 4/7/2020.
B26: Tenant Income Worksheet | C26: Updated formula in S4 | D26: Incorporate new income limits
B27: Name Manager | C27: Updated "Year" in Name Manager | D27: Incorporate new income limits
B28: Tenant Income Worksheet | C28: Updated Formula in cell Q14 | D28: Address finding from RiskSpan report
B29: Rental Project Worksheet | C29: Deleted data validation message in cell H6 | D29: Address finding from RiskSpan report
A30: 44263 | B30: Rental Project Worksheet | C30: Text in A12 was updated to remove reference to HUD. | D30: Transitioned to USDA limits
B31: Tenant Income Worksheet | C31: Updated formula in S4 | D31: Incorporate new income limits
B32: USDA Income Limits | C32: Tab was created to hold the 50% and 80% USDA AMI limits for both a 1-4 and a 5-8 person household size for each county. | D32: A new calculation method was determined necessary to correctly calculate USDA AMI.
B33: Rental Project Worksheet | C33: The formulas in the Household Size AMI Limit table were updated to follow the new method for calculating USDA limits using both the 50% and 80% AMI limit in years 2021 and after. | D33: A new calculation method was determined necessary to correctly calculate USDA AMI.
B34: Tenant Income Worksheet | C34: Cell D9 was updated to tell the member to contact HCD if "Other" is selected for the County name. | D34: Due to the change in calculation method, HCD determined it necessary to have the project contact HCD if their project is in one of the counties not currently specified so it can be added to the workbook.
B35: County USDA Limits | C35: Tab was created to pull the applicable county income information from the USDA Income Limits tab and then calculate the 30, 60, and 70% AMI limits. | D35: A new calculation method was determined necessary to correctly calculate USDA AMI.
B36: Tenant Income Worksheet | C36: Column L was added which is hidden and calculates the HUD AMI% and displays the AMI Category for rows with cert dates 2020 and prior. | D36: A new calculation method was determined necessary to correctly calculate USDA AMI.
B37: Tenant Income Worksheet | C37: The "%AMI at Move In" column was updated to display the applicable income category instead of the AMI percentage. For years 2021 and after, this column refers to the County USDA Limits worksheet and determines the income category that the household's total income fits into. For HUD Limits, column L calculates the HUD AMI% and displays the corresponding income category. | D37: A new calculation method was determined necessary to correctly calculate USDA AMI.
B38: Tenant Income Worksheet | C38: Column K was hidden since the HUD 100% limit is not used for all calculations. | D38: A new calculation method was determined necessary to correctly calculate USDA AMI.
B39: Tenant Income Worksheet | C39: Cell V4 with the 50% HUD limit for the corresponding county was deleted since the number is not applicable to all AMI calculations. | D39: A new calculation method was determined necessary to correctly calculate USDA AMI.
B40: Revisions | C40: Updated layout and deleted Test Column. Renamed tab. | D40: Updated layout to be consistent with other forms.
A41: 44291 | B41: Income Limits | C41: Added Dubuque Co, Iowa and income limits for 2018-2021 | D41: Adding a county for a rental project.
B42: USDA Income LImits | C42: Added Dubuque Co, Iowa and income limits | D42: Adding a county for a rental project.
A43: 44351 | B43: Tenant Income Worksheet | C43: The "%AMI at Move In" column was updated for units 46-90 to the correct conditional formatting based on the colors shown in the Targeting box. | D43: Updated formatting to match the rest of the TIW.
B44: Tenant Income Worksheet | C44: The formulas in the "Actual Max Rent for BR & AMI" column of the AHP Affordability box were updated since they were not functioning properly. The formula was updated to search for AMI category names instead of numeric AMI values in the TIW table. | D44: Updated formula to properly calculate the desired value.
B45: Tenant Income Worksheet | C45: The formulas in cell S22 was updated since it was not counting units designated as "Market Rate". | D45: Updated formula to properly calculate the desired value.
B46: USDA Income Limits | C46: 2021 Income limits were added | D46: Income Limits were released.
A47: 01/27/2022 | B47: Rental Project Worksheet | C47: Updated the formula in cell J3 to account for 2022 effective dates. | D47: Tab needed updated so the 2021 income limits could continue to be used until the next income update in Summer 2022.
B48: USDA Income Limits | C48: Added the effective dates column to allow for the addition of future years' income limits. | D48: Column needed added so the 2021 income limits could continue to be used until the next income update in Summer 2022, and additional years' income limits can be added in the future.
B49: Tenant Income Worksheet | C49: Updated the year in column G to reflect the effective date year instead of the year in the Income Cert Date. | D49: Formula needed updated so the 2021 income limits could continue to be used until the next income update in Summer 2022, and additional years' income limits can be added in the future.
B50: Tenant Income Worksheet | C50: Updated the formatting in K3:L5 to remove it from the merged cells. | D50: Improves functionality of entering data into M3:M5.
A51: 44764 | B51: USDA Income Limits | C51: Added effective date of 6/8/2022 and the 2022 income limits, Updated Name Manager to add 2022 limits. | D51: Annual Update of the income limits.
B52: County USDA Limits | C52: Tab was updated for 2022. The applicable county income information is pulled from the USDA Income Limits tab and then calculate the 30, 60, and 70% AMI limits. | D52: Annual Update of the income limits.
A53: 7/26/2022 | B53: USDA Income Limits | C53: Changed 2022 Effective Date to 8/1/22 | D53: Changing to 8/1/22 to match the effective date for OO projects and to ensure consistency between calculations in this version and the previous versions.
A54: 45342 | B54: USDA Income Limits | C54: Added effective date of 8/21/2023 and the 2023 income limits, Updated Name Manager to add 2023 limits. | D54: Annual Update of the income limits.
B55: County USDA Limits | C55: Tab was updated for 2023. The applicable county income information is pulled from the USDA Income Limits tab and then calculate the 30, 60, and 70% AMI limits. | D55: Annual Update of the income limits.
A56: 45513 | B56: USDA Income Limits | C56: Added effective date of 9/1/2024 and the 2024 income limits, Updated Name Manager to add 2024 limits. | D56: Annual Update of the income limits.
B57: County USDA Limits | C57: Tab was updated for 2024. The applicable county income information is pulled from the USDA Income Limits tab and then calculate the 30, 60, and 70% AMI limits. | D57: Annual Update of the income limits.
B58: Tenant Income Worksheet | C58: Updated Revision Date | D58: Updated Revision Date to reflect updates made.
A59: 45807 | B59: Start Here | C59: New Tab | D59: This tab was added so projects can provide basic information about the project. The workbook will then indicate if they need to fill out the TIW or RPW tab.
B60: Tenant Income Worksheet | C60: Deleted entry information at the top of the tab (Project Name, Project Number, Member Bank, County, As Of Date). Instruction box was updated accordingly. | D60: Necessary entry information was transferred to the Start Here tab (Project Name, As Of Date, County, Targeting). Targeting is automatically populated from the Start Here tab. This data must be populated before the TIW or RPW sheet will become available to complete.
B61: Tenant Income Worksheet | C61: The 30% AMI category was added to the main list of Targeting categories. All targeting category labels were updated. Manager Units were combined with Above 80% and relabeled Market Rate. 61-70% AMI was combined with 71-80% AMI to match AHP Online/Agreements. | D61: Labels were updated to match the format in AHP Online and the AHP Agreement. The 30% category is now required for some projects based on the ELI scoring commitment, so it has been added to Targeting.
B62: Tenant Income Worksheet | C62: The 30% category was added to the AHP Affordability table. | D62: The 30% category is now required for some projects based on the ELI scoring commitment, so it has been added to Affordability standards.
B63: Tenant Income Worksheet | C63: Market Rate and Vacant units have select columns grayed out in the table. | D63: Income certification information in unnecessary for Market Rate and Vacant units.
B64: Tenant Income Worksheet | C64: The requirement for recertification to be within 3 years was removed. Data validation regarding this was removed. | D64: Recertification can occur at any time.
B65: Tenant Income Worksheet | C65: The "Total Rent/Year if Fully Occupied" was added to the upper right calculations. | D65: The spreadsheet calculates the average affordable rent/year and assumes the average rate for vacant units. The Market Rate rent is then added to this. This number will be used in the pro forma. Formulas for the affordable and market rate rents are hidden above the total.
B66: Rental Project Worksheet | C66: New Tab. Transferred from the 2025 Rental FW. | D66: The RPW was removed from the 2025 Rental FW and was added here.
B67: Rental Project Worksheet | C67: All targeting category labels were updated. Manager Units were combined with Above 80% and relabeled Market Rate. 61-70% AMI was combined with 71-80% AMI to match AHP Online/Agreements. | D67: Labels were updated to match the format in AHP Online and the AHP Agreement.
B68: Rental Project Worksheet | C68: The Proposed Assisted Share of Rent was updated to Proposed Total Rent. Formulas at the bottom for Total Rent were updated to reflect this change. | D68: Updated to match format in TIW for consistency.
B69: County USDA Limits | C69: All targeting category labels were updated. Manager Units were combined with Above 80% and relabeled Market Rate. 61-70% AMI was combined with 71-80% AMI to match AHP Online/Agreements. | D69: Labels were updated to match the format in AHP Online and the AHP Agreement.
A70: 46044 | B70: Start Here | C70: Edited Revision Date and renamed references to the Tenant Income Worksheet tab to "Rent Roll Worksheet" to correpsond to the renaming of the tab. | D70: Renamed tab.
B71: Rent Roll Worksheet | C71: Renamed tab. | D71: Renamed to ensure the acronyms used for this tab are not the same as the acronym for the workbook as a whole (TIW).
A72: 46205 | B72: USDA Income Limits | C72: Added effective date of 9/1/2025 and the 2025 income limits, Updated Name Manager to add 2025 limits. | D72: Annual Update of the income limits.
B73: County USDA Limits | C73: Tab was updated for 2025. The applicable county income information is pulled from the USDA Income Limits tab and then calculate the 30, 60, and 70% AMI limits. | D73: Annual Update of the income limits.
B74: Start Here | C74: Updated Revision Date | D74: Updated Revision Date to reflect updates made.
B75: Rent Roll Worksheet | C75: Updated formula in cell T6 to point to the "% AMI at Move In" column instead of the "Type of Unit" column to determine if a unit is market rate. | D75: Some Market Rate units are labeled only in the "% AMI at Move In" column. Updating the formula ensures these units are included in the Market Rate calculation.
B76: Rental Project Worksheet | C76: Updated Maximum AHP Rent formulas in column E to round up to the nearest cent. | D76: Updated to ensure visible max rent standards do not have unseen extended decimal places.
A77: 46246 | B77: USDA Income Limits | C77: Added effective date of 10/1/2026 and the 2026 income limits, Updated Name Manager to add 2026 limits. | D77: Annual Update of the income limits.
B78: County USDA Limits | C78: Tab was updated for 2026. The applicable county income information is pulled from the USDA Income Limits tab and then calculate the 30, 60, and 70% AMI limits. | D78: Annual Update of the income limits.
B79: Start Here | C79: Updated Revision Date | D79: Updated Revision Date to reflect updates made.
